Workbook

Sheet Plan de Acción 2022
G1: SEGUIMIENTO AL PLAN DE ACCIÓN ANUAL - VIGENCIA 2022 | BL1: Código: | BM1: E-01-F-010
BL2: Versión: | BM2: 1
A3: ALINEACIÓN PLAN ESTRATÉGICO INSTITUCIONAL | E3: No. ÍTEM | F3: ACTIVIDAD | G3: PRODUCTO / ENTREGABLE | H3: PROGRAMACIÓN | T3: META ANUAL | U3: RESPONSABLE | V3: ÁREA(S) RESPONSABLE (S) | W3: FINANCIACIÓN (Funcionamiento y/o Proyecto de Inversión) | X3: AVANCE | AJ3: AVANCE ANUAL | AK3: % DE AVANCE | AL3: M1 | AM3: EJECUCIÓN | AN3: M2 | AO3: EJECUCIÓN | AP3: M3 | AQ3: EJECUCIÓN | AR3: M4 | AS3: EJECUCIÓN | AT3: M5 | AU3: EJECUCIÓN | AV3: M6 | AW3: EJECUCIÓN | AX3: M7 | AY3: EJECUCIÓN | AZ3: M8 | BA3: EJECUCIÓN | BB3: M9 | BC3: EJECUCIÓN | BD3: M10 | BE3: EJECUCIÓN | BF3: M11 | BG3: EJECUCIÓN | BH3: M12 | BI3: EJECUCIÓN | BK3: Revisión OAP | BL3: Página: | BM3: ver Pie de Página
A4: EJE HABILITADOR | B4: OBJETIVO ESTRATÉGICO | C4: INICIATIVA | D4: INDICADOR Y META ASOCIADO AL PEI | H4: M1 | I4: M2 | J4: M3 | K4: M4 | L4: M5 | M4: M6 | N4: M7 | O4: M8 | P4: M9 | Q4: M10 | R4: M11 | S4: M12 | X4: M1 | Y4: M2 | Z4: M3 | AA4: M4 | AB4: M5 | AC4: M6 | AD4: M7 | AE4: M8 | AF4: M9 | AG4: M10 | AH4: M11 | AI4: M12 | AL4: M1 | AM4: Descripción | AN4: M2 | AO4: Descripción | AP4: M3 | AQ4: Descripción | AR4: M4 | AS4: Descripción | AT4: M5 | AU4: Descripción | AV4: M6 | AW4: Descripción | AX4: M7 | AY4: Descripción | AZ4: M8 | BA4: Descripción | BB4: M9 | BC4: Descripción | BD4: M10 | BE4: Descripción | BF4: M11 | BG4: Descripción | BH4: M12 | BI4: Descripción
A5: A. Metrología, bien público para la competitividad | B5: A.1 Ampliar y consolidar a nivel nacional e internacional las capacidades metrológicas del INM y de los Institutos Designados (ID), para garantizar la comparabilidad de las mediciones realizadas en Colombia | C5: A.1.1 Lograr el posicionamiento en los grupos técnicos de trabajo a nivel internacional | D5: A. 1.1-1 Participación como laboratorio piloto en comparaciones claves o suplementarias organizadas por el Sistema Interamericano de Metrología (SIM) | E5: 1 | F5: Participar en comparaciones claves o suplementarias en metrología Física | G5: Circular T Soporte avance o protocolo de comparación o Inscripción comparación KCBD o Draft comparación o publicación final | I5: 1 | J5: 1 | K5: 1 | L5: 1 | M5: 1 | N5: 2 | O5: 3 | P5: 1 | Q5: 1 | R5: 3 | S5: 0 | T5: =SUM(H5:S5) -> 15 | U5: subdirector de metrologia fisica | V5: Subdirección de Metrología Física | W5: Funcionamiento | X5: =AL5 -> 0 | Y5: =AN5 -> 1 | Z5: =AP5 -> 1 | AA5: =AR5 -> 1 | AB5: =AT5 -> 1 | AC5: =AV5 -> 1 | AD5: =AX5 -> 2 | AE5: =AZ5 -> 2 | AF5: =BB5 -> 2 | AG5: =BD5 -> 1 | AH5: =BF5 -> 3 | AI5: =BH5 -> 1 | AJ5: =SUM(X5:AI5) -> 16 | AK5: =AJ5/T5 -> 1.0666667 | AN5: 1 | AO5: Se generó la "Circular T 409 expedida el 10 de febrero de 2022 la cual contiene los datos de medición a enero de 2022. Esta Circular es soporte de la comparación internacional que se realiza frente a la escala de tiempo de cada país emitida por un NMI con CMC publicadas en el KCDB del BIPM. Estos resultados son reportados por los laboratorios (k) de cada NMI que aportan sus mediciones para el establecimiento del Tiempo Universal Coordinado - UTC, esto por medio de un promedio ponderado de todos los relojes atómicos. Los resultados de la comparación internacional se reportan mensualmente en la "Circular T". | AP5: 1 | AQ5: Se generó la "Circular T 410 expedida el 11 de marzo de 2022 la cual contiene los datos de medición a febrero de 2022. Esta Circular es soporte de la comparación internacional que se realiza frente a la escala de tiempo de cada país emitida por un NMI con CMC publicadas en el KCDB del BIPM. Estos resultados son reportados por los laboratorios (k) de cada NMI que aportan sus mediciones para el establecimiento del Tiempo Universal Coordinado - UTC, esto por medio de un promedio ponderado de todos los relojes atómicos. Los resultados de la comparación internacional se reportan mensualmente en la "Circular T". | AR5: 1 | AS5: Se generó la "Circular T 411 expedida el 11 de abril de 2022 la cual contiene los datos de medición a marzo de 2022. Esta Circular es soporte de la comparación internacional que se realiza frente a la escala de tiempo de cada país emitida por un NMI con CMC publicadas en el KCDB del BIPM. Estos resultados son reportados por los laboratorios (k) de cada NMI que aportan sus mediciones para el establecimiento del Tiempo Universal Coordinado - UTC, esto por medio de un promedio ponderado de todos los relojes atómicos. Los resultados de la comparación internacional se reportan mensualmente en la "Circular T". | AT5: 1 | AU5: Se generó la "Circular T 412 expedida el 12 de Mayo de 2022 la cual contiene los datos de medición a abril de 2022. Esta Circular es soporte de la comparación internacional que se realiza frente a la escala de tiempo de cada país emitida por un NMI con CMC publicadas en el KCDB del BIPM. Estos resultados son reportados por los laboratorios (k) de cada NMI que aportan sus mediciones para el establecimiento del Tiempo Universal Coordinado - UTC, esto por medio de un promedio ponderado de todos los relojes atómicos. Los resultados de la comparación internacional se reportan mensualmente en la "Circular T". | AV5: 1 | AW5: Se generó la "Circular T 413 expedida el 13 de Junio de 2022 la cual contiene los datos de medición a mayo de 2022. Esta Circular es soporte de la comparación internacional que se realiza frente a la escala de tiempo de cada país emitida por un NMI con CMC publicadas en el KCDB del BIPM. Estos resultados son reportados por los laboratorios (k) de cada NMI que aportan sus mediciones para el establecimiento del Tiempo Universal Coordinado - UTC, esto por medio de un promedio ponderado de todos los relojes atómicos. Los resultados de la comparación internacional se reportan mensualmente en la "Circular T". | AX5: 2 | AY5: Se generó 2 comparaciones en metrología Física: 1. la "Circular T 414 expedida el 11 de Julio de 2022 la cual contiene los datos de medición a junio de 2022. Esta Circular es soporte de la comparación internacional que se realiza frente a la escala de tiempo de cada país emitida por un NMI con CMC publicadas en el KCDB del BIPM. Estos resultados son reportados por los laboratorios (k) de cada NMI que aportan sus mediciones para el establecimiento del Tiempo Universal Coordinado - UTC, esto por medio de un promedio ponderado de todos los relojes atómicos. Los resultados de la comparación internacional se reportan mensualmente en la "Circular T". 2. El laboratorio de masa participó en comparación "SIM KEY COMPARISON ON 50 kg STAINLESS STEEL MASS STANDARD SIM.M.M-K6 piloted by CENAM - MEXICO" donde se participo con los institutos de metrología del SIM Como soporte: Se remite DRAFT A2 sobre el cual se hizo comentarios | AZ5: 2 | BA5: Se generó 2 comparaciones en metrología Física: 1. la "Circular T 415 expedida el 11 de agosto de 2022 la cual contiene los datos de medición a julio de 2022. Esta Circular es soporte de la comparación internacional que se realiza frente a la escala de tiempo de cada país emitida por un NMI con CMC publicadas en el KCDB del BIPM. Estos resultados son reportados por los laboratorios (k) de cada NMI que aportan sus mediciones para el establecimiento del Tiempo Universal Coordinado - UTC, esto por medio de un promedio ponderado de todos los relojes atómicos. Los resultados de la comparación internacional se reportan mensualmente en la "Circular T". 2. El laboratorio de Densidad participó en comparación "COMPARISON OF THE CALIBRATIONS OF HYDROMETERS FOR LIQUID DENSITY DETERMINATION AMONG SIM LABORATORIES SIM.M.D-S6 piloted by CENAM - MEXICO" donde se participo con los institutos de metrología del SIM Como soporte: Se remite DRAFT B de la comparaciòn | BB5: 2 | BC5: Se generó 2 comparaciones en metrología Física: 1. la "Circular T 416 expedida el 9 de septiembre de 2022 la cual contiene los datos de medición a agosto de 2022. Esta Circular es soporte de la comparación internacional que se realiza frente a la escala de tiempo de cada país emitida por un NMI con CMC publicadas en el KCDB del BIPM. Estos resultados son reportados por los laboratorios (k) de cada NMI que aportan sus mediciones para el establecimiento del Tiempo Universal Coordinado - UTC, esto por medio de un promedio ponderado de todos los relojes atómicos. Los resultados de la comparación internacional se reportan mensualmente en la "Circular T". 2. El laboratorio de Temperatura y Humedad participó en comparación "comparison of the realisations of the ITS-90 over the range 234.315 6 K to 933.473 K. Entre el CEM de España y el INM de Colombia. El mismo genero sus resultados en informe final y publicado en la revista IOP Cience Como soporte: Se remite informe final y print pantalla de la publicación | BD5: 1 | BE5: Se generó 1 comparación en metrología Física: 1. la "Circular T 417 expedida el 11 de octubre de 2022 la cual contiene los datos de medición a agosto de 2022. Esta Circular es soporte de la comparación internacional que se realiza frente a la escala de tiempo de cada país emitida por un NMI con CMC publicadas en el KCDB del BIPM. Estos resultados son reportados por los laboratorios (k) de cada NMI que aportan sus mediciones para el establecimiento del Tiempo Universal Coordinado - UTC, esto por medio de un promedio ponderado de todos los relojes atómicos. Los resultados de la comparación internacional se reportan mensualmente en la "Circular T". | BF5: 3 | BG5: Se generó 3 comparaciones en metrología Física: 1. Comparación internacional que se realiza frente a la escala de tiempo de cada país emitida por un NMI con CMC publicadas en el KCDB del BIPM. como soporte esta la "Circular T 418 expedida el 10 de noviembre de 2022 la cual contiene los datos de medición a septiembre de 2022. Estos resultados son reportados por los laboratorios (k) de cada NMI que aportan sus mediciones para el establecimiento del Tiempo Universal Coordinado - UTC, esto por medio de un promedio ponderado de todos los relojes atómicos. Los resultados de la comparación internacional se reportan mensualmente en la "Circular T". 2. Se realizo las mediciones para la Comparación SIM.L-S-7 la cual fue para calibración de bloques de 0 mm a 100 mm en la que esta participando el laboratorio de Longitud Como soporte: Ficha de medición y Resultado de mediciones realizado como soporte de avance 3. Se realizo las mediciones para la Comparación SIM.L-S-8 la cual fue para calibración de bloques largos mayores a 100 mm a 500 mm en la mm en la que esta participando el laboratorio de Longitud. Estos resultados fueron entregados en el mes de septiembre Como soporte: Ficha de medición y Resultado de mediciones realizado como soporte de avance | BH5: 1 | BI5: Se generó 1 comparación en metrología Física: 1. la "Circular T 419 expedida el 9 de diciembre de 2022 la cual contiene los datos de medición a noviembre de 2022. Esta Circular es soporte de la comparación internacional que se realiza frente a la escala de tiempo de cada país emitida por un NMI con CMC publicadas en el KCDB del BIPM. Estos resultados son reportados por los laboratorios (k) de cada NMI que aportan sus mediciones para el establecimiento del Tiempo Universal Coordinado - UTC, esto por medio de un promedio ponderado de todos los relojes atómicos. Los resultados de la comparación internacional se reportan mensualmente en la "Circular T". | BK5: O.K.
E6: 2 | F6: Participar en reunión de representantes de países miembros de BIPM | G6: Soporte de la reunión | R6: 1 | T6: =SUM(H6:S6) -> 1 | U6: Director | V6: Dirección General | W6: Funcionamiento | X6: =AL6 -> 0 | Y6: =AN6 -> 0 | Z6: =AP6 -> 0 | AA6: =AR6 -> 0 | AB6: =AT6 -> 0 | AC6: =AV6 -> 0 | AD6: =AX6 -> 0 | AE6: =AZ6 -> 0 | AF6: =BB6 -> 0 | AG6: =BD6 -> 0 | AH6: =BF6 -> 1 | AI6: =BH6 -> 0 | AJ6: =SUM(X6:AI6) -> 1 | AK6: =AJ6/T6 -> 1 | BF6: 1 | BG6: Se reporta Soporte de la reunión | BK6: O.K.
E7: 3 | F7: Participar en comparaciones claves, suplementarias o bilaterales | G7: Informe de resultados | M7: 2 | N7: 2 | Q7: 1 | T7: =SUM(H7:S7) -> 5 | U7: Subdirector SMQB | V7: Subdirección de Metrología Química y Biología | W7: Metrology for safe food and feed mycotoxins Plan de trabajo Mesas MINCIT cafeteros - plaguicidas Proyecto PTB-Hg Plan de fortalecimiento Proyecto de inversión SMQB | X7: =AL7 -> 0 | Y7: =AN7 -> 0 | Z7: =AP7 -> 0 | AA7: =AR7 -> 0 | AB7: =AT7 -> 0 | AC7: =AV7 -> 2 | AD7: =AX7 -> 2 | AE7: =AZ7 -> 0 | AF7: =BB7 -> 0 | AG7: =BD7 -> 1 | AH7: =BF7 -> 0 | AI7: =BH7 -> 0 | AJ7: =SUM(X7:AI7) -> 5 | AK7: =AJ7/T7 -> 1 | AV7: 2 | AW7: Se entregaron 2 informes de resultados, uno para la comparación CCQM_K19 y otra de la comparación suplementaria de trasnmitancia regular | AX7: 2 | AY7: Se entregaron 2 informes de resultados, uno para la comparación SIM.QM-S11&P25 Hierba Mate y otra de la comparación APMP.QM-S19 toxic elements in seafood | BD7: 1 | BE7: Se elaboró 3.5 Informe de resultados de comparación CCQM-K154d | BK7: O.K.
E8: 4 | F8: Fortalecer las herramientas estadísticas que utilizan los laboratorios del INM que participen en comparaciones claves o suplementarias organizadas por el SIM o que busquen fortalecer sus actividades de aseguramiento de la validez de los resultados. | G8: * Matriz Excel con el reporte de las horas prestadas (M4, M8, M12) | K8: 1 | O8: 1 | S8: 1 | T8: =SUM(H8:S8) -> 3 | U8: Katherin Holguin Agudelo | V8: Subdirección de Servicios Metrológicos y Relación con el Ciudadano | W8: Funcionamiento | X8: =AL8 -> 0 | Y8: =AN8 -> 0 | Z8: =AP8 -> 0 | AA8: =AR8 -> 1 | AB8: =AT8 -> 0 | AC8: =AV8 -> 0 | AD8: =AX8 -> 0 | AE8: =AZ8 -> 1 | AF8: =BB8 -> 0 | AG8: =BD8 -> 0 | AH8: =BF8 -> 0 | AI8: =BH8 -> 1 | AJ8: =SUM(X8:AI8) -> 3 | AK8: =AJ8/T8 -> 1 | AR8: 1 | AS8: Se realiza entrega de la matriz de excel con el reporte de las horas prestadas | AZ8: 1 | BA8: Se adjunta matriz Excel con el reporte de las horas prestadas | BH8: 1 | BI8: Se entrega la Matriz Excel con el reporte de las horas prestadas a cierre de la vigencia. | BK8: O.K.
E9: 5 | F9: Presentar una propuesta para mejorar la gestión estadística en el INM, con estándares de calidad | G9: Instructivo para la generacion de un diccionario de datos de las bases de datos. | S9: 1 | T9: =SUM(H9:S9) -> 1 | U9: Katherin Holguin Agudelo | V9: Subdirección de Servicios Metrológicos y Relación con el Ciudadano | W9: Funcionamiento | X9: =AL9 -> 0 | Y9: =AN9 -> 0 | Z9: =AP9 -> 0 | AA9: =AR9 -> 0 | AB9: =AT9 -> 0 | AC9: =AV9 -> 0 | AD9: =AX9 -> 0 | AE9: =AZ9 -> 0 | AF9: =BB9 -> 0 | AG9: =BD9 -> 0 | AH9: =BF9 -> 0 | AI9: =BH9 -> 1 | AJ9: =SUM(X9:AI9) -> 1 | AK9: =AJ9/T9 -> 1 | BH9: 1 | BI9: Se realiza entrega del Instructivo para la generación de un diccionario de datos de las bases de datos. | BK9: O.K.
D10: A 1.1-2 Participaciones en Comités Consultivos, Subcomités, Grupos de Trabajo y en la Asamblea General de la Oficina Internacional de Pesas y Medidas (BIPM, por sus siglas en francés) | E10: 6 | F10: Participar en reuniones comités consultivos, subcomités, grupos de trabajo y/o en la conferencia general del BIPM | G10: Reporte de asistencia | M10: 7 | N10: 1 | T10: =SUM(H10:S10) -> 8 | U10: Subdirector SMQB | V10: Subdirección de Metrología Química y Biología | W10: Proyecto de inversión SMQB | X10: =AL10 -> 0 | Y10: =AN10 -> 0 | Z10: =AP10 -> 0 | AA10: =AR10 -> 0 | AB10: =AT10 -> 0 | AC10: =AV10 -> 3 | AD10: =AX10 -> 5 | AE10: =AZ10 -> 0 | AF10: =BB10 -> 0 | AG10: =BD10 -> 0 | AH10: =BF10 -> 0 | AI10: =BH10 -> 0 | AJ10: =SUM(X10:AI10) -> 8 | AK10: =AJ10/T10 -> 1 | AV10: 3 | AW10: Se reportó la participación a 3 reuniones, una al IAWG, la segunda al IRWG y la ultima al EAWG | AX10: 5 | AY10: Se reportó la participación a 5 reuniones, una al OAWG, una CAWG, una al PAWG, una al NAWG y la ultima al SAWG | BK10: En M7 no se evidencian los soportes para PAWG, NAWG y CAWG
E11: 7 | F11: Realizar seguimiento del estado de la publicación de CMC | G11: Acta de Revisión por la Dirección | S11: 1 | T11: =SUM(H11:S11) -> 1 | U11: Milena Rodríguez | V11: Oficina Asesora de Planeación | W11: Funcionamiento | X11: =AL11 -> 1 | Y11: =AN11 -> 0 | Z11: =AP11 -> 0 | AA11: =AR11 -> 0 | AB11: =AT11 -> 0 | AC11: =AV11 -> 0 | AD11: =AX11 -> 0 | AE11: =AZ11 -> 0 | AF11: =BB11 -> 0 | AG11: =BD11 -> 0 | AH11: =BF11 -> 0 | AI11: =BH11 -> 1 | AJ11: =SUM(X11:AI11) -> 2 | AK11: =AJ11/T11 -> 2 | AL11: 1 | AM11: Realizacion del Acta de Revision por la Dirección de la vigencia 2021 | BH11: 1 | BI11: Acta de Revisión por la Dirección (borrador) | BK11: En M1 no se evidencia el soporte
E12: 8 | F12: Representar al INM ante el QSTF del Sistema Interamericano de Metrología | G12: Acta de reunión o informe de comisión | N12: 2 | T12: =SUM(H12:S12) -> 2 | U12: Carlos Andrés Quevedo. | V12: Dirección General | W12: Funcionamiento | X12: =AL12 -> 3 | Y12: =AN12 -> 0 | Z12: =AP12 -> 0 | AA12: =AR12 -> 0 | AB12: =AT12 -> 0 | AC12: =AV12 -> 0 | AD12: =AX12 -> 1 | AE12: =AZ12 -> 0 | AF12: =BB12 -> 0 | AG12: =BD12 -> 0 | AH12: =BF12 -> 0 | AI12: =BH12 -> 0 | AJ12: =SUM(X12:AI12) -> 4 | AK12: =AJ12/T12 -> 2 | AL12: 3 | AM12: Para este mes se están preparando los cronogramas de presentación en la modalidad presencial para el Grupo de Trabajo QSTF del Sistema Interamericano de Metrología- SIM Avance en gestión: En sesiones de trabajo del mes de enero se terminaron de presentar Sistemas de Gestión que venían atrasados de la vigencia 2021 como lo son: • 2022-01-13 QSTF - CENAM QS Review (Electrical Power and Energy) • 2022-01-19 QSTF - CENAMEP AIP QS Review (Temperature/Humidity, Force, and Large Scales) • 2022-01-20 QSTF - INACAL QS Review (Electrochemistry and Gas Flow) Observaciones: Se asiste como miembro pleno del QTF en los temas de evaluación y votación acerca de los Sistemas de Gestión de los INM /ID que están en sometimiento a declaración de CMC Soportes: Actas de las reuniones del mes de enero 1)Minutes_CENAM-ElectricalPowerandEnergy_13Jan2022V3 2) Minutes_CENAMEPAIP_19Jan2022 3) Minutes_INACAL_20Jan2022 | AO12: Para la presentación del QSTF el Secretario del Grupo de Calidad del QSTF, nos informa que este se ha pospuesto para la primera semana del mes de mayo, mediante correo electrónico del 2020-02-24. En este momento el Grupo de EA, se encuentra realizando el seguimiento a las acciones y la elaboración de los documentos. | AX12: 1 | AY12: esta actividad se completó en enero de 2022. Se presentará nuevos avances en M10 | BK12: O.K
D13: A 1.1-3 Participaciones en Grupos de Trabajo Técnico Regional, Grupo de Trabajo de los Sistemas de Calidad (QSTF por sus siglas en ingles) y Asamblea del Sistema Interamericano de Metrología (SIM) | E13: 9 | F13: Participar en Grupos de Trabajo Técnico Regional, Grupo de Trabajo de los Sistemas de Calidad (QSTF por sus siglas en ingles) y Asamblea del Sistema Interamericano de Metrología (SIM) | G13: Reporte de asistencia (evidencia la participación) | R13: 1 | T13: =SUM(H13:S13) -> 1 | U13: Subdirector SMQB | V13: Subdirección de Metrología Química y Biología | W13: Proyecto de inversión SMQB | X13: =AL13 -> 0 | Y13: =AN13 -> 0 | Z13: =AP13 -> 0 | AA13: =AR13 -> 0 | AB13: =AT13 -> 0 | AC13: =AV13 -> 0 | AD13: =AX13 -> 0 | AE13: =AZ13 -> 0 | AF13: =BB13 -> 0 | AG13: =BD13 -> 0 | AH13: =BF13 -> 1 | AI13: =BH13 -> 0 | AJ13: =SUM(X13:AI13) -> 1 | AK13: =AJ13/T13 -> 1 | BF13: 1 | BG13: Participación en Workshop del grupo PRWG | BK13: O.K
E14: 10 | F14: Participar en la reunión del Asamblea del SIM | G14: Acta de reunión | R14: 1 | T14: =SUM(H14:S14) -> 1 | U14: Director | V14: Dirección General | W14: Funcionamiento | X14: =AL14 -> 0 | Y14: =AN14 -> 0 | Z14: =AP14 -> 0 | AA14: =AR14 -> 0 | AB14: =AT14 -> 0 | AC14: =AV14 -> 0 | AD14: =AX14 -> 0 | AE14: =AZ14 -> 0 | AF14: =BB14 -> 0 | AG14: =BD14 -> 0 | AH14: =BF14 -> 1 | AI14: =BH14 -> 0 | AJ14: =SUM(X14:AI14) -> 1 | AK14: =AJ14/T14 -> 1 | BF14: 1 | BG14: Se adjunta correo que demuestra la asistencia a la asamblea del SIM , ya que todavia no han enviado el acta, en espera. | BK14: O.K
E15: 11 | F15: Planificar un evento a nivel SIM para tratar temas de fortalezas o dificultades en ensayos de aptitud y estudios colaborativos. | G15: * Documento que contenga la propuesta del evento a nivel SIM (M11) | R15: 1 | T15: =SUM(H15:S15) -> 1 | U15: Katherin Holguin Agudelo | V15: Subdirección de Servicios Metrológicos y Relación con el Ciudadano | W15: Funcionamiento | X15: =AL15 -> 0 | Y15: =AN15 -> 0 | Z15: =AP15 -> 0 | AA15: =AR15 -> 0 | AB15: =AT15 -> 0 | AC15: =AV15 -> 0 | AD15: =AX15 -> 0 | AE15: =AZ15 -> 0 | AF15: =BB15 -> 1 | AG15: =BD15 -> 0 | AH15: =BF15 -> 1 | AI15: =BH15 -> 0 | AJ15: =SUM(X15:AI15) -> 2 | AK15: =AJ15/T15 -> 2 | BB15: 1 | BC15: Se emtrega el Documento que contenga la propuesta del evento a nivel SIM y se anexa correo del experto Possolo donde se evidencia la respuesta realizada acorde a consultas relacionadas al evento. | BF15: 1 | BG15: Se entrega el docuento con la propuesta del evento a nivel SIM | BK15: O.K
E16: 12 | F16: Participar en reuniones de Grupos de Trabajo, subcomités y/o Comités Consultivos ante el BIPM o el SIM | G16: Evidencia de participación | J16: 2 | N16: 1 | S16: 1 | T16: =SUM(H16:S16) -> 4 | U16: subdirector de metrologia fisica | V16: Subdirección de Metrología Física | W16: Funcionamiento | X16: =AL16 -> 0 | Y16: =AN16 -> 0 | Z16: =AP16 -> 3 | AA16: =AR16 -> 0 | AB16: =AT16 -> 0 | AC16: =AV16 -> 0 | AD16: =AX16 -> 1 | AE16: =AZ16 -> 0 | AF16: =BB16 -> 0 | AG16: =BD16 -> 0 | AH16: =BF16 -> 0 | AI16: =BH16 -> 0 | AJ16: =SUM(X16:AI16) -> 4 | AK16: =AJ16/T16 -> 1 | AP16: 3 | AQ16: Los laboratorio de metrología Física han Participado en x reuniones de Grupos de Trabajo, subcomités y/o Comités Consultivos ante el BIPM o el SIM, correspondientes a: 1. El día 2022-02-15 se participó de manera activa en la reunión del grupo de trabajo número 3 del SIM (MWG3): Alli se trato proximas comparaciones internacionales a realizar. Como soporte: Correo de la reunion 2. Se llevo a cabo evento "Workshop KCDB 2.0 al servicio de la Región SIM en Masa y Cantidades Relacionadas", el evento se celebró del 22 al 26 de marzo. Como soporte: Programa del evento y correo 3. Se llevo a cabo evento "SIM MWG7" el 28 de febrero de 2022 donde se trato las comapraciones a realizar y las evaluaciones par. Como soporte: Acta de reunión | AX16: 1 | AY16: Los laboratorio de metrología Física han Participado en 1 reuniones de Grupos de Trabajo, subcomités y/o Comités Consultivos ante el BIPM o el SIM, correspondientes a: 1. El laboratorio de Tiempo y Frecuencia del INM participó en la reunión del Grupo de Trabajo de Tiempo y Frecuencia del SIM: "SIM TFMWG Virtual Workshop and Planning Meeting", evento virtual que se realizó los días 23 y 24 de mayo de 2022. Como soporte: publicación de la página web del Grupo de Trabajo | BK16: O.K
C17: A.1.2 Obtener y mantener el reconocimiento de Capacidades de Medición y Calibración (CMC) | D17: A 1.2-1 Capacidades de Medición y Calibración (CMC) nuevas reconocidas por la Oficina Internacional de Pesas y Medidas (BIPM) | E17: 13 | F17: Realizar actividades que permitan la presentación y aprobación de CMC nuevas o renovadas en metrología física | G17: Soporte de avance o publicación de CMC | R17: 1 | T17: =SUM(H17:S17) -> 1 | U17: Subdirector SMF | V17: Subdirección de Metrología Física | W17: Funcionamiento | X17: =AL17 -> 0 | Y17: =AN17 -> 0 | Z17: =AP17 -> 0 | AA17: =AR17 -> 1 | AB17: =AT17 -> 0 | AC17: =AV17 -> 1 | AD17: =AX17 -> 0 | AE17: =AZ17 -> 0 | AF17: =BB17 -> 0 | AG17: =BD17 -> 0 | AH17: =BF17 -> 0 | AI17: =BH17 -> 0 | AJ17: =SUM(X17:AI17) -> 2 | AK17: =AJ17/T17 -> 2 | AR17: 1 | AS17: Se obtuvo 34 (treinta y cuatro) líneas de Capacidades de Medición y Calibración – CMC en Corriente continua y alterna para dispositivos de electricidad y magnetismo en diferentes rangos de medición. Las mismas fueron publicadas el 07 de febrero de 2022 en la página del Key Comparison Data Base KCDB de la Oficina Internacional de Pesas y Medidas BIPM. Con estas CMC Como soporte: Reporte lienas de CMC publicadas | AV17: 1 | AW17: Se obtuvo 2 (líneas) Capacidades de Medición y Calibración – CMC en Fuerza. Las mismas fueron publicadas el 5 de marzo de 2022 en la página del Key Comparison Data Base KCDB de la Oficina Internacional de Pesas y Medidas BIPM. Con estas CMC, se cuenta con reconocimiento internacional de las calibraciones realizadas en Fuerza, siendo válidas en todo el mundo. Como soporte: Reporte lienas de CMC publicadas | BF17: 0 | BG17: Esta actividad tuvo cumplimiento para M4 con las 34 lineas publicadas de Corriente Continia y alrterna obteniendo CMC nuevas en el laboratorio de CCyCA y M6 con la obtención de 2 lineas nuevas en Fuerza obteniendo CMC nuevas en el laboratorio de Fuerza | BK17: O.K
E18: 14 | F18: Reportar el avance de las Capacidades de Medición y Calibración (CMC) nuevas reconocidas por la Oficina Internacional de Pesas y Medidas (BIPM) | G18: Publicación de las CMC reconocidas | K18: 34 | T18: =SUM(H18:S18) -> 34 | U18: Milena Rodríguez | V18: Oficina Asesora de Planeación | X18: =AL18 -> 0 | Y18: =AN18 -> 0 | Z18: =AP18 -> 0 | AA18: =AR18 -> 34 | AB18: =AT18 -> 0 | AC18: =AV18 -> 0 | AD18: =AX18 -> 0 | AE18: =AZ18 -> 0 | AF18: =BB18 -> 0 | AG18: =BD18 -> 0 | AH18: =BF18 -> 0 | AI18: =BH18 -> 0 | AJ18: =SUM(X18:AI18) -> 34 | AK18: =AJ18/T18 -> 1 | AR18: 34 | AS18: Se obtuvo 34 (treinta y cuatro) líneas de Capacidades de Medición y Calibración – CMC en Corriente continua y alterna para dispositivos de electricidad y magnetismo en diferentes rangos de medición. Las mismas fueron publicadas el 07 de febrero de 2022 en la página del Key Comparison Data Base KCDB de la Oficina Internacional de Pesas y Medidas BIPM. Con estas CMC Como soporte: Reporte lienas de CMC publicadas | BK18: O.K
D19: A 1.2-2 Aprobaciones del Sistema de Gestión de la Calidad ante el QSTF, del Sistema Interamericano de Medición (SIM), para soportar las Capacidades de Medición y Calibración (CMC) | E19: 15 | F19: Presentar documentos para la evaluación del QSTF | G19: Soporte documentación presentada | R19: 1 | T19: =SUM(H19:S19) -> 1 | U19: David Alonso Plazas | V19: Subdirección de Metrología Física | W19: Funcionamiento | X19: =AL19 -> 0 | Y19: =AN19 -> 0 | Z19: =AP19 -> 0 | AA19: =AR19 -> 0 | AB19: =AT19 -> 0 | AC19: =AV19 -> 0 | AD19: =AX19 -> 0 | AE19: =AZ19 -> 0 | AF19: =BB19 -> 0 | AG19: =BD19 -> 0 | AH19: =BF19 -> 1 | AI19: =BH19 -> 0 | AJ19: =SUM(X19:AI19) -> 1 | AK19: =AJ19/T19 -> 1 | BF19: 1 | BG19: Se presento los documentos para la evalución del QSTF para la renovación de las Capacidades de Medición y Calibración - CMC del laboratorio de Longitud Como soporte: correo donde la Quality Manager del INM (Nubia Rodriguez) informa al secretario del QSTF: Andrew Conn y a la Presidenta del QSTF: Sally Bruce, el cargue en la plataforma del QSTF, de los documentos para la presentación de cinco años del laboratorio de Longitud del INM ante el QSTF, con copia al Director del INM, al Subdirector de la SMF y al Jefe de la OAP. | BK19: O.K
E20: 16 | F20: Reportar las aprobaciones del Sistema de Gestión de la Calidad ante el QSTF, del Sistema Interamericano de Medición (SIM), para soportar las Capacidades de Medición y Calibración (CMC) | G20: Certificado de aprobación | M20: 1 | S20: 1 | T20: =SUM(H20:S20) -> 2 | U20: Milena Rodríguez | V20: Oficina Asesora de Planeación | X20: =AL20 -> 0 | Y20: =AN20 -> 0 | Z20: =AP20 -> 0 | AA20: =AR20 -> 0 | AB20: =AT20 -> 0 | AC20: =AV20 -> 1 | AD20: =AX20 -> 0 | AE20: =AZ20 -> 0 | AF20: =BB20 -> 0 | AG20: =BD20 -> 0 | AH20: =BF20 -> 0 | AI20: =BH20 -> 1 | AJ20: =SUM(X20:AI20) -> 2 | AK20: =AJ20/T20 -> 1 | AV20: 1 | AW20: Se realizó el 8 de junio de 2022 la presentación del Sistema de Gestión de Ensayos de Aptitud en Química para agua dulce del INM 1) Certificado de aprobación del Sistema de Gestión de Ensayos de Aptitud en Química para agua dulce 2)Presentación del Sistema de Gestión de Ensayos de Aptitud en Química para agua dulce | BH20: 1 | BI20: Certificado de aprobación | BK20: En M6 no se evidencia el soporte relacionado con la Presentación del Sistema de Gestión de Ensayos de Aptitud en Química para agua dulce
E21: 17 | F21: Realizar evaluaciónes Pares en metrología Física | G21: Informe de evaluación par y/o informe preliminar de hallazgos | Q21: 1 | S21: 2 | T21: =SUM(H21:S21) -> 3 | U21: subdirector de metrologia fisica | V21: Subdirección de Metrología Física | W21: Funcionamiento | X21: =AL21 -> 0 | Y21: =AN21 -> 0 | Z21: =AP21 -> 0 | AA21: =AR21 -> 0 | AB21: =AT21 -> 0 | AC21: =AV21 -> 0 | AD21: =AX21 -> 0 | AE21: =AZ21 -> 0 | AF21: =BB21 -> 0 | AG21: =BD21 -> 1 | AH21: =BF21 -> 0 | AI21: =BH21 -> 3 | AJ21: =SUM(X21:AI21) -> 4 | AK21: =AJ21/T21 -> 1.3333333 | BD21: 1 | BE21: El laboratorio de Tiempo y Frecuencia tuvo una evaluación Par del 3 al 7 de octubre de 2022 realizada por el experto técnico del INTI de Argentina. Como soporte: Se adjunta informe final de evaluación Par. | BH21: 3 | BI21: 3 laboratorio de metrología fisica recibieron evaluaciones por pares correspondientes a: - Temperatura y Humedad realizado por el experto técnico del NIST de EE.UU - Presión realizado por el experto técnico del LNE de Francia - Par Torsional realizado por el experto técnico de INMETRO de Brasil. Como soporte: Se adjunta informe final de las evaluaciones Pares. | BK21: O.K
E22: 18 | F22: Gestionar la calibración de equipos del INM en el exterior para aseguramiento de la trazabilidad | G22: Resolución Reporte avance y estado trazabilidad | O22: 3 | S22: 1 | T22: =SUM(H22:S22) -> 4 | U22: Subdirector de Metrología Física | V22: Subdirección de Metrología Física | W22: Funcionamiento | X22: =AL22 -> 0 | Y22: =AN22 -> 0 | Z22: =AP22 -> 0 | AA22: =AR22 -> 0 | AB22: =AT22 -> 0 | AC22: =AV22 -> 0 | AD22: =AX22 -> 0 | AE22: =AZ22 -> 7 | AF22: =BB22 -> 0 | AG22: =BD22 -> 0 | AH22: =BF22 -> 0 | AI22: =BH22 -> 1 | AJ22: =SUM(X22:AI22) -> 8 | AK22: =AJ22/T22 -> 2 | AZ22: 7 | BA22: Se han desarrollado 7 resoluciones para el envio de 31 equipos de los laboratorios de la SMF a calibrar en Institutos de Metrología del mundo con el fin de obtener el aseguramiento metrológico de las mediciones, estos corresponden a: - Resolución 197 de calibración de 2 equipos del laboratorio de Corriente Continua en el METAS de Suiza - Resolución 355 de calibración de 7 equipos del laboratorio de Par Torsional en el PTB de Alemania - Resolución 180 para realizar de calibración de 2 equipos del laboratorio de temperatura y humedad en el PTB de Alemania - Resolución 182 para realizar de calibración de 6 equipos del laboratorio de Masa en el PTB de Alemania - Resolución 163 para realizar de calibración de 2 equipos del laboratorio de longitud en el CENAM de Mexico - Resolución 181 para realizar de calibración de 2 equipos del laboratorio de Presión y Vacío en el LNE de Francia - Resolución 200 para realizar de calibración de 9 equipos del laboratorio de Fuerza en el PTB de Alemania Como soporte: Se remite resoluciones generadas | BH22: 1 | BI22: Se desarrollo el Reporte avance y estado trazabilidad de los equipos de los laboratorios de la SMF | BK22: O.K
E23: 19 | F23: Analizar los informes de las auditorias Internas | G23: Planes de mejoramiento | O23: 1 | S23: 2 | T23: =SUM(H23:S23) -> 3 | U23: Subdirector SMQB | V23: Subdirección de Metrología Química y Biología | W23: Proyecto de inversión SMQB | X23: =AL23 -> 0 | Y23: =AN23 -> 0 | Z23: =AP23 -> 0 | AA23: =AR23 -> 0 | AB23: =AT23 -> 0 | AC23: =AV23 -> 0 | AD23: =AX23 -> 0 | AE23: =AZ23 -> 0 | AF23: =BB23 -> 0 | AG23: =BD23 -> 0 | AH23: =BF23 -> 0 | AI23: =BH23 -> 4 | AJ23: =SUM(X23:AI23) -> 4 | AK23: =AJ23/T23 -> 1.3333333 | AZ23: 0 | BA23: No se reporta el plan de mejoramiento, debido a que el informe final de la auditoria fue entregado la semana pasada, y este es el insumo principal para la elaboración del soporte de esta actividad. | BB23: 0 | BC23: No se reporta el plan de mejoramiento, debido a que el informe final de la auditoria fue entregado la semana pasada, y este es el insumo principal para la elaboración del soporte de esta actividad. | BD23: 0 | BE23: No se reporta el plan de mejoramiento, debido a que el informe final de la auditoria fue entregado la semana pasada, y este es el insumo principal para la elaboración del soporte de esta actividad. | BH23: 4 | BI23: Se entregaron 4 planes de mejoramiento, envio email con dos | BK23: O.K
E24: 20 | F24: Realizar revisiones por pares en química | G24: Planes de mejoramiento | S24: 2 | T24: =SUM(H24:S24) -> 2 | U24: Subdirector SMQB | V24: Subdirección de Metrología Química y Biología | W24: Proyecto de inversión SMQB | X24: =AL24 -> 0 | Y24: =AN24 -> 0 | Z24: =AP24 -> 0 | AA24: =AR24 -> 0 | AB24: =AT24 -> 0 | AC24: =AV24 -> 0 | AD24: =AX24 -> 0 | AE24: =AZ24 -> 0 | AF24: =BB24 -> 0 | AG24: =BD24 -> 0 | AH24: =BF24 -> 0 | AI24: =BH24 -> 1 | AJ24: =SUM(X24:AI24) -> 1 | AK24: =AJ24/T24 -> 0.5 | BH24: 1 | BI24: Se entregó un plan de mejoramiento | BK24: O.K
E25: 21 | F25: Atender evaluaciones pares para el SIG en la norma, 17025 y 17034 | G25: Informe de la evaluación par al SIG (dos requisitos un solo informe) | S25: 1 | T25: =SUM(H25:S25) -> 1 | U25: Milena Rodríguez | V25: Oficina Asesora de Planeación | W25: Funcionamiento | X25: =AL25 -> 0 | Y25: =AN25 -> 0 | Z25: =AP25 -> 0 | AA25: =AR25 -> 0 | AB25: =AT25 -> 0 | AC25: =AV25 -> 0 | AD25: =AX25 -> 0 | AE25: =AZ25 -> 0 | AF25: =BB25 -> 0 | AG25: =BD25 -> 0 | AH25: =BF25 -> 0 | AI25: =BH25 -> 1 | AJ25: =SUM(X25:AI25) -> 1 | AK25: =AJ25/T25 -> 1 | BH25: 1 | BI25: Informe de la evaluación par al SIG (dos requisitos un solo informe) | BK25: O.K
E26: 22 | F26: Formular el Programa de Auditorías del Sistema Integrado de Gestión | G26: Programa aprobado por Comité Institucional de Coordinación de Control Interno | J26: 1 | T26: =SUM(H26:S26) -> 1 | U26: Milena Rodríguez | V26: Oficina Asesora de Planeación | W26: Funcionamiento | X26: =AL26 -> 0 | Y26: =AN26 -> 0 | Z26: =AP26 -> 1 | AA26: =AR26 -> 0 | AB26: =AT26 -> 0 | AC26: =AV26 -> 0 | AD26: =AX26 -> 0 | AE26: =AZ26 -> 0 | AF26: =BB26 -> 0 | AG26: =BD26 -> 0 | AH26: =BF26 -> 0 | AI26: =BH26 -> 0 | AJ26: =SUM(X26:AI26) -> 1 | AK26: =AJ26/T26 -> 1 | AO26: Se remite la presentación del Comité Institucional de Coordinación de Control Interno #2 donde se sometió a aprobación el Programa de Auditorías del Sistema Integrado de Gestión. | AP26: 1 | AQ26: El mes pasado se remitió la presentación del Comité Institucional de Coordinación de Control Interno #2 donde se sometió a aprobación el Programa de Auditorías del Sistema Integrado de Gestión. | BK26: O.K
C27: A.1.3 Lograr la designación de institutos en magnitudes complementarias a las del INM | D27: A 1.3-1 Organizaciones delegadas como "Instituto Designado" en magnitudes complementarias a las del INM | E27: 23 | F27: Aprobación de los documentos requeridos en el SIG para el trámite de designación de Institutos. | G27: * Informe consulta pública a la Resolución (M4) * Documento de lineamentos (M6) * Resolución de aprobación DAFP (M6) * Procedimiento de designación de institutos (M6) * Formatos de solicitud y evaluación técnica (M6) * Ficha SUIT aprobada (M6) * Procedimiento de seguimiento e Instructivo de evaluación (M6) * Formatos de seguimiento a requisitos técnicos y seguimiento a convenio (M12) | K27: 1 | M27: 6 | S27: 1 | T27: =SUM(H27:S27) -> 8 | U27: Claudia Angélica Guillen | V27: Subdirección de Servicios Metrológicos y Relación con el Ciudadano | W27: Funcionamiento | X27: =AL27 -> 0 | Y27: =AN27 -> 1 | Z27: =AP27 -> 0 | AA27: =AR27 -> 1 | AB27: =AT27 -> 0 | AC27: =AV27 -> 6 | AD27: =AX27 -> 0 | AE27: =AZ27 -> 0 | AF27: =BB27 -> 0 | AG27: =BD27 -> 0 | AH27: =BF27 -> 0 | AI27: =BH27 -> 0 | AJ27: =SUM(X27:AI27) -> 8 | AK27: =AJ27/T27 -> 1 | AN27: 1 | AO27: Se entregan evidencas que dan soporte al producto "2. Documento de lineamento" -Acto administrativo moificatorio del trámite -Correo del texto final resolución modificatoria Institutos Designados - Respuesta comentarios-resolución modificatoria ID | AP27: 0 | AQ27: La solicitud al DAFP para la aprobación del trámite fue remitida el 14 de marzo y se encuentra en la etapa de revisión por parte de gestión jurídica para emitir concepto y remitir resultados al INM. Se adjuntan correos de envío del INM y confirmación de recibido del DAFP. Con base en el concepto del DAFP,se tendrán insumos para dar soporte al procedimiento de designación de institutos. Se entregan dos (2) correos de evidenccia de las gestiones realizadas. 1. Correo INM - Solicitud concepto favorable modificación Resolucion 211 de 2021 Correo INM- Solicitud concepto favorable modRes 211 de 2021-recibido DAFP Nota: Es importante tener en cuenta que de acuerdo a la jornada de planificación estratégica donde se realizarón ajustes al Plan de Acción (tablero estratégico) el presente entregable se cambio del M3 al M4; es decir que el entregable quedaría para el mes de abril. | AR27: 1 | AS27: Se realiza entregan los documentos acordes a la actividad “Aprobación de los documentos requeridos en el SIG para el trámite de designación de Institutos”. 1. 23.6 Documento de lineamentos 2. 23.6 Resolución de aprobación DAFP 3. 23.6 Procedimiento de designación de institutos 4. 23.6 Formato de solicitud y 4. 23.6 Formato evaluación técnica 5. 23.6 Ficha SUIT aprobada - Correo INM trámite ID inscrito en SUIT (ver justificación) 6. 23.6 Procedimiento de seguimiento y 6. 23.6 Instructivo de evaluación JUSTIFICACIÓN 5. 23.6 Ficha SUIT aprobada - Correo INM trámite ID inscrito en SUIT: Se entrega correo donde se evidencia el registro del trámite de Institutos Designados - ID, en el aplicativo SUIT con el código sería el 83399. Sin embargo este se encuentra pendiente por aprobación por parte del DAFP dado que para llegar al trámite en el aplicativo se requirieron pasos previos que se empezaron a adelantar desde mayo: concepto de aprobación de la resolución de modificación por parte del DAFP, luego el ajuste y revisión jurídica de la resolución modificatoria, fecha y firma de Dirección, posteriormente la solicitud a imprenta nacional de la cotización para publicación de la resolución modificatoria, confirmación de la publicación de la resolución en el diario oficial; con el resultado final de la publicación sumado al link del formulario de solicitud de ID fue posible hacer la mencionada solicitud en el aplicativo SUIT, en este momento estamos a la espera de los resultados del DAFP. Nota: Tener en cuenta que los documentos cargados en ISOLUCIÓN solo se pueden obtener con solicitud a la Oficina Asesora de Planeación frente a los siguientes tres (3) escenarios: 1. seguimiento por parte de los organismos de control, 2. auditorías externas o 3. Evaluaciones "por pares". De esta manera para algunos documentos se adjunta el pantallazo del aplicativo, donde se evidencian los documentos realizados y cargado. Para ello pueden ingresar y validar que lo documentos se encuentran publicados. | AV27: 6 | AY27: Se realiza entrega del correo donde se evidencia que se encuentra activa la respectiva ficha SUIT del trámite para InstitutosDesignados (ID); se puede consultar dicha ficha en el link: http://visor.suit.gov. co/VisorSUIT/index.jsf?FI= 83399 Nota: Con el mencionado entregable se dará cumplimiento a las metas del M6 . | BH27: 0 | BI27: Se realiza entrega de las evidencias de los avances realizados y correos que se remite del Subdirector con la justificación al no cumplirse la meta | BK27: O.K
A28: B. Metrología para el fomento de la productividad | B28: B.1 Brindar herramientas que faciliten la diseminación de la trazabilidad y del conocimiento en metrología, para contribuir al aseguramiento de la calidad de los bienes y servicios que se desarrollan y comercializan en el país | C28: B.1.1 Identificar las necesidades y brechas en metrología en sectores productivos priorizados, como: industria del movimiento, de la química, de la energía, de alimentos, de aseo, de la farmacéutica, de la construcción, y de plásticos y de pinturas | D28: B 1.1-1 Estudios de identificación de necesidades y brechas metrológicas elaborados | E28: 24 | F28: Publicar el documento de la metodología de priorización - CONPES 3957 | G28: Soporte de publicación del documento | S28: 0 | T28: =SUM(H28:S28) -> 0 | U28: Subdirector SMQB | V28: Subdirección de Metrología Química y Biología | W28: Funcionamiento | X28: =AL28 -> 0 | Y28: =AN28 -> 0 | Z28: =AP28 -> 0 | AA28: =AR28 -> 0 | AB28: =AT28 -> 0 | AC28: =AV28 -> 0 | AD28: =AX28 -> 0 | AE28: =AZ28 -> 0 | AF28: =BB28 -> 0 | AG28: =BD28 -> 0 | AH28: =BF28 -> 0 | AI28: =BH28 -> 0 | AJ28: =SUM(X28:AI28) -> 0 | AK28: 0.0% | BK28: O.K
E29: 25 | F29: Realizar estudios bajo la metodología de identificación de necesidades metrológicas | G29: Informe de identificación de necesidades metrológicas, donde se evidencia el desrrollo de los 2 estudios. | S29: 2 | T29: =SUM(H29:S29) -> 2 | U29: Claudia Angélica Guillén Luisa Juana Bernal | V29: Subdirección de Servicios Metrológicos y Relación con el Ciudadano | W29: Funcionamiento | X29: =AL29 -> 0 | Y29: =AN29 -> 0 | Z29: =AP29 -> 0 | AA29: =AR29 -> 0 | AB29: =AT29 -> 0 | AC29: =AV29 -> 0 | AD29: =AX29 -> 0 | AE29: =AZ29 -> 0 | AF29: =BB29 -> 0 | AG29: =BD29 -> 0 | AH29: =BF29 -> 0 | AI29: =BH29 -> 2 | AJ29: =SUM(X29:AI29) -> 2 | AK29: =AJ29/T29 -> 1 | BH29: 2 | BI29: Se realiza entrega de los siguientes dos (2) estudios: 1. Informe de resultados de aplicación de la metodología de identificación de brechas metrológicas de carne bovina en el departamento de Córdoba. 2. Informe de resultados de aplicación de la metodología de identificación de brechas metrológicas de tuberías plásticas de redes de acueducto e instalaciones hidráulicas | BK29: O.K
E30: 26 | F30: Identificar criterios en las regiones asistidas con los foros que permiten completar informacion estrategica con el objetivo de fortalecer la oferta de los servicios metrologicos. | G30: Informe elaborado | R30: 1 | T30: =SUM(H30:S30) -> 1 | U30: Mayer Flórez Cárdenas | V30: Subdirección de Servicios Metrológicos y Relación con el Ciudadano | W30: Proyecto de Inversión PEI | X30: =AL30 -> 0 | Y30: =AN30 -> 0 | Z30: =AP30 -> 0 | AA30: =AR30 -> 0 | AB30: =AT30 -> 0 | AC30: =AV30 -> 0 | AD30: =AX30 -> 0 | AE30: =AZ30 -> 0 | AF30: =BB30 -> 0 | AG30: =BD30 -> 0 | AH30: =BF30 -> 1 | AI30: =BH30 -> 0 | AJ30: =SUM(X30:AI30) -> 1 | AK30: =AJ30/T30 -> 1 | BF30: 1 | BG30: Se realiza entrega del informe el cual evidencia la identificación de criterios en las 3 regiones, 4 departamentos y 6 municipios asistidos con el desarrollo de los Foros Científico Social “Metrología es calidad de vida”. De igual manera se realiza entrega de los anexos relacionados. | BK30: O.K
E31: 27 | F31: Actualizar estadísticas de servicios prestados por el INM | G31: Informe de estadísticas actualizadas a 2021 | K31: 1 | T31: =SUM(H31:S31) -> 1 | U31: Aminta Peñaranda | V31: Oficina Asesora de Planeación | W31: Funcionamiento | X31: =AL31 -> 0 | Y31: =AN31 -> 0 | Z31: =AP31 -> 0 | AA31: =AR31 -> 1 | AB31: =AT31 -> 0 | AC31: =AV31 -> 0 | AD31: =AX31 -> 0 | AE31: =AZ31 -> 0 | AF31: =BB31 -> 0 | AG31: =BD31 -> 0 | AH31: =BF31 -> 0 | AI31: =BH31 -> 0 | AJ31: =SUM(X31:AI31) -> 1 | AK31: =AJ31/T31 -> 1 | AR31: 1 | AS31: Se presenta informe de estadísiticas de servicios prestados por el INM para la vigencia 2021, el informe se encuentra a la espera de visto bueno por parte del jefge de OAP y posterior firma.
C32: B.1.2 Fomentar la articulación entre partes interesadas para el desarrollo de la trazabilidad de las mediciones en el país y la transferencia en conocimiento en metrología | D32: B 1.2-1 Grupos Técnicos por Magnitud y Grupos Técnicos Temáticos en operación | E32: 28 | F32: Realizar y participar en reuniones de subgrupos o subredes de trabajo de la RCM | G32: Acta de reunión | O32: 1 | S32: 2 | T32: =SUM(H32:S32) -> 3 | U32: Subdirector de Metrología Física / (Sebastian Herreño) | V32: Subdirección de Metrología Física | W32: Funcionamiento | X32: =AL32 -> 0 | Y32: =AN32 -> 0 | Z32: =AP32 -> 0 | AA32: =AR32 -> 0 | AB32: =AT32 -> 0 | AC32: =AV32 -> 1 | AD32: =AX32 -> 0 | AE32: =AZ32 -> 0 | AF32: =BB32 -> 0 | AG32: =BD32 -> 0 | AH32: =BF32 -> 0 | AI32: =BH32 -> 0 | AJ32: =SUM(X32:AI32) -> 1 | AK32: =AJ32/T32 -> 0.33333333 | AV32: 1 | AW32: Se participó en una reunión del grupo técnico por Magnitud de Temperatura donde se establecio los temas a tartar (segun solicitud de la industria) en las proximas guias de calibración a elaborar en temperatura y Humedad Como soporte: Se remit acta de la reunión con lista de participantes | AZ32: 0 | BA32: No hubo avance de esta actividad para este mes | BB32: 0 | BC32: No hubo avance de esta actividad para este mes | BD32: 0 | BE32: No hubo avance de esta actividad para este mes | BH32: 0 | BI32: No se llevaron a cabo mas reuniones debido a que la RCM se esta reestructurando | BK32: No se presenta avance en M8
E33: 29 | F33: Realizar reuniones del grupo técnico temático o magnitud de la SMQB para la elaboración de guías de medición en metrología química y biológicas o guías de calibración | G33: Listado de asistencia Acta de reunión | O33: 1 | R33: 1 | S33: 2 | T33: =SUM(H33:S33) -> 4 | U33: Subdirector SMQB | V33: Subdirección de Metrología Química y Biología | W33: Plan de trabajo Mesas MINCIT cafeteros - plaguicidas Proyecto Universidad de Lovaina Proyecto de inversión SMQB | X33: =AL33 -> 0 | Y33: =AN33 -> 0 | Z33: =AP33 -> 0 | AA33: =AR33 -> 0 | AB33: =AT33 -> 0 | AC33: =AV33 -> 0 | AD33: =AX33 -> 0 | AE33: =AZ33 -> 1 | AF33: =BB33 -> 0 | AG33: =BD33 -> 0 | AH33: =BF33 -> 0 | AI33: =BH33 -> 0 | AJ33: =SUM(X33:AI33) -> 1 | AK33: =AJ33/T33 -> 0.25 | AZ33: 1 | BA33: Se realizó la reunión del Gurpo tecnico Temático de Quimica con relación a la t presentación del contenido propuesto para la guía de preparaciónde MR in house de plaguicidas | BF33: 0 | BG33: NO SE Realiza reuniones del grupo técnico temático o magnitud de la SMQB para la elaboración de guías de medición en metrología química y biológicas o guías de calibración | BH33: 0 | BI33: NO SE Realiza reuniones del grupo técnico temático o magnitud de la SMQB para la elaboración de guías de medición en metrología química y biológicas o guías de calibración
E34: 30 | F34: Desarrollar y coordinar actividades de la Red Colombiana de Metrología | G34: Lista de asistencia y acta de reunión de la socialización de las actividades realizadas en el marco de los Grupos de la RCM. | J34: 1 | M34: 1 | P34: 1 | S34: 1 | T34: =SUM(H34:S34) -> 4 | U34: Diego Alejandro Martínez | V34: Subdirección de Servicios Metrológicos y Relación con el Ciudadano | W34: Funcionamiento | X34: =AL34 -> 0 | Y34: =AN34 -> 0 | Z34: =AP34 -> 1 | AA34: =AR34 -> 0 | AB34: =AT34 -> 0 | AC34: =AV34 -> 0 | AD34: =AX34 -> 0 | AE34: =AZ34 -> 1 | AF34: =BB34 -> 1 | AG34: =BD34 -> 0 | AH34: =BF34 -> 0 | AI34: =BH34 -> 1 | AJ34: =SUM(X34:AI34) -> 4 | AK34: =AJ34/T34 -> 1 | AP34: 1 | AQ34: Se reporta la lista de asistencia de la reunión que se realizó el día 16 de marzo de 2022 con los Grupos Técnicos por Magnitud de la RCM. Por otro lado, teniendo en cuenta la la jornada de planeación estratégica para los planes de acción de la Subdirección de Servicios Metrológicos, esta actividad no va a continuar reportandose independientemente, sino incluida dentro del plan de trabajo de la RCM y su respectiva ejecución, por esta razón no se ha realizado acta de reunión. | AV34: 0 | AW34: A la fecha no se realiza entregable para la preente activdiad dado que los Grupos Técnicos por Magnitud y Tematicos, en la nueva estructrua de la RCM conformarían de Subred de calibración y ensayo, y esta Sudred comenzó su trabajo a partir del evento de relanzamienot de la RCM realizado el 5 de julio de 2022. | AX34: 0 | AY34: El entrable del M6, se espera sea entregado para el M8 dado que se realizará una reunión de la subred de calibración y así se reporta la socialización que menciona la actividad del plan de acción. | AZ34: 1 | BA34: Se realiza entrega del acta y lista de asistencia de la reunión de socialización del plan de trabajo y el nuevo reglamento interno de la RCM. | BB34: 1 | BC34: Se realiza entrega de la la agenda, lista de asistencia y acta de reunión de la socialización de las actividades realizadas en el marco de los Grupos de la RCM. | BH34: 1 | BI34: Se entrega de acta de reunión SubRed de Calibración y Ensayo de la Red Colombiana de Metrología, RCM
E35: 31 | F35: Realizar la propuesta de fortalecimiento de la Red Colombiana de Metrología | G35: 1- Documento inicial con la propuesta de fortalecimiento. (M4) 2- Documento final con la propuesta de fortalecimiento. (M6) | K35: 1 | M35: 1 | T35: =SUM(H35:S35) -> 2 | U35: Diego Alejandro Martínez | V35: Subdirección de Servicios Metrológicos y Relación con el Ciudadano | W35: Funcionamiento | X35: =AL35 -> 0 | Y35: =AN35 -> 0 | Z35: =AP35 -> 0 | AA35: =AR35 -> 1 | AB35: =AT35 -> 0 | AC35: =AV35 -> 0 | AD35: =AX35 -> 1 | AE35: =AZ35 -> 0 | AF35: =BB35 -> 0 | AG35: =BD35 -> 0 | AH35: =BF35 -> 0 | AI35: =BH35 -> 0 | AJ35: =SUM(X35:AI35) -> 2 | AK35: =AJ35/T35 -> 1 | AR35: 1 | AS35: Se realiza la entrega del documento inicial con la propuesta para el fortalecimiento de la Red Colombiana de Metrología. Con el objetivo de: "Promover la articulación entre los actores interesados en los temas de metrología, para favorecer el mejoramiento de la calidad de las mediciones con el fin de contribuir en la mejora de la calidad de vida y en el desarrollo económico, científico y tecnológico del país". | AV35: 0 | AW35: En Abril se entregó una propuesta inicial para el fortalecimiento de la RCM y se esperaba complementarlo con la información obtenida en el evento de relanzamiento de la RCM en donde se iba a interactuar directamente con los integrantes de la Red. Este evento estaba programado, en principio, para el 26 de mayo de 2022, por lo que se había dejado Junio como mes de entrega para esta actividad porque había un buen tiempo para elaborarlo. Sin embargo, por diferentes motivos de logística y preparación del evento se debió aplazar dos veces el evento y finalmente se realizó el día 5 de julio de 2022, por lo que aún no se ha procesado la información para el documento final. De esta manera se espera realizar el ajuste al documento y entregarlo en el siguiente reporte. | AX35: 1 | AY35: Se entrega documnento con la propuesta del fortalecimiento de la Red Colombiana de Metrología, el cual tiene como objetivo: Promover la articulación entre los actores interesados en los temas de metrología, para favorecer el mejoramiento de la calidad de las mediciones con el fin de contribuir en la mejora de la calidad de vida y en el desarrollo económico, científico y tecnológico del país.
E36: 32 | F36: Desarrollar el plan de trabajo para el fortalecimiento de la Red Colombiana de Metrología | G36: 1- Matriz Excel con el plan de trabajo inicial para el fortalecimiento de la RCM. (M3) 2- Matriz Excel con el plan de trabajo complementado para el fortalecimiento de la RCM. (M6) 3- Informes de seguimiento con evidencias correspondientes. (M6) (M9) (M12) | K36: 1 | M36: 2 | P36: 1 | S36: 1 | T36: =SUM(H36:S36) -> 5 | U36: Diego Alejandro Martínez | V36: Subdirección de Servicios Metrológicos y Relación con el Ciudadano | X36: =AL36 -> 0 | Y36: =AN36 -> 0 | Z36: =AP36 -> 0 | AA36: =AR36 -> 1 | AB36: =AT36 -> 0 | AC36: =AV36 -> 1 | AD36: =AX36 -> 1 | AE36: =AZ36 -> 0 | AF36: =BB36 -> 1 | AG36: =BD36 -> 0 | AH36: =BF36 -> 0 | AI36: =BH36 -> 1 | AJ36: =SUM(X36:AI36) -> 5 | AK36: =AJ36/T36 -> 1 | AR36: 1 | AS36: Se realiza la entrega de la matriz excel donde se evidencia el plan de trabajo inicial para el fortalecimiento de la RCM | AV36: 1 | AW36: Se entrega el Informes de seguimiento con evidencias correspondientes en el cual se presenta el grado de avance de las actividades claves realizadas por el grupo de trabajo de la RCM para dar cumplimiento con el plan de trabajo establecido y lograr los objetivos definidos para el fortalecimiento de RCM, con sus respectivas evidencias. Pendiente entregar: la "Matriz Excel con el plan de trabajo complementado para el fortalecimiento de la RCM", dado que en el mes de abril se entregó una propuesta inicial de plan de trabajo para el fortalecimiento de la RCM y se esperaba complementarlo con la información obtenida en el evento de relanzamiento de la RCM y las reuniones directas con las subredes, en donde se iba a interactuar directamente con los integrantes de la Red. Este evento estaba programado, en principio, para el 26 de mayo de 2022, por lo que se había dejado Junio como mes de entrega para esta actividad porque había un buen tiempo para elaborarlo. Sin embargo, por diferentes motivos de logística y preparación del evento se debió aplazar dos veces el evento y finalmente se realizó el día 5 de julio de 2022, por lo que aún no se ha procesado la información para el documento final. Se espera sea entregada en el siguiente reporte. | AX36: 1 | AY36: Se entrega la Matriz Excel con el plan de trabajo complementado para el fortalecimiento de la RCM. El presente entrgable se encontraba pendiente del reporte pasado (mes de junio), de esta manera se cumpliría con la meta las 2 mestas del M6. | BB36: 1 | BC36: Se realiza entrega del Informes de seguimiento con evidencias correspondientes, en el cual se evidencia el grado de avance de las actividades claves realizadas por el grupo de trabajo de la RCM para dar cumplimiento con el plan de trabajo establecido y lograr los objetivos definidos para el fortalecimiento de RCM. | BH36: 1 | BI36: Se entrega el Informe de actividades Subredes de la Red Colombiana de Metrología
E37: 33 | F37: Proyectar el acto administrativo que reglamenta el funcionamiento y estructura de la RCM | G37: 1- Propuesta de Resolución que reglamenta el funcionamiento y estructura de la RCM. (M6) 2- Resolución aprobada (M12) | M37: 1 | S37: 1 | T37: =SUM(H37:S37) -> 2 | U37: Diego Alejandro Martínez | V37: Subdirección de Servicios Metrológicos y Relación con el Ciudadano | X37: =AL37 -> 0 | Y37: =AN37 -> 0 | Z37: =AP37 -> 0 | AA37: =AR37 -> 0 | AB37: =AT37 -> 0 | AC37: =AV37 -> 1 | AD37: =AX37 -> 0 | AE37: =AZ37 -> 0 | AF37: =BB37 -> 0 | AG37: =BD37 -> 0 | AH37: =BF37 -> 0 | AI37: =BH37 -> 1 | AJ37: =SUM(X37:AI37) -> 2 | AK37: =AJ37/T37 -> 1 | AV37: 1 | AW37: Se entrega la propuesta de la Resolución que reglamenta el funcionamiento y estructura de la RCM | BH37: 1 | BI37: Se entrega acta de aprobación del documento por parte del Director y Subdirector. (Aquí el entregable era la resolución publicada, pero no fue posible por cuestión de lo extenso del proceso, por eso se relaciona la aprobación de los directivos para la Consulta Pública.
E38: 34 | F38: Actualizar Proyecto de Interés Estratégico "Fomento Regional en Metrología" | G38: * Proyecto de Interés Estratégico "Fomento Regional en Metrología", actualizado y aprobado por CIGD | R38: 1 | T38: =SUM(H38:S38) -> 1 | U38: Mayer Flórez Cárdenas | V38: Subdirección de Servicios Metrológicos y Relación con el Ciudadano | W38: Funcionamiento | X38: =AL38 -> 0 | Y38: =AN38 -> 1 | Z38: =AP38 -> 0 | AA38: =AR38 -> 0 | AB38: =AT38 -> 0 | AC38: =AV38 -> 0 | AD38: =AX38 -> 0 | AE38: =AZ38 -> 0 | AF38: =BB38 -> 0 | AG38: =BD38 -> 0 | AH38: =BF38 -> 0 | AI38: =BH38 -> 1 | AJ38: =SUM(X38:AI38) -> 2 | AK38: =AJ38/T38 -> 2 | AN38: 1 | AO38: El proyecto de interés estratégico Fomento Regional en Metrología, fue presentado y aprobado en CIGD el pasado 30 de diciembre de 2021, mediante CIGD 21-17 con acta No. 17 de fecha 2021-12-30. La cual se entrega como evidencia para el cumplimiento de la meta. Resultado: 100% | BF38: 0 | BG38: "El Proyecto de IE "FRM" versión 2.0 no se ha presentado en CIGD porque falta confirmar por el Subdiorector cuándo se presentará, sin embargo ya fue presentada la propuesta de la nueva versión del Proyecto a integrantes (DNP y MinCit) del Comité de Regionalización del Sistema Nacional de Competitividad e Innovación conjuntamente con la Dirección General del INM y Subdirector de SMRC, de dicha socialización quedaron pendientes unos ajustes pequeños, el cual se viene realizando por parte del grupo de FRM". | BH38: 1 | BI38: Se entrega la propuesta del Proyecto de IE "FRM" actualizado en versión 2.0 pero sin presentar a CIGD porque no hubo citación al grupo de FRM para ello.
E39: 35 | F39: Ejecutar Proyecto de Interés Estratégico "Fomento Regional en Metrología" | G39: * Informe de avance del Proyecto de Interés Estratégico, con el plan de acción | K39: 1 | M39: 1 | P39: 1 | S39: 1 | T39: =SUM(H39:S39) -> 4 | U39: Mayer Flórez Cárdenas | V39: Subdirección de Servicios Metrológicos y Relación con el Ciudadano | W39: Funcionamiento | X39: =AL39 -> 0 | Y39: =AN39 -> 0 | Z39: =AP39 -> 0 | AA39: =AR39 -> 1 | AB39: =AT39 -> 0 | AC39: =AV39 -> 1 | AD39: =AX39 -> 0 | AE39: =AZ39 -> 0 | AF39: =BB39 -> 1 | AG39: =BD39 -> 0 | AH39: =BF39 -> 0 | AI39: =BH39 -> 1 | AJ39: =SUM(X39:AI39) -> 4 | AK39: =AJ39/T39 -> 1 | AR39: 1 | AS39: Se realiza entrega del Informe de avance del Proyecto de Interés Estratégico, el cual recopila las actividades llevadas a cabo lideradas por el grupo de fomento regional para el desarrollo del primer foro científico social “Metrología es calidad de vida”. | AV39: 1 | AW39: Se entrega el Informe de avance del Proyecto de Interés Estratégico “Fomento Regional en Metrología”, en el cual se evidencia la metodología implementada para el desarrollo de las actividades, así como también, los productos y logros obtenidos entre el 1 de enero hasta el 30 de junio de 2022 en la ejecución del Proyecto de Interés. De igual formta este se evidencia evidencia la programación y ejecución del proyecto. | BB39: 1 | BC39: Se realiza entrega del Informe de avance del Proyecto de Interés Estratégico, con el plan de acción, donde se evidenica la metodología implementada para el desarrollo de las actividades, así como también, los productos y logros obtenidos entre el 1 de enero hasta el 2 de septiembre de 2022 en la ejecución del Proyecto de Interés Estratégico: “Fomento Regional en Metrología”. De igual manra se entregan cuatro (4) evidenicas como anexos del informe. Anexo-1. Socialización presencial de avances de actividades de FRM a las areas en el INM Anexo-2. Presentacion consolidada con resultado de los 4 foros Anexo-3. Infografia por cada foro realizado Anexo-4-Priorización de resultados de los 4 Foros | BH39: 1 | BI39: Se entrega el informe de avance del Proyecto de Interés Estratégico, con los soportes correspondientes.
D40: B 1.2-2 Guías para el proceso de calibración y aseguramiento de la validez de las mediciones acordadas y publicadas con los Grupos Técnicos de Trabajo de la Red Colombiana de Metrología (RCM) | E40: 36 | F40: Elaborar y/o publicar y/o actualizar guias de metrologia fisica | G40: Guia de calibración elaborada o publicada | S40: 2 | T40: =SUM(H40:S40) -> 2 | U40: Subdirector de Metrología Física / (Sebastian Herreño) | V40: Subdirección de Metrología Física | W40: Funcionamiento | X40: =AL40 -> 0 | Y40: =AN40 -> 0 | Z40: =AP40 -> 0 | AA40: =AR40 -> 0 | AB40: =AT40 -> 0 | AC40: =AV40 -> 0 | AD40: =AX40 -> 0 | AE40: =AZ40 -> 0 | AF40: =BB40 -> 0 | AG40: =BD40 -> 0 | AH40: =BF40 -> 12 | AI40: =BH40 -> 0 | AJ40: =SUM(X40:AI40) -> 12 | AK40: =AJ40/T40 -> 6 | BF40: 12 | BG40: se actualizaron 12 Guias de calibración en metrología física, por código ISBN, portada y hoja de legal. Las guias corresponden a: 1. GUÍA PARA LA CALIBRACIÓN DE MULTIMETROS DIGITALES 4 5/6 (50 000 CUENTAS) INM/GTM EM-CCA/01 2. GUÍA PARA LA CALIBRACIÓN DE TERMÓMETROS DE RADIACIÓN 3. GUÍA PARA LA CALIBRACIÓN DE TERMÓMETROS DIGITALES CON SENSOR TIPO PRT, TERMISTOR Y TERMOPAR EN BAÑOS LÍQUIDOS Y HORNOS DE BLOQUE METÁLICO 4. TRADUCCIÓN DIRECTRIZ DKD-R 5-7 CALIBRACIÓN DE CÁMARAS CLIMÁTICAS INM/GTM-T/03 5. GUÍA PARA LA CALIBRACIÓN DE PIE DE REY 6. GUÍA PARA LA CALIBRACIÓN DE PINZAS AMPERIMÉTRICAS 7. GUÍA PARA LA CALIBRACIÓN DE PESAS CLASE E1, E2, F1, F2, M1, M1-2, M2, M2-3 Y M3 8. GUÍA PARA LA CALIBRACIÓN DE INSTRUMENTOS DE PESAJE DE FUNCIONAMIENTO AUTOMÁTICO (SELECCIONADORAS PONDERALES) 9. GUÍA PARA LA DETERMINACIÓN DE CONTENIDO DE HUMEDAD EN GRANOS Y CEREALES 10. GUÍA PARA LA CALIBRACIÓN DE TERMÓMETROS DE RADIACIÓN Y SU APLICACIÓN PARA LA MEDICIÓN DE LA TEMPERATURA CORPORAL 11. GUÍA PARA LA CALIBRACIÓN DE MÁQUINA UNIVERSAL DE ENSAYO INM/GTM-F-1 12. RECOMENDACIONES METROLÓGICAS PARA LABORATORIOS EN MAGNITUDES ELÉCTRICAS DE TENSIÓN, INTENSIDAD DE CORRIENTE Y RESISTENCIA INM/GTM EM-CCA/03 Como soporte: Guias de calibración actualizadas | BK40: O.K
E41: 37 | F41: Elaborar guías para mediciones químicas, biológicas o de calibración - RCM | G41: Acta de la aprobación de la de la guía en la mesa técnico científica (MTTC). | Q41: 3 | R41: 2 | T41: =SUM(H41:S41) -> 5 | U41: Subdirector SMQB | V41: Subdirección de Metrología Química y Biología | W41: Plan de trabajo Mesas MINCIT cafeteros - plaguicidas Proyecto Universidad de Lovaina Proyecto de inversión SMQB | X41: =AL41 -> 0 | Y41: =AN41 -> 0 | Z41: =AP41 -> 0 | AA41: =AR41 -> 0 | AB41: =AT41 -> 0 | AC41: =AV41 -> 0 | AD41: =AX41 -> 0 | AE41: =AZ41 -> 0 | AF41: =BB41 -> 0 | AG41: =BD41 -> 0 | AH41: =BF41 -> 2 | AI41: =BH41 -> 0 | AJ41: =SUM(X41:AI41) -> 2 | AK41: =AJ41/T41 -> 0.4 | BD41: 0 | BE41: Las guias se encuentran en consulta publica, por lo que no han sido aprobadas por la mesa tecnico científica. | BF41: 2 | BG41: Se aprobaron 2 guias, una guía de muestreo y otra de materiales de referencia in house de alimentos. | BK41: O.K
E42: 38 | F42: Apoyar proyectos para la mejora de las capacidades metrológicas de los laboratorios a nivel nacional a través de alianzas | G42: Conceptos de supervisión en donde se evidencie el avance técnico y financiero de los proyectos apoyados a través de la alianza INM- MinCiencias | Q42: 16 | T42: =SUM(H42:S42) -> 16 | U42: Margarita Rubio González | V42: Subdirección de Servicios Metrológicos y Relación con el Ciudadano | W42: Funcionamiento | X42: =AL42 -> 0 | Y42: =AN42 -> 0 | Z42: =AP42 -> 0 | AA42: =AR42 -> 0 | AB42: =AT42 -> 0 | AC42: =AV42 -> 0 | AD42: =AX42 -> 0 | AE42: =AZ42 -> 0 | AF42: =BB42 -> 0 | AG42: =BD42 -> 0 | AH42: =BF42 -> 1 | AI42: =BH42 -> 5 | AJ42: =SUM(X42:AI42) -> 6 | AK42: =AJ42/T42 -> 0.375 | BD42: 0 | BE42: En el marco de los compromisos adquiridos por medio del plan de acción de la SMRC, la cual estable el ítem 38, que especifica la actividad “Apoyar proyectos para la mejora de las capacidades metrológicas de los laboratorios a nivel nacional a través de alianzas” que se debe cumplir por medio del seguimiento y control de los proyectos derivados del Convenio Especial de Cooperación 584/002-2020. Esto se debía cumplir en el mes de octubre con la entrega de 16 entregables específicamente “Conceptos de supervisión en donde se evidencie el avance técnico y financiero de los proyectos apoyados a través de la alianza INM- MinCiencias” La alianza a que hace referencia al Convenio Especial de Cooperación 584/002-2020 tiene por objeto “Aunar esfuerzos con el fin de fortalecer las capacidades técnicas y científicas de laboratorios de calibración y ensayo, para ampliar la oferta de servicios metrológicos de acuerdo con las demandas de los sectores productivos en regiones del territorio colombiano”. Como parte de las actividades del convenio, tendientes al cumplimiento de los objetivos, se dio apertura a la convocatoria 888-2020, la cual por objetivo “Conformar un banco de proyectos elegibles para apoyar la implementación y/o acreditación de servicios de calibración o de ensayo en los departamentos priorizados, a través del fortalecimiento de las capacidades metrológicas de los laboratorios, con el propósito de contribuir a la mejora de la productividad y competitividad en el país.” el cual se suscribió el entre MinCiencias y el INM Como resultado de la convocatoria 888-2020, el 20 de noviembre de 2021 se publicó el Banco Definitivo de Elegibles con 87 propuestas de proyectos seleccionadas y habilitadas para recibir recursos de cofinanciación. Durante el año 2020 y 2021 se adelantó la contratación de 17 y 16 propuestas de proyectos respectivamente. Para el caso de los 16 proyectos financiados con recursos del 2021, es necesario reportar los 16 concepto de supervisión, los cuales actualmente y debido a los cambios interno en MinCiencias se encuentran elaborados en revisión por parte de la alianza, se espera allegar las evidencias entre los meses de noviembre y diciembre de 2022. | BF42: 1 | BG42: Se realiza entrega de un (1) concepto y el oficio de remisión del Contrato de financiamiento de recuperación contingente No. 345-2021. En este orden de ideas, quedan pendientes con quince (15) conceptos de supervisión. | BH42: 5 | BI42: Se realiza entrega de cinco (5) conceptos de supervisión. Para un total de conceptos entrgados a corte de la vigencia 2022 de seis (6) conceptos. Para los entregables faltantes que son nueve (9) se entregarán durante el mes de enero de 2023 teniendo en cuenta la siguente justificación: En el marco de los compromisos adquiridos por medio del plan de acción de la SSMRC, la cual establece el ítem 38, que especifica la actividad “Apoyar proyectos para la mejora de las capacidades metrológicas de los laboratorios a nivel nacional a través de alianzas” que se debe cumplir por medio del seguimiento y control de los proyectos derivados del Convenio Especial de Cooperación 584/002-2020. Esto se debía cumplir en el mes de octubre con la entrega de 16 entregables específicamente “Conceptos de supervisión en donde se evidencie el avance técnico y financiero de los proyectos apoyados a través de la alianza INM- MinCiencias" La alianza a que hace referencia al Convenio Especial de Cooperación 584/002-2020 tiene por objeto “Aunar esfuerzos con el fin de fortalecer las capacidades técnicas y científicas de laboratorios de calibración y ensayo, para ampliar la oferta de servicios metrológicos de acuerdo con las demandas de los sectores productivos en regiones del territorio colombiano”. Como parte de las actividades del convenio, tendientes al cumplimiento de los objetivos, se dio apertura a la convocatoria 888-2020, la cual por objetivo “Conformar un banco de proyectos elegibles para apoyar la implementación y/o acreditación de servicios de calibración o de ensayo en los departamentos priorizados, a través del fortalecimiento de las capacidades metrológicas de los laboratorios, con el propósito de contribuir a la mejora de la productividad y competitividad en el país.” el cual se suscribió entre MinCiencias y el INM. Como resultado de la convocatoria 888-2020, el 20 de noviembre de 2021 se publicó el Banco Definitivo de Elegibles con 87 propuestas de proyectos seleccionadas y habilitadas para recibir recursos de cofinanciación. Durante el año 2020 y 2021 se adelantó la contratación de 17 y 16 propuestas de proyectos respectivamente. Los retrasos generados se deben a los cambios internos en MinCiencias, de acuerdo con el estado los que se encuentran en firma y en elaboración, se tendrán hasta el primer mes del 2023. | BK42: O.K
E43: 39 | F43: Publicar guías para mediciones químicas, biológicas o de calibración - RCM | G43: Soporte de solicitud de publicación de la guía Documento de Guías para mediciones químicas, biológicas o de calibración publicadas | R43: 1 | S43: 1 | T43: =SUM(H43:S43) -> 2 | U43: Subdirector SMQB | V43: Subdirección de Metrología Química y Biología | W43: Plan de trabajo Mesas MINCIT cafeteros - plaguicidas Proyecto Universidad de Lovaina Proyecto de inversión SMQB | X43: =AL43 -> 0 | Y43: =AN43 -> 0 | Z43: =AP43 -> 0 | AA43: =AR43 -> 0 | AB43: =AT43 -> 0 | AC43: =AV43 -> 0 | AD43: =AX43 -> 0 | AE43: =AZ43 -> 0 | AF43: =BB43 -> 0 | AG43: =BD43 -> 0 | AH43: =BF43 -> 0 | AI43: =BH43 -> 2 | AJ43: =SUM(X43:AI43) -> 2 | AK43: =AJ43/T43 -> 1 | BF43: 0 | BG43: Se incumple la met progrmada. | BH43: 2 | BI43: Se publicaron 2 guias | BK43: O.K
E44: 40 | F44: Realizar seguimiento al Convenio Especial de Cooperación No- 584/002-2021 dado en el marco de la alianza MinCiencias - INM | G44: Concepto de supervisión en el primer y segundo semestre del 2022 con respecto al desarrollo y avances tecnicos y financiero del Convenio Especial de Cooperación No. 584/002-2020 | M44: 1 | S44: 1 | T44: =SUM(H44:S44) -> 2 | U44: Margarita Rubio González | V44: Subdirección de Servicios Metrológicos y Relación con el Ciudadano | W44: Funcionamiento | X44: =AL44 -> 0 | Y44: =AN44 -> 0 | Z44: =AP44 -> 0 | AA44: =AR44 -> 0 | AB44: =AT44 -> 0 | AC44: =AV44 -> 1 | AD44: =AX44 -> 0 | AE44: =AZ44 -> 0 | AF44: =BB44 -> 0 | AG44: =BD44 -> 0 | AH44: =BF44 -> 0 | AI44: =BH44 -> 1 | AJ44: =SUM(X44:AI44) -> 2 | AK44: =AJ44/T44 -> 1 | AV44: 1 | AW44: Se entrega documento donde se describen las principales acciones realizadas para seleccionar las propuestas de proyectos de innovación a ser apoyadas en la modalidad de cofinanciación en el marco del Convenio Especial de Cooperación No. 584/002-2020 (584-2020 numeración MinCiencias y Cv 002-2020 numeración INM) y del Otrosí No. 1 de este Convenio Especial de Cooperación. Así como el seguimiento realizado a estos. | BH44: 1 | BI44: Se realiza entrega del informe que describe las principales acciones realizadas para seleccionar las propuestas de proyectos de innovación a ser apoyadas en la modalidad de cofinanciación en el marco del Convenio Especial de Cooperación No. 584/002-2020 (584-2020 numeración MinCiencias y Cv 002-2020 numeración INM) y del Otrosí No. 1 de este Convenio Especial de Cooperación.
E45: 41 | F45: Apoyar por lo menos dos (2) eventos de articulación de los laboratorios de calibración o de ensayos apoyados a través de la Alianza -INM - MinCiencias | G45: Dos (2) informes de los eventos de articulación de laboratorios de calibración o de ensayos apoyados a través de la Alianza -INM - MinCiencias | M45: 1 | S45: 1 | T45: =SUM(H45:S45) -> 2 | U45: Margarita Rubio González | V45: Subdirección de Servicios Metrológicos y Relación con el Ciudadano | W45: Funcionamiento | X45: =AL45 -> 0 | Y45: =AN45 -> 0 | Z45: =AP45 -> 0 | AA45: =AR45 -> 0 | AB45: =AT45 -> 0 | AC45: =AV45 -> 1 | AD45: =AX45 -> 0 | AE45: =AZ45 -> 0 | AF45: =BB45 -> 0 | AG45: =BD45 -> 0 | AH45: =BF45 -> 0 | AI45: =BH45 -> 1 | AJ45: =SUM(X45:AI45) -> 2 | AK45: =AJ45/T45 -> 1 | AV45: 1 | AW45: Se realiza entrega del Informe de Realización de Evento de Socialización de la Ampliación de Oferta de Servicios y Fortalecimiento de las Capacidades del Laboratorio | BH45: 1 | BI45: Se entrega el soporte correspondiente que es un informe generado por la Corporación para la investigación de la corrosión. WEBINAR: CALIDAD DE HIDROCARBUROS LÍQUIDOS Experiencia CIC en implementación de ensayos para fiscalización de crudos
C46: B.1.3 Posicionar la cultura, formación y educación en metrología para la competitividad de los sectores productivos con énfasis en la industria y las regiones | D46: B 1.3-1 Implementación de la estrategia de cultura, formación y educación | E46: 42 | F46: Diseñar la oferta del servicio de capacitación en Ensayo de aptitud/Comparaciones interlaboratorio | G46: * Documento del diseño de la capacitación en EA y comparación interlaboratorio (M11) * Matriz Excel con el plan de trabajo para la implementación del diseño (M7) | N46: 1 | R46: 1 | T46: =SUM(H46:S46) -> 2 | U46: Katherin Holguin | V46: Subdirección de Servicios Metrológicos y Relación con el Ciudadano | W46: Funcionamiento | X46: =AL46 -> 0 | Y46: =AN46 -> 0 | Z46: =AP46 -> 0 | AA46: =AR46 -> 0 | AB46: =AT46 -> 0 | AC46: =AV46 -> 0 | AD46: =AX46 -> 1 | AE46: =AZ46 -> 0 | AF46: =BB46 -> 0 | AG46: =BD46 -> 0 | AH46: =BF46 -> 1 | AI46: =BH46 -> 0 | AJ46: =SUM(X46:AI46) -> 2 | AK46: =AJ46/T46 -> 1 | AX46: 1 | AY46: Se entrega la Matriz Excel con el plan de trabajo para la implementación del diseño, la cual fue elaborada con el apoyo pedagógico del GSM. | BF46: 1 | BG46: Se realiza entrega del documento con el diseño del curso ISO_IEC 17043.
E47: 43 | F47: Identificar necesidades para el diseño e implementación del proceso de certificación de personas en metrología | G47: 1- Documento de propuesta de Sistema de Gestión en ISO 17024. (M6) 2- Documento sobre brechas para la implementación del proceso de certificación de personas en metrología. (M12). | M47: 1 | S47: 1 | T47: =SUM(H47:S47) -> 2 | U47: Diego Alejandro Martínez | V47: Subdirección de Servicios Metrológicos y Relación con el Ciudadano | X47: =AL47 -> 0 | Y47: =AN47 -> 0 | Z47: =AP47 -> 0 | AA47: =AR47 -> 0 | AB47: =AT47 -> 0 | AC47: =AV47 -> 1 | AD47: =AX47 -> 0 | AE47: =AZ47 -> 0 | AF47: =BB47 -> 0 | AG47: =BD47 -> 0 | AH47: =BF47 -> 0 | AI47: =BH47 -> 1 | AJ47: =SUM(X47:AI47) -> 2 | AK47: =AJ47/T47 -> 1 | AV47: 1 | AW47: Se entrega la propuesta de Sistema de Gestión en ISO 17024, que trata de la identificación de brechas para la implementación del proceso de certificación de competencia laboral en metrología bajo los lineamientos de la norma ISO 17024:2013 | BH47: 1 | BI47: Se entrega informe de diagnóstico INM BAJO 17024
E48: 44 | F48: Implementar la Estrategia para la cualificación del Talento Humano en metrología | G48: 1- Plan de trabajo para la implementación de la Estrategia para la cualificación del Talento Humano en Metrología (M4) 2- Informe de seguimiento con evidencias correspondientes (M6) (M12) | K48: 1 | M48: 1 | S48: 1 | T48: =SUM(H48:S48) -> 3 | U48: Cesar Augusto Parra | V48: Subdirección de Servicios Metrológicos y Relación con el Ciudadano | W48: Funcionamiento | X48: =AL48 -> 0 | Y48: =AN48 -> 0 | Z48: =AP48 -> 0 | AA48: =AR48 -> 1 | AB48: =AT48 -> 1 | AC48: =AV48 -> 1 | AD48: =AX48 -> 0 | AE48: =AZ48 -> 0 | AF48: =BB48 -> 0 | AG48: =BD48 -> 0 | AH48: =BF48 -> 0 | AI48: =BH48 -> 1 | AJ48: =SUM(X48:AI48) -> 4 | AK48: =AJ48/T48 -> 1.3333333 | AR48: 1 | AS48: Se entregan dos (2) documentos donde se evidencia el plan de trabajo para la implementación de la Estrategia para la cualificación del Talento Humano en Metrología. | AT48: 1 | AU48: Se entregan dos (2) documentos donde se evidencia el plan de trabajo para la implementación de la Estrategia para la cualificación del Talento Humano en Metrología. | AV48: 1 | AW48: Se entregan los Informes de seguimientos con evidencias que corresponden a la implementación de Estrategia para la cualificación del Talento Humano en metrología. | BH48: 1 | BI48: Se realiza entrega del Informe de seguimiento de la implementación de la estrategia para la cualificación del capital humano en metrología; con sus debidos anexos.
D49: B 1.3-2 Talleres o eventos dirigidos a los sectores productivos (incluida la industria y laboratorios acreditados) realizados en las regiones para la transferencia de conocimiento en metrología | E49: 45 | F49: Realizar talleres o eventos dirigidos a los sectores productivos en metrología Física | G49: Listado de asistencia y presentación del taller o evento | L49: 1 | P49: 1 | R49: 1 | T49: =SUM(H49:S49) -> 3 | U49: Jhojan Enrique Garcia | V49: Subdirección de Metrología Física | W49: Funcionamiento | X49: =AL49 -> 0 | Y49: =AN49 -> 0 | Z49: =AP49 -> 0 | AA49: =AR49 -> 0 | AB49: =AT49 -> 1 | AC49: =AV49 -> 0 | AD49: =AX49 -> 0 | AE49: =AZ49 -> 0 | AF49: =BB49 -> 1 | AG49: =BD49 -> 0 | AH49: =BF49 -> 0 | AI49: =BH49 -> 2 | AJ49: =SUM(X49:AI49) -> 4 | AK49: =AJ49/T49 -> 1.3333333 | AT49: 1 | AU49: El laboratorio de Dureza realizó junto con la RCM taller denominado “Metrología de dureza”. el cual se llevó a cabo el día 20 de Abril de 2022 Como soporte: se remite Presentación del taller realizado, Lista de asistencia y Agenda del Taller | BB49: 1 | BC49: Listado de asistencia y presentación del taller o evento | BF49: 0 | BG49: El evento se realizara en el mes de Diciembre | BH49: 2 | BI49: Se realizaron 2 talleres dirigidos a sectores productivos en metrología física, los cuales corresponden a: 1. MEDICIÓN DE DISTORSIÓN ARMÓNICA: REQUISITOS PARA LOS INSTRUMENTOS DE CALIDAD DE ENERGÍA (POWER QUALITY INSTRUMENTS – PQI): 2. INTRODUCCIÓN MÉTODO DE MONTE CARLO Como soporte: Se adjunta presentaciones de los cursos
E50: 46 | F50: Desarrollar actividades de divulgación: talleres, eventos o seminarios en temas de metrología química y biología. | G50: Listado de asistencia Presentaciones | O50: 1 | Q50: 1 | R50: 0 | S50: 0 | T50: =SUM(H50:S50) -> 2 | U50: Subdirector SMQB | V50: Subdirección de Metrología Química y Biología | W50: Proyecto ColombiaMide Proyecto GQSP - calidad de químicos de ONUDI Convocatoria Minciencias 890 | X50: =AL50 -> 0 | Y50: =AN50 -> 0 | Z50: =AP50 -> 0 | AA50: =AR50 -> 0 | AB50: =AT50 -> 0 | AC50: =AV50 -> 0 | AD50: =AX50 -> 0 | AE50: =AZ50 -> 0 | AF50: =BB50 -> 0 | AG50: =BD50 -> 0 | AH50: =BF50 -> 0 | AI50: =BH50 -> 1 | AJ50: =SUM(X50:AI50) -> 1 | AK50: =AJ50/T50 -> 0.5 | AZ50: 0 | BA50: Se incumple esta actividad debido a que no se pudo realizar el taller "medición y estimación de incertidumbre para la determinación de grasa en alimentos," dado que no se cuentan con los reactivos y materiles necesarios para la ejecución del taller, ademas el personal se encuentra realizando otras actividades administrativas que han impedido realizar la estructuración de dicho taller. | BB50: 0 | BC50: Se incumple esta actividad debido a que no se pudo realizar el taller "medición y estimación de incertidumbre para la determinación de grasa en alimentos," dado que no se cuentan con los reactivos y materiles necesarios para la ejecución del taller, ademas el personal se encuentra realizando otras actividades administrativas que han impedido realizar la estructuración de dicho taller. | BD50: 0 | BE50: no se realizar el taller debido a que no se realizó un contrato requerido para la validación del metodo de medición de BPA, lo que afecta directamente la realización del taller en esta vigencia. | BF50: 0 | BG50: no se realizar el taller debido a que no se realizó un contrato requerido para la validación del metodo de medición de BPA, lo que afecta directamente la realización del taller en esta vigencia. | BH50: 1 | BI50: Se realizo un taller | BK50: O.K
E51: 47 | F51: Desarrollar actividades de divulgación de innovación y servicios tecnológicos: talleres y eventos, en el marco de la RCM | G51: 1- Cronograma de talleres y eventos RCM (M4). 2- Informe de los eventos y talleres realizados con sus respectivas listas de asistencia y memorias de los eventos. (M6) (M9) (M12) | K51: 1 | M51: 1 | P51: 1 | S51: 1 | T51: =SUM(H51:S51) -> 4 | U51: Diego Alejandro Martínez | V51: Subdirección de Servicios Metrológicos y Relación con el Ciudadano | W51: Funcionamiento | X51: =AL51 -> 0 | Y51: =AN51 -> 0 | Z51: =AP51 -> 0 | AA51: =AR51 -> 1 | AB51: =AT51 -> 0 | AC51: =AV51 -> 1 | AD51: =AX51 -> 0 | AE51: =AZ51 -> 0 | AF51: =BB51 -> 1 | AG51: =BD51 -> 0 | AH51: =BF51 -> 0 | AI51: =BH51 -> 1 | AJ51: =SUM(X51:AI51) -> 4 | AK51: =AJ51/T51 -> 1 | AR51: 1 | AS51: Se realiza entrega del cronograma de actividades de divulgación de los talleres y eventos de la RCM. | AV51: 1 | AW51: Se realiza entrega del informe que comprende la realización de los eventos y talleres que se han elaborado en el marco de la Red Colombiana de Metrología en el período del primer semestre del año 2022. De igual manera se entregan sus repectivas evidencias relacionadas en el siguiente drive compartido: https://drive.google.com/drive/folders/1Bps9QxuQKCeFFM0BvSnkBEBKCiWpmqXo | BB51: 1 | BC51: Se entega el Informe de los eventos y talleres realizados con sus respectivas listas de asistencia y memorias de los eventos. | BH51: 1 | BI51: Se entrega informe de eventos y talleres realizados durante el último trimestre
E52: 48 | F52: Desarrollar talleres o eventos dirigidos a las entidades territoriales, asociaciones y grupos de población específicos, realizados en las regiones para la transferencia de conocimiento en metrología | G52: Listados de asistencia y Presentación de talleres o eventos | M52: 4 | S52: 2 | T52: =SUM(H52:S52) -> 6 | U52: Mayer Flórez Cárdenas | V52: Subdirección de Servicios Metrológicos y Relación con el Ciudadano | W52: Proyecto de Inversión PEI | X52: =AL52 -> 0 | Y52: =AN52 -> 0 | Z52: =AP52 -> 1 | AA52: =AR52 -> 0 | AB52: =AT52 -> 0 | AC52: =AV52 -> 4 | AD52: =AX52 -> 0 | AE52: =AZ52 -> 0 | AF52: =BB52 -> 0 | AG52: =BD52 -> 0 | AH52: =BF52 -> 0 | AI52: =BH52 -> 0 | AJ52: =SUM(X52:AI52) -> 5 | AK52: =AJ52/T52 -> 0.83333333 | AP52: 1 | AQ52: Se entregan las presentaciones y listados de asistencia del Foro científico social "Metrología es calidad de vida" desarrollado en la ciudad de Valledupar - Cesar, el pasado jueves 31 de marzo, en él se evidencia que asistieron 46 participantes de empresas y entidades cómo: Metrología y control Mic Universidad upc Universidad de Cartagena Gobernación del Cesar Realianz Fenalco Valledupar Cooperación técnica del Cesar CDT Cesar Agrosavia CRCC Soprongras Aspacco CDT Cesar Radio nacional Alcaldía de Valledupar Universidad UDES Área metropolitana de Valledupar Alcalde del municipio de Astrea Asoprokia Presto Secretaría de planeación de Alcaldía de Valledupar Cámara de comercio de Valledupar Diario el Pilón | AV52: 4 | AW52: Durante el primer semestre se realizaron cuatro (4) Foros Científicos Sociales "Metrología es Calidad de Vida". 1. Amazonas 2. Cordoba 3. Santander 4. Valledupar Como evidencias se entregan listas de asitencias y presentaciones de cada uno de los foros realizados. | BH52: 0 | BI52: El reporte para la meta de los dos (2) eventos que se ajustaron a que se raelizaran de manera virtual no se llevaron a cabo. El reporte paa el plan de acción queda con 4 talleres o eventos reportados.
C53: B.1.4 Desarrollar y transferir productos metrológicos a los laboratorios (incluyendo los acreditados), centros de investigación o sector productivo | D53: B 1.4-1 Organizaciones intervenidas con las modalidades de asistencia técnica | E53: 49 | F53: Prestar horas de Asistencia Técnica por personal de la SMQB solicitadas por SSMRC | G53: Lista de asistencia a reuniones Reporte de actividades ejecutadas | S53: 1 | T53: =SUM(H53:S53) -> 1 | U53: Subdirector SMQB | V53: Subdirección de Metrología Química y Biología | W53: Servicios del INM Proyecto GQSP - calidad de químicos de ONUDI | X53: =AL53 -> 0 | Y53: =AN53 -> 0 | Z53: =AP53 -> 0 | AA53: =AR53 -> 0 | AB53: =AT53 -> 0 | AC53: =AV53 -> 0 | AD53: =AX53 -> 0 | AE53: =AZ53 -> 0 | AF53: =BB53 -> 0 | AG53: =BD53 -> 0 | AH53: =BF53 -> 0 | AI53: =BH53 -> 1 | AJ53: =SUM(X53:AI53) -> 1 | AK53: =AJ53/T53 -> 1 | BH53: 1 | BI53: Se prestaron horas de asisitencia técnica | BK53: O.K
E54: 50 | F54: Prestar servicios de asistencia técnica | G54: Reporte cuatrimestral de las horas de AT prestadas / demanda | K54: 1 | O54: 1 | S54: 1 | T54: =SUM(H54:S54) -> 3 | U54: Claudia Guillen | V54: Subdirección de Servicios Metrológicos y Relación con el Ciudadano | W54: Proyecto de Inversión | X54: =AL54 -> 0 | Y54: =AN54 -> 0 | Z54: =AP54 -> 0 | AA54: =AR54 -> 1 | AB54: =AT54 -> 0 | AC54: =AV54 -> 0 | AD54: =AX54 -> 0 | AE54: =AZ54 -> 1 | AF54: =BB54 -> 0 | AG54: =BD54 -> 0 | AH54: =BF54 -> 0 | AI54: =BH54 -> 1 | AJ54: =SUM(X54:AI54) -> 3 | AK54: =AJ54/T54 -> 1 | AR54: 1 | AS54: Se realiza entrega del documento que consolida la información de gestión y actividades realizadas de las diferentes modalidades del servicio de asistencia técnica durante el periodo de enero a abril de 2022. El proceso se desarrolla según los procedimientos aprobados e instructivos asociados en el Sistema Integrado de Gestión (M1-04-P-01). | AZ54: 1 | BA54: Se realiza el reporte del segundo cuatrimestre de las horas de AT prestadas / demanda; que cpnsolida la información de gestión y actividades realizadas de las diferentes modalidades del servicio de asistencia técnica. | BH54: 1 | BI54: Se realiza entrega del documento que consolida la información de gestión y actividades realizadas de las diferentes modalidades del servicio de Asistencia Técnica..
E55: 51 | F55: Implementar un programa piloto de Asistencia Técnica para Mipymes (laboratorios) | G55: *Terminos de referencia convocatoria (M5) *manual operativo(M12) *caja de herramientas (M12) | L55: 1 | S55: 2 | T55: =SUM(H55:S55) -> 3 | U55: Claudia Angélica Guillen Luisa Juana Bernal Roa | V55: Subdirección de Servicios Metrológicos y Relación con el Ciudadano | W55: CONPES 3957 | X55: =AL55 -> 0 | Y55: =AN55 -> 0 | Z55: =AP55 -> 0 | AA55: =AR55 -> 0 | AB55: =AT55 -> 1 | AC55: =AV55 -> 0 | AD55: =AX55 -> 0 | AE55: =AZ55 -> 0 | AF55: =BB55 -> 0 | AG55: =BD55 -> 0 | AH55: =BF55 -> 0 | AI55: =BH55 -> 2 | AJ55: =SUM(X55:AI55) -> 3 | AK55: =AJ55/T55 -> 1 | AT55: 1 | AU55: Se realiza entrega de los Términos de referencia para la convocatoria para participar en el piloto del Programa de Atención a Necesidades Metrológicas -PANM- para el fortalecimiento de capacidades metrológicas de los laboratorios MiPymes que prestan servicios de calibración y ensayo a cadenas productivas priorizadas. | AV55: 0 | AW55: Se realizó solicitud de ajuste en la programación así: Se solicita realizar el ajuste del entregable cambiando su programación del M6 al M10, en razón a que para el mes de junio no se tendrán elegidos los laboratorios para el piloto. Sin embargo, desde la OAP se concluyó que no se ajustará la programación, por ende quedará pendiente hasta que se realice la entrega de la evidencia. Se espera se realice en el M10. | AX55: 0 | AY55: El entregable se reportará en el M10, p sin embargo se relaciona el siguiente avance: Se anexa la invitación para la reunión realizada el día de ayer con el fin de evaluar los mecanismos posibles para la selección de laboratorios que participarán en el Programa de Atención a Necesidades Metrológicas-PANM, dado que no se tienen laboratorios seleccionados no es posible evidenciar horas de asistencia técnica. | BA55: El entregable se reportará en el M10 | BB55: 0 | BC55: Para el entregable del M9 se realizo solicitud deajustes para los entegables y la progrmación (ver solicitud de ajsutes de la SSMRC). Por otro lado, se entregan evidencias de avances de la actividad: - Reunión con control interno en relación al mecanismo para poner en marcha el piloto del Programa de Atención a Necesidades Metrológicas-PANM -Consulta al Departamento Administrativo de la Función Pública-DAFP sobre el mecanismo para poner en marcha el piloto del Programa de Atención a Necesidades Metrológicas-PANM | BD55: 0 | BE55: Para el entregable del M10 se realizo solicitud deajustes para los entegables y la progrmación (ver solicitud de ajsutes de la SSMRC). Por otro lado, se entregan evidencias de avances de la actividad: - Reunión con control interno en relación al mecanismo para poner en marcha el piloto del Programa de Atención a Necesidades Metrológicas-PANM -Consulta al Departamento Administrativo de la Función Pública-DAFP sobre el mecanismo para poner en marcha el piloto del Programa de Atención a Necesidades Metrológicas-PANM | BH55: 2 | BI55: Se realiza entrega del *manual operativo y la *caja de herramientas
D56: B 1.4-2 Materiales de Referencia o ítems de ensayo de aptitud nuevos desarrollados y dispuestos para la comercialización | E56: 52 | F56: Mantener la oferta de Materiales de Referencia | G56: Informe de Producción de MR O Informe de recertificación/certificación o Informe ampliación de vigencia | O56: 1 | P56: 2 | T56: =SUM(H56:S56) -> 3 | U56: Subdirector SMQB | V56: Subdirección de Metrología Química y Biología | W56: Servicios del INM Proyecto de inversión SMQB | X56: =AL56 -> 0 | Y56: =AN56 -> 0 | Z56: =AP56 -> 0 | AA56: =AR56 -> 0 | AB56: =AT56 -> 0 | AC56: =AV56 -> 0 | AD56: =AX56 -> 0 | AE56: =AZ56 -> 1 | AF56: =BB56 -> 1 | AG56: =BD56 -> 0 | AH56: =BF56 -> 0 | AI56: =BH56 -> 1 | AJ56: =SUM(X56:AI56) -> 3 | AK56: =AJ56/T56 -> 1 | AZ56: 1 | BA56: Se elaboró el informe de ampliación de vigencia para le MRC de aflatoxina B1. | BB56: 1 | BC56: Se elaboró el informe de ampliación de vigencia para le MRC de etanol en agua. | BH56: 1 | BI56: Se entrego un MRC
E57: 53 | F57: Producir Materiales de Referencia nuevos | G57: Informe de producción de MR | K57: 1 | M57: 1 | N57: 1 | P57: 0 | Q57: 0 | T57: =SUM(H57:S57) -> 3 | U57: Subdirector SMQB | V57: Subdirección de Metrología Química y Biología | W57: Servicios del INM Proyecto PTB-Hg Proyecto GQSP - calidad de químicos de ONUDI PEI - PES Proyecto de inversión SMQB | X57: =AL57 -> 0 | Y57: =AN57 -> 0 | Z57: =AP57 -> 0 | AA57: =AR57 -> 1 | AB57: =AT57 -> 0 | AC57: =AV57 -> 1 | AD57: =AX57 -> 1 | AE57: =AZ57 -> 0 | AF57: =BB57 -> 0 | AG57: =BD57 -> 0 | AH57: =BF57 -> 0 | AI57: =BH57 -> 0 | AJ57: =SUM(X57:AI57) -> 3 | AK57: =AJ57/T57 -> 1 | AR57: 1 | AS57: Se produjo el MR nuevo de Solución de Clorpirifos (D10) en acetonitrilo | AV57: 1 | AW57: Se produjo el MR nuevo de contaminantes en labial | AX57: 1 | AY57: Se produjo el MRC de Mercurio total en harina de pescado | BB57: 0 | BC57: Para el entregable del M9 se realizo solicitud de ajustes para los entegables y la programación | BD57: 0 | BE57: Para el entregable del M10 se realizo solicitud de ajustes para los entegables y la programación
E58: 54 | F58: Producir Materiales de Referencia piloto / ítems de comparación | G58: Informe de producción de MR | L58: 1 | M58: 1 | N58: 0 | O58: 1 | P58: 1 | Q58: 0 | R58: 2 | T58: =SUM(H58:S58) -> 6 | U58: Subdirector SMQB | V58: Subdirección de Metrología Química y Biología | W58: Metrology for safe food and feed mycotoxins Convocatoria Minciencias 890 Proyecto Cadmio en Cacao Convenio ICA Convenio INS Artical II PEI - PES Proyecto de inversión SMQB | X58: =AL58 -> 0 | Y58: =AN58 -> 0 | Z58: =AP58 -> 0 | AA58: =AR58 -> 0 | AB58: =AT58 -> 1 | AC58: =AV58 -> 0 | AD58: =AX58 -> 0 | AE58: =AZ58 -> 0 | AF58: =BB58 -> 0 | AG58: =BD58 -> 0 | AH58: =BF58 -> 2 | AI58: =BH58 -> 1 | AJ58: =SUM(X58:AI58) -> 4 | AK58: =AJ58/T58 -> 0.66666667 | AT58: 1 | AU58: Se produjo un MR piloto de control positivo de SARS-CoV-2 | AV58: 0 | AW58: Debido a que para la producción del MR piloto FOC ha presentado algunos contratiempos en la contratación para la adquisición de los insumos y reactivos, los cuales requeridos para la preparación de los materiales y para la caracterización de las muestras. | AX58: 0 | AY58: Debido a que para la producción del IEA FOC (item de comparación) ha presentado algunos contratiempos en la contratación para la adquisición de los insumos y reactivos, los cuales requeridos para la preparación de los materiales y para la caracterización de las muestras. | BA58: Se incumple la meta debido a que aun no se cuenta con el contrato de materiales y reactivos, requeridos para la produccion de los MR pilotos e items de comapración. | BB58: 0 | BC58: Para el entregable del M9 se realizo solicitud de ajustes para los entegables y la programación | BD58: 0 | BE58: Para el entregable del M10 se realizo solicitud de ajustes para los entegables y la programación. | BF58: 2 | BG58: Se reporta un informde MR piloto de patulina y otro de MR piloto de contaminantes en arroz. | BH58: 1 | BI58: Se reporta 1 MR de piloto de Sars cov 2
E59: 55 | F59: Desarrollar la capacidad técnica para la certificación de materiales de referencia | G59: Informe de validación de métodos de medición | M59: 1 | P59: 2 | Q59: 2 | R59: 1 | S59: 1 | T59: =SUM(H59:S59) -> 7 | U59: Subdirector SMQB | V59: Subdirección de Metrología Química y Biología | W59: Metrology for safe food and feed mycotoxins Proyecto GQSP - calidad de químicos de ONUDI Plan de fortalecimiento Convocatoria Minciencias 890 Proyecto Cadmio en Cacao Convenio UNAL Artical II Proyecto de inversión SMQB | X59: =AL59 -> 0 | Y59: =AN59 -> 0 | Z59: =AP59 -> 0 | AA59: =AR59 -> 0 | AB59: =AT59 -> 0 | AC59: =AV59 -> 1 | AD59: =AX59 -> 0 | AE59: =AZ59 -> 0 | AF59: =BB59 -> 2 | AG59: =BD59 -> 1 | AH59: =BF59 -> 1 | AI59: =BH59 -> 1 | AJ59: =SUM(X59:AI59) -> 6 | AK59: =AJ59/T59 -> 0.85714286 | AV59: 1 | AW59: Se realizo la validación del metodo de Determinación de fracción másica (pureza) de la sal disódica dihidratada del ácido etilendiaminotetracético (EDTA), en el reactivo sólido, por titulación complejométrica con ion plomo. | BB59: 2 | BC59: Se elaboraron los informes de dos validciones de métodos uno de aniones y de elementos en agua natural. | BD59: 1 | BE59: Se validó la tecnica analítica para la medicón de patulina en solución calibrante. | BF59: 1 | BG59: Se reporta informe de validación de metodo de patulina | BH59: 1 | BI59: Se reporta un metodo validado
D60: B 1.4-3 Servicio de Comparaciones Interlaboratorios organizadas | E60: 56 | F60: Desarrollar componente técnico del estudio colaborativo | G60: Informe de componente técnico | O60: 0 | T60: =SUM(H60:S60) -> 0 | U60: Subdirector SMQB | V60: Subdirección de Metrología Química y Biología | W60: Proyecto Universidad de Lovaina | X60: =AL60 -> 0 | Y60: =AN60 -> 0 | Z60: =AP60 -> 0 | AA60: =AR60 -> 0 | AB60: =AT60 -> 0 | AC60: =AV60 -> 0 | AD60: =AX60 -> 0 | AE60: =AZ60 -> 0 | AF60: =BB60 -> 0 | AG60: =BD60 -> 0 | AH60: =BF60 -> 0 | AI60: =BH60 -> 0 | AJ60: =SUM(X60:AI60) -> 0 | AK60: 0 | BA60: No se reporta debido a que se solicito eliminar esta actividad en el mes de junio, la cual no fue aceptada, en este sentido esto que dariá incumplido. | BB60: 0 | BC60: No se reporta debido a que se solicito eliminar esta actividad en el mes de junio, la cual no fue aceptada, en este sentido esto que dariá incumplido. | BD60: 0 | BE60: No se reporta debido a que se solicito eliminar esta actividad en el mes de junio, la cual no fue aceptada, en este sentido esto que dariá incumplido. | BK60: O.K
E61: 57 | F61: Coadyuvar en la generación de protocolos de los ensayos de aptitud programadas por SSMRC | G61: Documento con el protocolo preliminar | M61: 1 | N61: 1 | S61: 1 | T61: =SUM(H61:S61) -> 3 | U61: Subdirector SMQB | V61: Subdirección de Metrología Química y Biología | W61: Convenio ICA Convenio INS Servicios del INM | X61: =AL61 -> 0 | Y61: =AN61 -> 0 | Z61: =AP61 -> 0 | AA61: =AR61 -> 0 | AB61: =AT61 -> 0 | AC61: =AV61 -> 1 | AD61: =AX61 -> 1 | AE61: =AZ61 -> 0 | AF61: =BB61 -> 0 | AG61: =BD61 -> 0 | AH61: =BF61 -> 0 | AI61: =BH61 -> 1 | AJ61: =SUM(X61:AI61) -> 3 | AK61: =AJ61/T61 -> 1 | AV61: 1 | AW61: Se elaboró el protocolo para el ensayo de aptitud de Detección del ADN genómico Foc R4T | AX61: 1 | AY61: Se elaboró el protocolo para el ensayo de aptitud de SARS COV 2 | BH61: 1 | BI61: Se entrego un protocolo de suelos
E62: 58 | F62: Desarrollar estudios colaborativos | G62: Informe de avance del estudio colaborativo (M12) | S62: 1 | T62: =SUM(H62:S62) -> 1 | U62: Katherin Holguin Agudelo | V62: Subdirección de Servicios Metrológicos y Relación con el Ciudadano | X62: =AL62 -> 0 | Y62: =AN62 -> 0 | Z62: =AP62 -> 0 | AA62: =AR62 -> 0 | AB62: =AT62 -> 0 | AC62: =AV62 -> 0 | AD62: =AX62 -> 0 | AE62: =AZ62 -> 0 | AF62: =BB62 -> 0 | AG62: =BD62 -> 0 | AH62: =BF62 -> 0 | AI62: =BH62 -> 1 | AJ62: =SUM(X62:AI62) -> 1 | AK62: =AJ62/T62 -> 1 | BH62: 1 | BI62: Se realiza entrega del informe e avance del estudio colaborativo.
E63: 59 | F63: Socializar documento con lineamientos para la prestación del servicio de Ensayos de Aptitud | G63: Documento aprobado en el CIGD | M63: 1 | T63: =SUM(H63:S63) -> 1 | U63: Katherin Holguin Agudelo | V63: Subdirección de Servicios Metrológicos y Relación con el Ciudadano | W63: Funcionamiento | X63: =AL63 -> 0 | Y63: =AN63 -> 0 | Z63: =AP63 -> 0 | AA63: =AR63 -> 0 | AB63: =AT63 -> 0 | AC63: =AV63 -> 0 | AD63: =AX63 -> 0 | AE63: =AZ63 -> 0 | AF63: =BB63 -> 0 | AG63: =BD63 -> 0 | AH63: =BF63 -> 0 | AI63: =BH63 -> 1 | AJ63: =SUM(X63:AI63) -> 1 | AK63: =AJ63/T63 -> 1 | AV63: 0 | AW63: Desde Asistencia Técnica ya se cuenta con un documento borrador de la hoja de ruta que tiene como base de construcción las entrevistas con proveedores de EA internacionales (INTI, INMETRO, LATU, CENAM, LCM e IBMETRO) pero se requiere completar de acuerdo con la nueva visión de la subdirección de servicios Metrológicos y Relación con el Ciudadano de contribuir al fortalecimiento de la oferta nacional. Dado lo anterior, es un entregable en desarrollo que es necesario completar con entrevistas a proveedores nacionales y cabezas de red de laboratorios. El personal del proceso de ensayos de aptitud ya ha tenido mesas de trabajo para revisar el actual documento y estructurar la metodología de las nuevas entrevistas. Nota: Se solicitó reprogramación de fecha de entrega. | AX63: 0 | AY63: Esta actividad se encuentra en progreso y está previsto realizar esta socialización de este documento en el M11 de la presente vigencia. | AZ63: 0 | BA63: El entregable se reportará en el M11 | BB63: 0 | BC63: El entregable se reportará en el M11 | BD63: 0 | BE63: no se reporto entregable | BH63: 1 | BI63: Documento aprobado en el CIGD, para este caso se adjunta la presentación realizada en el CIGD No. 25 realizado el 2022-12-30 donde se aprobo el documento y en este momento se encuentra en proceso de revisión y gestión de firmas de los asistentes para el acta.
E64: 60 | F64: Prestar el servicios de Ensayos de Aptitud | G64: * Matriz Excel con el reporte de los EA realizados (M4, M6, M9 y M12) | K64: 1 | M64: 1 | P64: 1 | S64: 1 | T64: =SUM(H64:S64) -> 4 | U64: Katherin Holguin Agudelo | V64: Subdirección de Servicios Metrológicos y Relación con el Ciudadano | W64: Proyecto de Inversión PES PEI | X64: =AL64 -> 0 | Y64: =AN64 -> 0 | Z64: =AP64 -> 3 | AA64: =AR64 -> 1 | AB64: =AT64 -> 0 | AC64: =AV64 -> 1 | AD64: =AX64 -> 0 | AE64: =AZ64 -> 0 | AF64: =BB64 -> 1 | AG64: =BD64 -> 0 | AH64: =BF64 -> 0 | AI64: =BH64 -> 1 | AJ64: =SUM(X64:AI64) -> 7 | AK64: =AJ64/T64 -> 1.75 | AP64: 3 | AQ64: Se realiza el reporte de tres (3) Informes finales para los siguientes Ensayos de Aptitud: 1) EA Calibración bloques patrón Código: 21-INM-EA-07 2) EA determinación de elementos en Agua potable Código: 21-INM-EA-01, 3) EA bilateral calibración de Bloque Seco, Código: 21-INM-EA-12 Nota: Para el presente reporte de marzo se sobrepasa la meta en un (1) informe final. La meta actual es de 2 y se reportan 3, por favor tener en cuenta en los próximos reportes. | AR64: 1 | AS64: Se raliza entrega de la matriz excel con el reporte de los EA realizados. | AV64: 1 | AW64: Se realiza entrega de la Matriz Excel con el reporte de los EA realizados | BB64: 1 | BC64: Se realiza entrega de la Matriz Segumiento EA_Tercer trimestre | BH64: 1 | BI64: Se realiza entrega de la Matriz Excel con el reporte de los EA realizados
E65: 61 | F65: Estructurar la documentación del SIG para el producto de Estudios Colaborativos | G65: Procedimiento o instructivo de estudios colaborativos y formatos asociados | M65: 1 | T65: =SUM(H65:S65) -> 1 | U65: Katherin Holguin Agudelo | V65: Subdirección de Servicios Metrológicos y Relación con el Ciudadano | W65: Funcionamiento | X65: =AL65 -> 0 | Y65: =AN65 -> 0 | Z65: =AP65 -> 0 | AA65: =AR65 -> 0 | AB65: =AT65 -> 0 | AC65: =AV65 -> 0 | AD65: =AX65 -> 0 | AE65: =AZ65 -> 0 | AF65: =BB65 -> 0 | AG65: =BD65 -> 0 | AH65: =BF65 -> 0 | AI65: =BH65 -> 1 | AJ65: =SUM(X65:AI65) -> 1 | AK65: =AJ65/T65 -> 1 | AV65: 0 | AW65: Se cuenta con documentos que se encuentran en desarrollo y deben ser discutidos en mesa de trabajo con personal de la SMQB y de la SMF para posteriormente cargar en ISOLUCION y que se pueda realizar el respectivo flujo de aprobación. | AX65: 0 | AY65: Esta actividad se encuentra en progreso y está previsto realizarla en el mes 8 y 9 de la presente vigencia; adicionalmente. | AZ65: 0 | BA65: Esta actividad se encuentra en progreso y está previsto realizarla en el mes 8 y 9 de la presente vigencia; adicionalmente. | BB65: 0 | BC65: El presente entregable se espera cumplirse en el mes de noviembre, dado que se espera retroalimentación de las otras Subdirecciones que se encuentran involucradas en el producto de estudios colaborativos. A la fecha se han realizado mesas de trabajo con el personal de la SSMRC para la revisión del procedimiento, instructivo de estudios colaborativos y formatos asociados. | BD65: 0 | BE65: El presente entregable se espera cumplirse en el mes de noviembre, dado que se espera retroalimentación de las otras Subdirecciones que se encuentran involucradas en el producto de estudios colaborativos. A la fecha se han realizado mesas de trabajo con el personal de la SSMRC para la revisión del procedimiento, instructivo de estudios colaborativos y formatos asociados | BH65: 1 | BI65: Se realiza entrega del reporte de los documentos asociados a los estudios colaborativos y formatos asociados.
E66: 62 | F66: Implementar las acciones de mejora del proceso (Calidad y Control Interno) | G66: * Reporte de Acciones eficaces en ISOLUCION * Reporte de Hallazgos cerradas en SISEPM (M6 y M12) | M66: 1 | S66: 1 | T66: =SUM(H66:S66) -> 2 | U66: Katherin Holguin Agudelo | V66: Subdirección de Servicios Metrológicos y Relación con el Ciudadano | W66: Funcionamiento | X66: =AL66 -> 0 | Y66: =AN66 -> 0 | Z66: =AP66 -> 0 | AA66: =AR66 -> 0 | AB66: =AT66 -> 0 | AC66: =AV66 -> 1 | AD66: =AX66 -> 0 | AE66: =AZ66 -> 0 | AF66: =BB66 -> 0 | AG66: =BD66 -> 0 | AH66: =BF66 -> 0 | AI66: =BH66 -> 1 | AJ66: =SUM(X66:AI66) -> 2 | AK66: =AJ66/T66 -> 1 | AV66: 1 | AW66: Se realiza entrega del documento que detalla las acciones cerradas entre los meses de enero a junio del 2022 para el proceso de Ensayos de Aptitud (EA) en los aplicativos ISOLUCION y Sistema de Seguimiento de Planes de Mejoramiento (SISEPM) de Control interno. | BH66: 1 | BI66: Se realiza entrega del reporte de Acciones ISOLUCION y SISEPM del proceso de Ensayos de Aptitud
E67: 63 | F67: Realizar un evento que permita la interacción entre proveedores de EA y el INM | G67: Acta de reunión o listado de asistencia, presentación | P67: 1 | T67: =SUM(H67:S67) -> 1 | U67: Katherin Holguin Agudelo | V67: Subdirección de Servicios Metrológicos y Relación con el Ciudadano | W67: Funcionamiento | X67: =AL67 -> 0 | Y67: =AN67 -> 0 | Z67: =AP67 -> 0 | AA67: =AR67 -> 0 | AB67: =AT67 -> 0 | AC67: =AV67 -> 0 | AD67: =AX67 -> 0 | AE67: =AZ67 -> 0 | AF67: =BB67 -> 0 | AG67: =BD67 -> 0 | AH67: =BF67 -> 1 | AI67: =BH67 -> 0 | AJ67: =SUM(X67:AI67) -> 1 | AK67: =AJ67/T67 -> 1 | BB67: 0 | BC67: El entregable se tiene programado realizarse para el mes de octubre debido a que desde el grupo de Ensayos de Aptitud nos encontrábamos realizando mesas de trabajo para construir las temáticas a tratar y por ello se tuvo que brindar un tiempo adicional para la divulgación del evento en redes sociales y medios autorizados, también para selección y confirmación de participantes teniendo en cuenta la especificación técnica de los temas. Actualmente, el evento está programado para el 7 de octubre de 13:30 a 17:00 y será presencial en las instalaciones del INM. | BD67: 0 | BE67: El entregable se tiene programado realizarse para el mes de octubre debido a que desde el grupo de Ensayos de Aptitud nos encontrábamos realizando mesas de trabajo para construir las temáticas a tratar y por ello se tuvo que brindar un tiempo adicional para la divulgación del evento en redes sociales y medios autorizados, también para selección y confirmación de participantes teniendo en cuenta la especificación técnica de los temas. Actualmente, el evento está programado para el 7 de octubre de 13:30 a 17:00 y será presencial en las instalaciones del INM. | BF67: 1 | BG67: Se realiza entrega de la presentación y lista de asistencia del curso de Estadística Robusta y datos anomalos 13528
D68: B 1.4-4 Nuevos servicios de calibración desarrollados | E68: 64 | F68: Establecer nuevos servicio de calibración en metrología Física | G68: Soporte avances Gestión del cambio -Documentación publicada en Isolución -Propuesta de tasas 2023 | M68: 3 | P68: 3 | S68: 1 | T68: =SUM(H68:S68) -> 7 | U68: Jhojan Enrique Garcia Edgar Antonio Jiménez Briñez Claudia Fernanda Rodriguez | V68: Subdirección de Metrología Física | W68: CONPES 3934 "Politica de crecimiento verde" Plan Estratégico Sectorial (e ) | X68: =AL68 -> 0 | Y68: =AN68 -> 0 | Z68: =AP68 -> 0 | AA68: =AR68 -> 0 | AB68: =AT68 -> 0 | AC68: =AV68 -> 2 | AD68: =AX68 -> 0 | AE68: =AZ68 -> 0 | AF68: =BB68 -> 2 | AG68: =BD68 -> 0 | AH68: =BF68 -> 0 | AI68: =BH68 -> 2 | AJ68: =SUM(X68:AI68) -> 6 | AK68: =AJ68/T68 -> 0.85714286 | AV68: 2 | AW68: 1. Se logro el desarrollo y apertura de una categoria de servicio en la magnitud de potencia y energía electrica denominada "Calibración transformadores de corriente eléctrica para medición" con diferentes puntos de prestación del servicio. El servicio de calibraición ya se esta presentando Como soporte: Se remite resolucion de tasas modificada con el nuevo servicio (resolución servicios de calibración) 2. Se esta realizando la gestión del cambio para el establecimiento de una nueva categoria de medición en medidores de velocidad, donde se a avanzado frente al desarrollo de procedimiento para prestar el servicio de calibración y realizar pruebas piloto donde se establece el procedimiento de calibración Como soporte: - Procedimiento de calibración de instrumentos de medición de velocidad por simulación versión 1. - Reuniones con laboratorio acreditado para prueba piloto de medición. | BB68: 2 | BC68: 1. Se esta realizando la gestión del cambio para la apertura de nuevos servicios de calibración, correspondientes a medición en 1. Durómetros Rockwell y 2. Durometros Brinell., donde se a avanzado frente al desarrollo de Presentación en el CIDG No. 15 de 2022 de las ficha de diseño y desarrollo de nuevos productos para la apertura de servicios de calibración de durómetros Shore y penetradores esféricos Rockwell y Brinell, para la implementación de las siguientes categorías de servicios metrológicos: - Calibración de máquina de ensayo de dureza Rockwell A (30 a 86) HRA. - Calibración de máquina de ensayo de dureza Rockwell B (44 a 97) HRB. - Calibración de máquina de ensayo de dureza Rockwell C (26 a 62) HRC. - Calibración de máquinas de ensayo de dureza Brinell 10/3 000 (152 HBW 10/3000 a 553 HBW 10/3000) - Calibración de máquinas de ensayo de dureza Brinell 2.5/187.5 (107 HBW 2.5/187.2 a 292 HBW 2.5/187.5) Como soporte: - Se remite acta de presentación de gestión del cambio, -plan de trabajo gestión del cambio para Durometros Rockwell y -Plan de trabajo gestión del cambio para Durometros Brinell | BH68: 2 | BI68: 1. Se subio documentación en ISOLUCION donde se establecio procedimientos para los nuevos servicios de calibración en Dureza, estos documentos corresponden a: - M-01-L32-P-004 CALIBRACIÓN DE DURÓMETROS ROCKWELL_v1 - M-01-L32-P-005 CALIBRACIÓN DE DURÓMETROS BRINELL_v1 Como soporte: Pantallazo documentación subida y documentos subidos 2. Se subio documentación publicada en ISOLUCION del servicio de medición de velocidad (Cinemómetros) Como soporte: Pantallazo del sistema Isolución donde se evidencia el cargue del procedimiento de calibración de instrumentos de medición de velocidad y la hoja de cálculo para la calibración de instrumentos de medición de velocidad.
E69: 65 | F69: Estructurar nueva categoria de servicio de calibración o medición metrologica usando la hora legal | G69: Soporte avances Gestión del cambio- Evidencia en ISOLUCION del cargue de las evidencias de actividades de Gestión del Cambio según cronograma y archivos soporte.- Prototipo de aplicativo de sincronización con la Hora Legal. | N69: 1 | R69: 1 | S69: 1 | T69: =SUM(H69:S69) -> 3 | U69: Claudia Fernanda Rodriguez | V69: Subdirección de Metrología Física | W69: Funcionamiento | X69: =AL69 -> 0 | Y69: =AN69 -> 0 | Z69: =AP69 -> 0 | AA69: =AR69 -> 0 | AB69: =AT69 -> 0 | AC69: =AV69 -> 0 | AD69: =AX69 -> 1 | AE69: =AZ69 -> 0 | AF69: =BB69 -> 0 | AG69: =BD69 -> 0 | AH69: =BF69 -> 1 | AI69: =BH69 -> 1 | AJ69: =SUM(X69:AI69) -> 3 | AK69: =AJ69/T69 -> 1 | AX69: 1 | AY69: El laboratorio de Tiempo y Frecuencia del INM se encuentra en la estructuración de una nueva categoría de servicio denominada "Sincronización de clientes externos con la hora legal" y realizó la gestión del cambio. Como soporte: Ficha de gestión del cambio y solicitud al área de automatización para el desarrollo del aplicativo para sincronización de clientes externos con la hora legal. | BF69: 1 | BG69: Se generó prototipo de aplicativo de sincronización con la Hora Legal como avance de la estructuracuón de la nueva categoria de servicio de calibración Como soporte: Informe de avance y soportes inicio y avance de aplicativo | BH69: 1 | BI69: Frente a la estructuracuón de la nueva categoria de servicio usando hora legal se sube evidencia en ISOLUCION del cargue de las evidencias de actividades de Gestión del Cambio según cronograma y archivos soporte
E70: 66 | F70: Prestar servicios de calibración en metrología física | G70: Cuadro relacionando los servicios prestados | K70: 50 | M70: 100 | P70: 100 | S70: 100 | T70: =SUM(H70:S70) -> 350 | U70: Subdirector de Metrología Física | V70: Subdirección de Metrología Física | W70: Funcionamiento | X70: =AL70 -> 0 | Y70: =AN70 -> 0 | Z70: =AP70 -> 0 | AA70: =AR70 -> 112 | AB70: =AT70 -> 0 | AC70: =AV70 -> 92 | AD70: =AX70 -> 0 | AE70: =AZ70 -> 0 | AF70: =BB70 -> 0 | AG70: =BD70 -> 0 | AH70: =BF70 -> 600 | AI70: =BH70 -> 0 | AJ70: =SUM(X70:AI70) -> 804 | AK70: =AJ70/T70 -> 2.2971429 | AR70: 112 | AS70: La Subdirección de Metrología Física presto 112 servicios de calibración en magnitudes físicas al 30 de abril de 2022, distribuidos de la siguiente manera: 87 a clientes internos, 13 a clientes externos y 12 a la Supeintendencia de industria y Comercio - SIC Como soporte: Se adjunta tabla de servicios prestados con analisis de servicios prestados por laboratorios y por tipos de clientes | AV70: 92 | AW70: La Subdirección de Metrología Física presto 92 servicios de calibración en magnitudes físicas del 1 de mayo al 30 de junio de 2022, distribuidos de la siguiente manera: 49 a clientes internos, 34 a clientes externos y 9 a la Supeintendencia de industria y Comercio - SIC Como soporte: Se adjunta tabla de servicios prestados con analisis de servicios prestados por laboratorios y por tipos de clientes | BB70: 0 | BC70: No se pudo generar el reporte debido a que estan habiendo transición en el sistema y no lo genera (se reportara para M10) | BD70: 0 | BE70: No se pudo generar el reporte debido a que estan habiendo transición en el sistema y no lo genera (se reportara para M10) | BF70: 600 | BG70: La Subdirección de Metrología Física presto 600 servicios de calibración en magnitudes físicas del 1 de julio al 31 de diciembre de 2022 Como soporte: Se adjunta tabla de servicios prestados
E71: 67 | F71: Realizar informes de avance frente al CONPES 3957 | G71: Informe presentado | M71: 1 | S71: 1 | T71: =SUM(H71:S71) -> 2 | U71: Liz Catherine Hernandez Forero | V71: Subdirección de Metrología Física | W71: CONPES 3957 "Politica nacional de laboratorios" Plan Estratégico Sectorial (e ) B.1.4-4 Plan Estraregico Institucional | X71: =AL71 -> 0 | Y71: =AN71 -> 0 | Z71: =AP71 -> 0 | AA71: =AR71 -> 0 | AB71: =AT71 -> 0 | AC71: =AV71 -> 1 | AD71: =AX71 -> 0 | AE71: =AZ71 -> 0 | AF71: =BB71 -> 0 | AG71: =BD71 -> 0 | AH71: =BF71 -> 0 | AI71: =BH71 -> 1 | AJ71: =SUM(X71:AI71) -> 2 | AK71: =AJ71/T71 -> 1 | AV71: 1 | AW71: Se remite informe de avance frente al CONPES 3957 linea 1.10 Como soporte: Se remite informe de avance y soportes | BH71: 1 | BI71: Se remite informe de avance frente al CONPES 3957 linea 1.10 Como soporte: Se remite informe de avance y soportes
E72: 68 | F72: Atender servicios de calibración en espectrofotometría UV - Vis | G72: Reporte relacionando Servicios prestados | S72: 1 | T72: =SUM(H72:S72) -> 1 | U72: Subdirector SMQB | V72: Subdirección de Metrología Química y Biología | W72: Servicios del INM Proyecto de inversión SMQB | X72: =AL72 -> 0 | Y72: =AN72 -> 0 | Z72: =AP72 -> 0 | AA72: =AR72 -> 0 | AB72: =AT72 -> 0 | AC72: =AV72 -> 0 | AD72: =AX72 -> 0 | AE72: =AZ72 -> 0 | AF72: =BB72 -> 0 | AG72: =BD72 -> 0 | AH72: =BF72 -> 0 | AI72: =BH72 -> 1 | AJ72: =SUM(X72:AI72) -> 1 | AK72: =AJ72/T72 -> 1 | BH72: 1 | BI72: Se entrega reporte de los servicios prestados
E73: 69 | F73: Atender servicio de medición de materiales de referencia | G73: Reporte relacionando Servicios prestados | S73: 0 | T73: =SUM(H73:S73) -> 0 | U73: Subdirector SMQB | V73: Subdirección de Metrología Química y Biología | W73: Funcionamiento | X73: =AL73 -> 0 | Y73: =AN73 -> 0 | Z73: =AP73 -> 0 | AA73: =AR73 -> 0 | AB73: =AT73 -> 0 | AC73: =AV73 -> 0 | AD73: =AX73 -> 0 | AE73: =AZ73 -> 0 | AF73: =BB73 -> 0 | AG73: =BD73 -> 0 | AH73: =BF73 -> 0 | AI73: =BH73 -> 0 | AJ73: =SUM(X73:AI73) -> 0 | AK73: 0 | BH73: 0
E74: 70 | F74: Gestionar la comercialización de servicios del INM (calibración, MRC, Asistencia Técnica y Ensayos de Aptitud) | G74: * Matriz Excel con los servicios comercializados. M3,M6, M9 y M12 | J74: 1 | M74: 1 | P74: 1 | S74: 1 | T74: =SUM(H74:S74) -> 4 | U74: Ana María Reyes | V74: Subdirección de Servicios Metrológicos y Relación con el Ciudadano | W74: Funcionamiento | X74: =AL74 -> 0 | Y74: =AN74 -> 0 | Z74: =AP74 -> 1 | AA74: =AR74 -> 0 | AB74: =AT74 -> 0 | AC74: =AV74 -> 1 | AD74: =AX74 -> 0 | AE74: =AZ74 -> 0 | AF74: =BB74 -> 1 | AG74: =BD74 -> 0 | AH74: =BF74 -> 0 | AI74: =BH74 -> 1 | AJ74: =SUM(X74:AI74) -> 4 | AK74: =AJ74/T74 -> 1 | AP74: 1 | AQ74: Se entrega el reporte que evidencia los resultados de la gestión realizada desde el grupo de Gestión de Servicios Metrológicos -GSM-, durante el periodo comprendido entre el 1 de enero y el 31 de marzo (Q1) en la prestación de servicios metrológicos de: 1) Calibración y Medición Metrológica 2) Comercialización de Materiales de Referencia Certificados; desde la solicitud, seguimiento y control de ambos servicios 3) Ensayos de Aptitud 4) Asistencia Técnica De igual manera se entregan los tres (3) anexos relacioandos en el reporte. | AV74: 1 | AW74: Se realiza entrega de la Matriz Excel con los servicios comercializados y el anexo que evidencia los resultados de la gestión realizada desde el grupo de Gestión de Servicios Metrológicos -GSM-, durante el periodo comprendido entre el 1 de abril y el 30 de junio (Q2), así como el acumulado de la vigencia 2022 en la prestación de servicios metrológicos. | BB74: 1 | BC74: Se entrega el reporte que evidencia los resultados de la gestión realizada desde el grupo de Gestión de Servicios Metrológicos -GSM-, durante el periodo comprendido entre el 1 de julio y el 30 de septiembre (Q3), así como el acumulado de la vigencia 2022 en la prestación de servicios metrológicos, de igual manera los 2 anexos relacioados en el documento. | BH74: 1 | BI74: Se realiza entrrga del informe con los anexos de los servicios comercializados para la vigencia 2022.
D75: B 1.4-5 Cursos de capacitación nuevos en metrología desarrollados | E75: 71 | F75: Actualizar cursos en metrología Física | G75: Soporte gestión del cambio | P75: 1 | T75: =SUM(H75:S75) -> 1 | U75: Andrés Jhovanny Bohórquez Garzón | V75: Subdirección de Metrología Física | W75: Funcionamiento | X75: =AL75 -> 0 | Y75: =AN75 -> 0 | Z75: =AP75 -> 0 | AA75: =AR75 -> 0 | AB75: =AT75 -> 0 | AC75: =AV75 -> 0 | AD75: =AX75 -> 0 | AE75: =AZ75 -> 0 | AF75: =BB75 -> 1 | AG75: =BD75 -> 0 | AH75: =BF75 -> 0 | AI75: =BH75 -> 0 | AJ75: =SUM(X75:AI75) -> 1 | AK75: =AJ75/T75 -> 1 | BB75: 1 | BC75: se formuló un nuevo planteamiento para el rediseño del curso de Temperatura, separando las temáticas proyectadas en tres capacitaciones distintas, Como soporte: Se remite solicitud de cambio y ficha gestion del cambio del curso
E76: 72 | F76: Formular nuevos cursos en metrología Física | G76: Soporte diseño nuevo producto y/o servicio Ficha técnica y presentación elaborada | N76: 2 | S76: 2 | T76: =SUM(H76:S76) -> 4 | U76: Hugo Martín Gonzáles Jhon Escobar Soto | V76: Subdirección de Metrología Física | W76: Funcionamiento | X76: =AL76 -> 0 | Y76: =AN76 -> 0 | Z76: =AP76 -> 0 | AA76: =AR76 -> 0 | AB76: =AT76 -> 0 | AC76: =AV76 -> 0 | AD76: =AX76 -> 2 | AE76: =AZ76 -> 0 | AF76: =BB76 -> 0 | AG76: =BD76 -> 0 | AH76: =BF76 -> 0 | AI76: =BH76 -> 1 | AJ76: =SUM(X76:AI76) -> 3 | AK76: =AJ76/T76 -> 0.75 | AX76: 2 | AY76: Se estan formulando 2 nuevos cursos en metrología fisica, los cuales estan en proceso de diseño y desarrollo, estos corresponden a: 1. Curso de Masa - (instrumento de pesaje no automatico) 2. Curso de Viscosidad Como soporte: se remite soportes de diseño y desarrollo de nuevo producto | BH76: 1 | BI76: Se formulo nuevo curso en visosidad, para lo cual se adjunta Ficha técnica y presentación elaborada
E77: 73 | F77: Impartir cursos de capacitación según oferta de la SMQB | G77: Lista de Asistencia y presentaciones Reporte de actividades | M77: 1 | N77: 1 | O77: 1 | P77: 1 | R77: 1 | T77: =SUM(H77:S77) -> 5 | U77: Subdirector SMQB | V77: Subdirección de Metrología Química y Biología | W77: Funcionamiento | X77: =AL77 -> 0 | Y77: =AN77 -> 0 | Z77: =AP77 -> 0 | AA77: =AR77 -> 0 | AB77: =AT77 -> 0 | AC77: =AV77 -> 1 | AD77: =AX77 -> 1 | AE77: =AZ77 -> 1 | AF77: =BB77 -> 1 | AG77: =BD77 -> 0 | AH77: =BF77 -> 1 | AI77: =BH77 -> 0 | AJ77: =SUM(X77:AI77) -> 5 | AK77: =AJ77/T77 -> 1 | AV77: 1 | AW77: Se realizo el curso "Conceptos Básicos en Metrología Química". | AX77: 1 | AY77: Se realizo el curso "Validación de metodos". | AZ77: 1 | BA77: Se realizó curso de "Incertidumbre de Medición en análisis químicos cuantitativos" | BB77: 1 | BC77: Se realizó curso de espectrofotomtría UV - Vis | BF77: 1 | BG77: Se realizó curso de pH y CE.
E78: 74 | F78: Diseñar nuevos cursos en metrología Química y Biología (Versión Piloto) | G78: Diseño del curso Presentaciones | S78: 4 | T78: =SUM(H78:S78) -> 4 | U78: Subdirector SMQB | V78: Subdirección de Metrología Química y Biología | W78: PES - PEI CONPES 3957 | X78: =AL78 -> 0 | Y78: =AN78 -> 0 | Z78: =AP78 -> 0 | AA78: =AR78 -> 0 | AB78: =AT78 -> 0 | AC78: =AV78 -> 0 | AD78: =AX78 -> 0 | AE78: =AZ78 -> 0 | AF78: =BB78 -> 0 | AG78: =BD78 -> 0 | AH78: =BF78 -> 0 | AI78: =BH78 -> 2 | AJ78: =SUM(X78:AI78) -> 2 | AK78: =AJ78/T78 -> 0.5 | BH78: 2 | BI78: Se diseñaron dos cursos
E79: 75 | F79: Rediseño de cursos en metrología química y biología | G79: Diseño del curso Presentaciones | R79: 1 | T79: =SUM(H79:S79) -> 1 | U79: Subdirector SMQB | V79: Subdirección de Metrología Química y Biología | W79: Servicios del INM CONPES 3957 | X79: =AL79 -> 0 | Y79: =AN79 -> 0 | Z79: =AP79 -> 0 | AA79: =AR79 -> 0 | AB79: =AT79 -> 0 | AC79: =AV79 -> 0 | AD79: =AX79 -> 0 | AE79: =AZ79 -> 0 | AF79: =BB79 -> 0 | AG79: =BD79 -> 0 | AH79: =BF79 -> 1 | AI79: =BH79 -> 0 | AJ79: =SUM(X79:AI79) -> 1 | AK79: =AJ79/T79 -> 1 | BF79: 1 | BG79: Rediseño del curso virtual de curso metrologia quimica | BK79: OK
E80: 76 | F80: Virtualizar "Capacitaciones en Metrología" | G80: *Matriz Excel con el plan de trabajo (M4, M6, M9 y M12) * Informe del curso virtualizado M12 | K80: 1 | M80: 1 | P80: 1 | S80: 1 | T80: =SUM(H80:S80) -> 4 | U80: Ana María Reyes Sanclemente | V80: Subdirección de Servicios Metrológicos y Relación con el Ciudadano | W80: Proyecto de Inversión PEI PES | X80: =AL80 -> 0 | Y80: =AN80 -> 0 | Z80: =AP80 -> 0 | AA80: =AR80 -> 1 | AB80: =AT80 -> 0 | AC80: =AV80 -> 1 | AD80: =AX80 -> 0 | AE80: =AZ80 -> 0 | AF80: =BB80 -> 1 | AG80: =BD80 -> 0 | AH80: =BF80 -> 0 | AI80: =BH80 -> 1 | AJ80: =SUM(X80:AI80) -> 4 | AK80: =AJ80/T80 -> 1 | AR80: 1 | AS80: Se realiza entrega del la matriz donde se encuentra el plan de trabajo y seguimiento. Virtualizar Capacitaciones en Metrología | AV80: 1 | AW80: Se entrega la Matriz Excel con el Plan de trabajo y seguimiento, que da cumplimiento a la actividad "Virtualizar "Capacitaciones en Metrología". | BB80: 1 | BC80: Se realiza entrega del plan de trabajo y seguimiento de la actividad de Virtualizar Capacitaciones en Metrología. | BH80: 1 | BI80: Se reliza entrega del informe del curso virtualizado donde se encuentran las actividades de e-learning; de igual manera se adjuntan las evidencias relacionadas. | BK80: OK
E81: 77 | F81: Rediseñar el curso de capacitación "Conceptos básicos en Metrología Química" | G81: * Matriz Excel con el plan de trabajo (M4) * Informe de diagnóstico pedagógico y metodológico del curso a rediseñar (M6) * Curso rediseñado (M10) | K81: 1 | M81: 1 | R81: 1 | T81: =SUM(H81:S81) -> 3 | U81: Ana María Reyes Sanclemente | V81: Subdirección de Servicios Metrológicos y Relación con el Ciudadano | W81: Proyecto de Inversión PEI | X81: =AL81 -> 0 | Y81: =AN81 -> 0 | Z81: =AP81 -> 0 | AA81: =AR81 -> 1 | AB81: =AT81 -> 0 | AC81: =AV81 -> 1 | AD81: =AX81 -> 0 | AE81: =AZ81 -> 0 | AF81: =BB81 -> 0 | AG81: =BD81 -> 0 | AH81: =BF81 -> 1 | AI81: =BH81 -> 0 | AJ81: =SUM(X81:AI81) -> 3 | AK81: =AJ81/T81 -> 1 | AR81: 1 | AS81: Se realiza entrga de la matriz donde se encuentra el plan de Trabajo y Seguimiento. Rediseñar el curso de capacitación Conceptos básicos en Metrología Química | AV81: 1 | AW81: Se entrega el documento que analiza, de manera resumida, diversos aspectos del curso vigente sobre Conceptos Básicos de Metrología Química. De igula manera se entrega la matriz con el plan de trabajo. | BF81: 1 | BG81: Para el desarrollo del curso de Conceptos básicos en metrología química se ha realizado un acompañamiento al equipo en la etapa de diseño pedagógico y diseño gráfico del curso que incluye: diseño metodológico, secuencia didáctica, actividades y presentaciones. ● Carpeta de evidencias: https://drive.google.com/drive/folders/1sS1MbsDDs6F94uop-b7LAR3KN201Q2ec?usp=sharing | BK81: OK
E82: 78 | F82: Diseñar la Cartilla de Metrología para Niños, niñas y adolescentes | G82: * Matriz Excel con el seguimiento al Plan de trabajo P1 (M4, M6, M9 y M12) * Cartilla diseñada P2 (M12) | K82: 1 | M82: 1 | P82: 1 | S82: 2 | T82: =SUM(H82:S82) -> 5 | U82: Ana María Reyes Sanclemente | V82: Subdirección de Servicios Metrológicos y Relación con el Ciudadano | W82: Proyecto de Inversión PEI | X82: =AL82 -> 0 | Y82: =AN82 -> 0 | Z82: =AP82 -> 0 | AA82: =AR82 -> 1 | AB82: =AT82 -> 0 | AC82: =AV82 -> 1 | AD82: =AX82 -> 0 | AE82: =AZ82 -> 0 | AF82: =BB82 -> 1 | AG82: =BD82 -> 0 | AH82: =BF82 -> 0 | AI82: =BH82 -> 2 | AJ82: =SUM(X82:AI82) -> 5 | AK82: =AJ82/T82 -> 1 | AR82: 1 | AS82: Se realiza entrega de la matriz con el plan de trabajo y seguimiento. Diseñar la Cartilla de Metrología para Niños, niñas y adolescentes | AV82: 1 | AW82: Se entrega la Matriz Excel con el seguimiento al Plan de trabajo, donde se evidencia el avance para el diseño de la cartilla de Metrología para Niños, niñas y adolescentes | BB82: 1 | BC82: Se reakuza entrega del plan de trabajo y seguimiento de la actividad Diseñar la Cartilla de Metrología para Niños, niñas y adole | BH82: 2 | BI82: Se entrega la matriz de seguimiento al plan de trabajo y la cartida diseñada de Metrología para Niños, niñas y adolescentes | BK82: OK
E83: 79 | F83: Prestar servicios de capacitación, según lo programado | G83: * Matriz Excel con la ejecución trimestral de la programación P1 (M4, M6, M9, M12) | K83: 1 | M83: 1 | P83: 1 | S83: 1 | T83: =SUM(H83:S83) -> 4 | U83: Ana María Reyes Sanclemente | V83: Subdirección de Servicios Metrológicos y Relación con el Ciudadano | W83: Funcionamiento | X83: =AL83 -> 0 | Y83: =AN83 -> 0 | Z83: =AP83 -> 1 | AA83: =AR83 -> 1 | AB83: =AT83 -> 0 | AC83: =AV83 -> 1 | AD83: =AX83 -> 0 | AE83: =AZ83 -> 0 | AF83: =BB83 -> 1 | AG83: =BD83 -> 0 | AH83: =BF83 -> 0 | AI83: =BH83 -> 1 | AJ83: =SUM(X83:AI83) -> 5 | AK83: =AJ83/T83 -> 1.25 | AP83: 1 | AQ83: Se entrega el reporte que consolida los resultados alcanzados con la gestión realizada desde el grupo de Gestión de Servicios Metrológicos -GSM-, durante el primer trimestre de la vigencia 2022, en la efectiva prestación del Servicio de Capacitaciones en Metrología. Así mismo, se relacionan variables y componentes, entre ellas la modalidad, fechas, capacitadores, asistentes, entre otras, atendiendo el desarrollo y estructura de cada capacitación. De igual manera se entregan los tres (3) anexos relacioandos en el reporte. | AR83: 1 | AS83: Se entrega el reporte que consolida los resultados alcanzados con la gestión realizada desde el grupo de Gestión de Servicios Metrológicos -GSM-, durante el primer trimestre de la vigencia 2022, en la efectiva prestación del Servicio de Capacitaciones en Metrología. Así mismo, se relacionan variables y componentes, entre ellas la modalidad, fechas, capacitadores, asistentes, entre otras, atendiendo el desarrollo y estructura de cada capacitación. De igual manera se entregan los tres (3) anexos relacioandos en el reporte. | AV83: 1 | AW83: Se realiza entrega del reporte de la ejecución trimresal con anexos del servicio de capacitación. | BB83: 1 | BC83: Se realiza entrega del reporte que consolida los resultados alcanzados con la gestión realizada desde el grupo de Gestión de Servicios Metrológicos -GSM-, durante el tercer trimestre de la vigencia 2022, en la efectiva prestación del Servicio de Capacitaciones en Metrología. Así mismo, se relacionan variables y componentes, como modalidades, fechas, capacitadores, asistentes, entre otras, atendiendo el desarrollo y estructura de cada capacitación. De igual manera se entregab los anecos relacionados en el documento. | BH83: 1 | BI83: Se realiza entrega del reporte consolida los resultados alcanzados con la gestión realizada desde el grupo de Gestión de Servicios Metrológicos -GSM-, durante el IV trimestre de la vigencia 2022, en la efectiva prestación del Servicio de Capacitaciones en Metrología. De igual manera se entregan los anexos relacionados. | BK83: OK
A84: C. Metrología como soporte de la infraestructura de la calidad y el bienestar de la población | B84: C.1 Articular a los diferentes actores de la Infraestructura de la Calidad (IC), con el propósito de facilitar la adopción de reglamentos técnicos y normas técnicas en materia metrológica | C84: C.1.1 Fortalecer técnicamente a los actores del Subsistema Nacional de la Calidad (SICAL) en temas de metrología | D84: C 1.1-1 Apoyo en la expedición de normas técnicas, reglamentos técnicos y otros documentos que vinculen temas de metrología | E84: 80 | F84: Participar en reuniones de grupos de trabajo de normalización en metrología Física | G84: Acta de participación | K84: 1 | M84: 1 | O84: 1 | Q84: 1 | S84: 1 | T84: =SUM(H84:S84) -> 5 | U84: Subdirector de Metrología Física | V84: Subdirección de Metrología Física | W84: Funcionamiento | X84: =AL84 -> 0 | Y84: =AN84 -> 0 | Z84: =AP84 -> 0 | AA84: =AR84 -> 2 | AB84: =AT84 -> 0 | AC84: =AV84 -> 1 | AD84: =AX84 -> 0 | AE84: =AZ84 -> 2 | AF84: =BB84 -> 0 | AG84: =BD84 -> 1 | AH84: =BF84 -> 0 | AI84: =BH84 -> 0 | AJ84: =SUM(X84:AI84) -> 6 | AK84: =AJ84/T84 -> 1.2 | AR84: 2 | AS84: Se han participado en 2 reuniones de grupos de trabajo de normalización en metrología Física 1. El laboratorio de dureza de la SMF participó en el comité CTN 109 ensayos mecánicos y análisis químico de productos metálicos de ICONTEC, la cual tenía como objetivo "Preparación anteproyecto NTC Métodos de ensayo para dureza Rockwell de productos metálicos (ASTM E18-20)". El comite se llevo a cabo el 30 de marzo de 2022. 2. El laboratorio de longitud participo en grupo de trabajo 4 de la Unidad Sectorial de Normalización Metrología - INM, donde se reviso las guías de calibración Como soporte: Se adjunta Acta de participación 028 del comité 109 y acta de de participación grupo de trabajo 04 de la unidad sertorial de normalización metrología | AV84: 1 | AW84: Funcionarios de la SMF participaron en la reunión del comité técnico de normalización numero cuatro | AZ84: 2 | BA84: Se han participado en 2 reuniones de grupos de trabajo de normalización en metrología Física 1. El laboratorio de Tiempo y Frecuencia participo en grupo de trabajo 5 de la Unidad Sectorial de Normalización Metrología - INM, donde se reviso la traducciòn de una norma. Como soporte: Se remite acta de de participación grupo de trabajo 05 de la unidad sertorial de normalización metrología 2. El laboratorio de Flujo de gas participo en Mesa de Trabajo Sectorial RTM en Medidores de Gas realizada el pasado 04 de agosto en la SIC. Como soporte: Se remite lista se asistencia | BD84: 1 | BE84: El pasado 6 de octubre de 2022 se realizó una reunión del Comité Técnico Sectorial #4 donde se participó dando cumplimiento a la revisión de comentarios de guia de calibración que este siendo elaborada por el laboratorio de Corriente Continua y alterna Como soporte: Acta de la reunión | BK84: OK
E85: 81 | F85: Desarrollar actividades de la Unidad Sectorial de Normalización en Metrología | G85: 1- Cronograma de Gestión de la USN (M4) 2- Actas de reunión de los comités con número de actividades (M6) (M9) (M12) | K85: 1 | M85: 1 | P85: 1 | S85: 1 | T85: =SUM(H85:S85) -> 4 | U85: Diego Alejandro Martinez | V85: Subdirección de Servicios Metrológicos y Relación con el Ciudadano | W85: Funcionamiento | X85: =AL85 -> 0 | Y85: =AN85 -> 0 | Z85: =AP85 -> 0 | AA85: =AR85 -> 1 | AB85: =AT85 -> 0 | AC85: =AV85 -> 1 | AD85: =AX85 -> 0 | AE85: =AZ85 -> 0 | AF85: =BB85 -> 2 | AG85: =BD85 -> 0 | AH85: =BF85 -> 0 | AI85: =BH85 -> 1 | AJ85: =SUM(X85:AI85) -> 5 | AK85: =AJ85/T85 -> 1.25 | AR85: 1 | AS85: Se realiza entrega del cronograma de Gestión de la USN, en la cual se detallan las actividades a realizar durante la vigencia. | AV85: 1 | AW85: Se realiza entrega del acta de reunión donde se evidencia el desarrollo de las actividades de la Unidad Sectorial de Normalización en Metrología | BB85: 2 | BC85: Se entregan dos (2) Actas de reunión de los comités con número de actividades | BH85: 1 | BI85: Se entrega acta de reunión del Comité de normalización realizada durante este último trimestre. | BK85: OK
E86: 82 | F86: Apoyar en la expedición de normas técnicas, reglamentos técnicos y otros documentos que vinculen temas de metrología | G86: Reglamentos Técnicos, Normas Técnicas, Guías, decretos, reglamentos de acreditación y/o otros documentos que vinculen temas de metrología | S86: 5 | T86: =SUM(H86:S86) -> 5 | U86: Subdirector SMQB Subdirector SMF Subdirector SSMRC | V86: Subdirección de Metrología Química y Biología | X86: =AL86 -> 0 | Y86: =AN86 -> 0 | Z86: =AP86 -> 3 | AA86: =AR86 -> 0 | AB86: =AT86 -> 0 | AC86: =AV86 -> 0 | AD86: =AX86 -> 0 | AE86: =AZ86 -> 0 | AF86: =BB86 -> 0 | AG86: =BD86 -> 0 | AH86: =BF86 -> 0 | AI86: =BH86 -> 2 | AJ86: =SUM(X86:AI86) -> 5 | AK86: =AJ86/T86 -> 1 | AP86: 3 | AQ86: SSMRC Avance en cuantitativo: 3 Para este mes se reportan (3 Guías Técnicas Colombianas): Se publicaron las siguientes GTC: 1- GTC 342 - Guía Técnica Colombiana para calibración de termómetros digitales con sensor tipo PRT, termistor y termopar en baños líquidos y hornos de bloque metálico. 2- GTC 341 - Guía Tecnica Colombiana para la calibración de multímetros. 3- GTC 336 - Guía Técnica Colombiana para la calibración de espectrofotómetros UV-Vis. Avance en gestión: Documentos públicados y disponibles en la plataforma de ICONTEC Observaciones: Soportes: Se relacionan a continuación los soportes de los documentos publicados este mes: 1- GTC 342 - Guía Técnica Colombiana para calibración de termómetros digitales con sensor tipo PRT, termistor y termopar en baños líquidos y hornos de bloque metálico. 2- GTC 341 - Guía Tecnica Colombiana para la calibración de multímetros. 3- GTC 336 - Guía Técnica SMF Avance en cuantitativo: 0 Para este mes se reporta(n) (número): Desde la SMF Se reportan 0 documentos técnicos publicados Avance en gestión: Debido a que se esta reestructurando el grupo de la Red Colombiana de Metrología desde la SMF no se ha realizando avances frenta a la expedición de documentos del SICAL o normas Observaciones:Ninguna Soportes: Se relacionan a continuación los soportes de los avances para este mes: No hay soportes en la vigencia SMQB Avance en cuantitativo: xxx Para este mes se reporta(n) (número): (Ejemplo: Para este mes se reportas dos guías de calibración) Avance en gestión: (Describir brevemente los avances y logros de la gestión del mes, independientemente del avance en magnitud) Observaciones: (Describir brevemente las observaciones del reporte) Soportes: Se relacionan a continuación los soportes de los avances para este mes: (Enumerar los soportes que se relacionan en el link Drive) 1) xxxxxxxx 2) xxxxxxx 3) xxxxxxx | BH86: 2 | BI86: Se apoyaron dos normas tecnicas | BK86: OK
C87: C.1.2 Identificar las principales necesidades de ensayo y mediciones tendientes al aseguramiento de la validez de las mediciones asociadas en los sectores de salud, energía, alimentación y medio ambiente | D87: C 1.2-1 Informe con la identificación de las necesidades de ensayo y mediciones | E87: 83 | F87: Elaborar estudios de necesidades de ensayo y mediciones en metrología química y biología | G87: Documento con estudio de necesidades | P87: 1 | T87: =SUM(H87:S87) -> 1 | U87: Subdirector SMQB | V87: Subdirección de Metrología Química y Biología | W87: Proyecto de inversión SMQB | X87: =AL87 -> 0 | Y87: =AN87 -> 0 | Z87: =AP87 -> 0 | AA87: =AR87 -> 0 | AB87: =AT87 -> 0 | AC87: =AV87 -> 0 | AD87: =AX87 -> 0 | AE87: =AZ87 -> 0 | AF87: =BB87 -> 1 | AG87: =BD87 -> 0 | AH87: =BF87 -> 0 | AI87: =BH87 -> 0 | AJ87: =SUM(X87:AI87) -> 1 | AK87: =AJ87/T87 -> 1 | BB87: 1 | BK87: OK
A88: D. Investigación, desarrollo e innovación en metrología | B88: D.1 Posicionar las actividades ciencia, tecnología e innovación en metrología que contribuyan a la competitividad, productividad y el bienestar de la población | C88: D.1.1 Generar conocimiento en metrología de acuerdo a las líneas de investigación de los grupos reconocidos por Colciencias | D88: D 1.1-1 Productos reconocidos según lineamientos de Colciencias | E88: 84 | F88: Codirigir tesis de investigación en metrología fisica | G88: Documento de confirmación de codirección Informe estado de la codirección | N88: 1 | T88: =SUM(H88:S88) -> 1 | U88: Andrés Jhovanny Bohórquez Garzón | V88: Subdirección de Metrología Física | W88: Funcionamiento | X88: =AL88 -> 0 | Y88: =AN88 -> 0 | Z88: =AP88 -> 0 | AA88: =AR88 -> 0 | AB88: =AT88 -> 0 | AC88: =AV88 -> 0 | AD88: =AX88 -> 1 | AE88: =AZ88 -> 0 | AF88: =BB88 -> 0 | AG88: =BD88 -> 0 | AH88: =BF88 -> 0 | AI88: =BH88 -> 0 | AJ88: =SUM(X88:AI88) -> 1 | AK88: =AJ88/T88 -> 1 | AX88: 1 | AY88: el Laboratorio de Temperatura y Humedad pesta codirigiendo tesis de investigación de Maestría titulada “Modelamiento, Diseño, Construcción y Evaluación de una Celda de Punto Fijo de Indio como Patrón Termométrico para Calibración de Termómetros de Contacto”. Como soporte: Se remite informe de estado de codirección | BK88: OK
E89: 85 | F89: Generar articulos científicos en Metrología Física | G89: Articulo cientifico generado | R89: 3 | T89: =SUM(H89:S89) -> 3 | U89: Subdirector de Metrología Física | V89: Subdirección de Metrología Física | W89: Funcionamiento | X89: =AL89 -> 0 | Y89: =AN89 -> 0 | Z89: =AP89 -> 0 | AA89: =AR89 -> 0 | AB89: =AT89 -> 0 | AC89: =AV89 -> 0 | AD89: =AX89 -> 0 | AE89: =AZ89 -> 0 | AF89: =BB89 -> 0 | AG89: =BD89 -> 0 | AH89: =BF89 -> 6 | AI89: =BH89 -> 0 | AJ89: =SUM(X89:AI89) -> 6 | AK89: =AJ89/T89 -> 2 | BF89: 6 | BG89: 1. Se generó articulo cientifico denominado "Development and validation of an affordable calibration method for surface plates" del laboratorio de Longitud, el cual se encuentra sometido Como soporte: Se remite articulo cientifico generado 2, Se generó articulo cientifico denominado "Metrological Characterization of a CO2 Laser-Based System forInscribing Long-PeMetrological Characterization of a CO2 Laser-Based System for Inscribing Long-Period Gratings in Optical Fiberss" del laboratorio de Longitud, el cual se encuentra publicado en la revista MDPI Como soporte: Se remite articulo cientifico generado 3. Se generó articulo cientifico IMPLEMENTACIÓN DE UN NUEVO SISTEMA DE CALIBRACIÓN DE TERMÓMETROS DE CONTACTO POR PUNTOS FIJOS EN EL INSTITUTO NACIONAL DE METROLOGÍA" y se sometio para publicación en la revista EIA Como soporte: articulo enviado-sometido 4. Se generó articulo cientifico "Estimación de la incertidumbre de medición debido a la repetibilidad de la transición de fase de una celda de punto fijo de indio en el Instituto Nacional de Metrología" y se sometio para publicación en la revista de la Academia Colombiana de Ciencias Exactas, Físicas y Naturales Como soporte: articulo enviado-sometido 5. Se generó articulo cientifico "CP22_26 Proposal of a methodology to determine the calibration" y presentado en el NCSL Internacional este año y publicado en los respectivos proceedings. Como soporte: Print pantalla articulo y print pantalla publicación 6, Se generó articulo cientifico denominado "AN INTERACTIVE APPLICATION FOR COMPARISONOFFITAPPROACHES IN BALANCES PRESSURE CALIBRATION" del laboratorio de Presión y vacío, el cual se se sometió y acepto en IMEKO Croatia Como soporte: Se remite articulo cientifico | BK89: OK
E90: 86 | F90: Participar en eventos científicos, capacitaciones o intercambios científicos (1) | G90: Soporte o registro de participación | Q90: 1 | R90: 1 | S90: 1 | T90: =SUM(H90:S90) -> 3 | U90: Xavier Alhim Gómez | V90: Subdirección de Metrología Física | W90: Funcionamiento | X90: =AL90 -> 0 | Y90: =AN90 -> 0 | Z90: =AP90 -> 0 | AA90: =AR90 -> 0 | AB90: =AT90 -> 0 | AC90: =AV90 -> 0 | AD90: =AX90 -> 0 | AE90: =AZ90 -> 0 | AF90: =BB90 -> 0 | AG90: =BD90 -> 4 | AH90: =BF90 -> 2 | AI90: =BH90 -> 0 | AJ90: =SUM(X90:AI90) -> 6 | AK90: =AJ90/T90 -> 2 | BD90: 4 | BE90: Se participo en los siguiente eventos cientificos en metrología Física: 1. XXIX Congreso Nacional de Física realizado en la Universidad del Quindío de la ciudad de Armenia, del 21 al 23 de septiembre de 2022, dondo participo el laboratorio de Longitud, y presentaron el articulo cientifico "Desarrollo y validación de un método de calibración asequible para superficies de referencia". Como soporte: Se remite certificado de participación y certificado de ponencia 2. Durante el mes de Octubre se participó en el evento "Simposio de Metrología" organizado por el Centro Nacional de Metrología (CENAM) con el trabajo titulado "Diseño, construcción y evaluación de una celda cerrada de punto fijo de indio como patrón termométrico para calibración de termómetros de contacto". Como soporte: Carta de invitación y presentación realizada para el evento 3. El laboratorio de Tiempo y frecuencia participo en el curso “PTB Summer School” que se realizó del 13 al 17 de junio de 2022. Como soporte: Certificado de participación e informe técnico de participación 4. El laboratorio de Tiempo y frecuencia participo en el evento científico “NCSL International Workshop & Symposium 2022” que se realizó del 20 al 24 de agosto de 2022 donde presentó el artículo titulado: "FIRST MEASUREMENT SERVICE APPLIED TO EVENT DATING FOR RELIABLE BUSINESS TRANSACTIONS: METROLOGY FOR DIGITAL TRANSFORMATION USING COLOMBIAN LEGAL TIME" (ver página 1). Dentro del mismo evento participó en 2 cursos: - "The absolute beginner's course to RF and microwave measurements - a hands-on experience" el día 21 de agosto. (ver página 2) - "Measurement confidence: making statements of conformity and measurement decision rules" el día 20 de agosto. (ver página 3). Como soporte: Certificados de participación y asistencia a los cursos | BF90: 2 | BG90: La Subdirección de Metrología Física - SMF ha participado en los siguientes eventos cientificos: 1. se llevó a cabo la "Capacitación técnica al Laboratorio de Humedad para asegurar la trazabilidad metrológica en las magnitudes de temperatura ambiente y humedad relativa", esta actividad fue liderada por el PTB y se consolidó en el Laboratorio de Temperatura y Humedad con la participación de el Instituto Boliviano de Metrología IBMETRO. Como sopórte: Se adjunta evidencia del Concepto emitido por el PTB para la realización de dicha actividad e invitación 2. El laboratorio de Masa participó como ponente y árbitro de artículos científicos en el SImposio de Metrología organizado por CENAM del 26 al 28 de octubre de 2022. Como sopórte: Reconocimiento participación y certificado de asistencia | BK90: Ok
E91: 87 | F91: Generar artículos científicos en metrología química | G91: Artículo científico generado con solicitud de publicación | M91: 1 | N91: 1 | S91: 6 | T91: =SUM(H91:S91) -> 8 | U91: Subdirector SMQB | V91: Subdirección de Metrología Química y Biología | W91: Proyecto de inversión SMQB Proyecto GQSP - calidad de químicos de ONUDI | X91: =AL91 -> 0 | Y91: =AN91 -> 0 | Z91: =AP91 -> 0 | AA91: =AR91 -> 0 | AB91: =AT91 -> 0 | AC91: =AV91 -> 0 | AD91: =AX91 -> 1 | AE91: =AZ91 -> 0 | AF91: =BB91 -> 2 | AG91: =BD91 -> 0 | AH91: =BF91 -> 0 | AI91: =BH91 -> 1 | AJ91: =SUM(X91:AI91) -> 4 | AK91: =AJ91/T91 -> 0.5 | AV91: 0 | AW91: Se elaboró un articulo, el cual no se ha sometido. | AX91: 1 | AY91: Elaboró y sometió un articulo de cuantificación de Cadmio. | BB91: 2 | BC91: Se elaboraron dos artículos en metrología química | BH91: 1 | BI91: Se sometió un artículo | BK91: OK
E92: 88 | F92: Participar en intercambios científicos o eventos de divulgación científica | G92: Reporte de participación | S92: 1 | T92: =SUM(H92:S92) -> 1 | U92: Subdirector SMQB | V92: Subdirección de Metrología Química y Biología | W92: Proyecto de inversión SMQB | X92: =AL92 -> 0 | Y92: =AN92 -> 0 | Z92: =AP92 -> 0 | AA92: =AR92 -> 0 | AB92: =AT92 -> 0 | AC92: =AV92 -> 0 | AD92: =AX92 -> 0 | AE92: =AZ92 -> 0 | AF92: =BB92 -> 0 | AG92: =BD92 -> 0 | AH92: =BF92 -> 0 | AI92: =BH92 -> 1 | AJ92: =SUM(X92:AI92) -> 1 | AK92: =AJ92/T92 -> 1 | BH92: 1 | BI92: Se participó en un evento | BK92: OK
E93: 89 | F93: Codirigir tesis de investigación | G93: Soporte de codirección | S93: 3 | T93: =SUM(H93:S93) -> 3 | U93: Subdirector SMQB | V93: Subdirección de Metrología Química y Biología | W93: Grupo de investigación | X93: =AL93 -> 0 | Y93: =AN93 -> 0 | Z93: =AP93 -> 0 | AA93: =AR93 -> 0 | AB93: =AT93 -> 0 | AC93: =AV93 -> 0 | AD93: =AX93 -> 0 | AE93: =AZ93 -> 0 | AF93: =BB93 -> 0 | AG93: =BD93 -> 0 | AH93: =BF93 -> 0 | AI93: =BH93 -> 2 | AJ93: =SUM(X93:AI93) -> 2 | AK93: =AJ93/T93 -> 0.66666667 | BH93: 2 | BI93: Se codirigieron dos tesis | BK93: OK
E94: 90 | F94: Fortalecer la gestión del proceso I+D+i | G94: *Documentos del proceso de I+D+I ajustados(julio) *Banco de proyectos de I+D+I (noviembre) | N94: 1 | R94: 1 | T94: =SUM(H94:S94) -> 2 | U94: Yolanda Briceño | V94: Subdirección de Servicios Metrológicos y Relación con el Ciudadano | W94: Funcionamiento | X94: =AL94 -> 0 | Y94: =AN94 -> 0 | Z94: =AP94 -> 0 | AA94: =AR94 -> 0 | AB94: =AT94 -> 0 | AC94: =AV94 -> 0 | AD94: =AX94 -> 1 | AE94: =AZ94 -> 0 | AF94: =BB94 -> 0 | AG94: =BD94 -> 0 | AH94: =BF94 -> 1 | AI94: =BH94 -> 0 | AJ94: =SUM(X94:AI94) -> 2 | AK94: =AJ94/T94 -> 1 | AX94: 1 | AY94: Se realiza entrega de los Documentos del proceso de I+D+I ajustados (3 anexos) | BF94: 1 | BG94: Se entrega el documento que abarca desde el analisis del procedimiento M-07-P-001 Formulación de Proyectos de I+D+i V6; elaboración de una lista de chequeo; diseño de la base de datos del sistema y la validación de la herramienta diseñada para el uso previsto. | BK94: OK
E95: 91 | F95: Ejecutar el Plan de mejoramiento Minciencias | G95: Documento de ejecución y seguimiento de las actividades asociadas al Plan de mejoramiento presentado a Minciencias | S95: 1 | T95: =SUM(H95:S95) -> 1 | U95: Yolanda Briceño | V95: Subdirección de Servicios Metrológicos y Relación con el Ciudadano | W95: Funcionamiento | X95: =AL95 -> 0 | Y95: =AN95 -> 0 | Z95: =AP95 -> 0 | AA95: =AR95 -> 0 | AB95: =AT95 -> 0 | AC95: =AV95 -> 0 | AD95: =AX95 -> 0 | AE95: =AZ95 -> 0 | AF95: =BB95 -> 0 | AG95: =BD95 -> 0 | AH95: =BF95 -> 0 | AI95: =BH95 -> 1 | AJ95: =SUM(X95:AI95) -> 1 | AK95: =AJ95/T95 -> 1 | BH95: 1 | BI95: Se entrega el doumento de ejecución y seguimiento de las actividades asociadas al Plan de mejoramiento presentado a Minciencias | BK95: OK
E96: 92 | F96: Participar en convocatorías generadas por regalías | G96: *Registro de participación en convocatoria *Informe de la convocatoria | K96: 1 | O96: 1 | S96: 1 | T96: =SUM(H96:S96) -> 3 | U96: Yolanda Briceño Bueno | V96: Subdirección de Servicios Metrológicos y Relación con el Ciudadano | W96: Funcionamiento | X96: =AL96 -> 0 | Y96: =AN96 -> 0 | Z96: =AP96 -> 0 | AA96: =AR96 -> 1 | AB96: =AT96 -> 0 | AC96: =AV96 -> 0 | AD96: =AX96 -> 0 | AE96: =AZ96 -> 1 | AF96: =BB96 -> 0 | AG96: =BD96 -> 0 | AH96: =BF96 -> 0 | AI96: =BH96 -> 1 | AJ96: =SUM(X96:AI96) -> 3 | AK96: =AJ96/T96 -> 1 | AR96: 1 | AS96: Se realiza entrega de un informe cuatrimestral, el cual refleja lo realizado en pro del cumplimento de la actividad número 92 del plan de acción 2022 donde se revisa, analizan y resumen las convocatorias expuestas por Minciencias con recursos del SGR, y las convocatorias de ciencia tecnología e innovación; para así, de esta manera conseguir los aliados necesarios para ejecutar los proyectos y atender las necesidades departamentales de cada región previo análisis de recursos. | AZ96: 1 | BA96: Se realiza entrega del "Informe de la convocatoria" el caul refleja lo realizado en pro del cumplimento de la actividad número 92 del plan de acción 2022 donde se revisan, analizan y resumen las convocatorias expuestas por Minciencias con recursos del SGR, y las convocatorias de ciencia tecnología e innovación; para así de esta manera conseguir los aliados necesarios para ejecutar los proyectos y atender las necesidades departamentales de cada región previo análisis de recursos, de igual manera se entrega el "Registro de participación en convocatoria". | BH96: 1 | BI96: Se etrega el informe que incluye la revisión, analisis y síntesis de las convocatorias del SGR, las ofertas institucionales y convocatorias de programas y proyectos de CTeI de Minciencias, a fin de identificar la viabilidad de aplicación del Instituto Nacional de Metrología (INM) en las mismas, correspondiente al tercer cuatrimestre de 2022. De igual manera se entregan las evidenicas relacioandas. | BK96: OK
D97: D 1.1-2 Grupo de Investigación clasificado por Colciencias en Categoría B | E97: 93 | F97: Estructurar proyectos de I+D+i en los que se involucre las líneas de investigación de grupos de investigación en metrología física | G97: Ideas de I+D+i en diferentes proyectos científicos | K97: 1 | Q97: 2 | T97: =SUM(H97:S97) -> 3 | U97: Nelson Bahamón Cortés | V97: Subdirección de Metrología Física | W97: Funcionamiento | X97: =AL97 -> 0 | Y97: =AN97 -> 0 | Z97: =AP97 -> 0 | AA97: =AR97 -> 2 | AB97: =AT97 -> 0 | AC97: =AV97 -> 0 | AD97: =AX97 -> 0 | AE97: =AZ97 -> 0 | AF97: =BB97 -> 0 | AG97: =BD97 -> 1 | AH97: =BF97 -> 0 | AI97: =BH97 -> 0 | AJ97: =SUM(X97:AI97) -> 3 | AK97: =AJ97/T97 -> 1 | AR97: 2 | AS97: Se estructuró un proyecto de I+D+i en metrología física denominado “Medición de la desviación de planitud en superficies de referencia” en la magnitud de longitud, con el proyecto se busca desarrollar un servicio de calibración que implemente los niveles electrónicos, el método de medición por cuadratura y que permita optimizar los resultados y tiempos de medición durante las calibraciones. Así mismo se estructuro una idea de I+D+i en metrología Física denominado "Implementación del método de pesada hidrostática para la determinación de densidad de patrones de masa clase E1 y E2 en el Instituto Nacional de Metrología - INM." en las magnitudes de Masa y Densidad para iniciar con la formulación de un proyecto de investigación Como soporte: Se adjunta idea de I+D+i estructurada (proyecto estructurado) en longitud e idea de I+D+i en Masa y densidad | AX97: 0 | AY97: Estas metas fueron modificadas en el Plan de acción (Se modifico fecha de entrega) | BD97: 1 | BE97: Se estructuró un proyecto de I+D+i en metrología física denominado “Desarrollo de la capacidad de medición metrológica de tensión superficial de líquidos en el laboratorio de densidad del INM” en la magnitud de Densidad, con el proyecto se busca desarrollar una capacidad de medición metrológica de la tensión superficial de líquidos con el fin de contar con valores de estas propiedades basadas en mediciones directas realizadas en el laboratorio. Como soporte: Se adjunta idea de I+D+i y presentación de la idea | BK97: OK
E98: 94 | F98: Realizar seguimiento ejecución proyectos de I+D+i en metrología física | G98: Informes o reportes de seguimiento | M98: 1 | O98: 1 | R98: 1 | S98: 1 | T98: =SUM(H98:S98) -> 4 | U98: Nelson Bahamón Cortés | V98: Subdirección de Metrología Física | W98: Funcionamiento | X98: =AL98 -> 0 | Y98: =AN98 -> 0 | Z98: =AP98 -> 0 | AA98: =AR98 -> 0 | AB98: =AT98 -> 0 | AC98: =AV98 -> 1 | AD98: =AX98 -> 0 | AE98: =AZ98 -> 5 | AF98: =BB98 -> 0 | AG98: =BD98 -> 0 | AH98: =BF98 -> 0 | AI98: =BH98 -> 0 | AJ98: =SUM(X98:AI98) -> 6 | AK98: =AJ98/T98 -> 1.5 | AV98: 1 | AW98: Se ha realizado avance a los siguientes proyectos de I+D+i en metrología Física: 1. El día 2022-05-16 se llevó a cabo el seguimiento de la ejecución del proyecto titulado "Implementación de la Escala Internacional de Temperatura de 1990 - ITS-90 Como soporte: Se remite - formato de seguimiento y control del proyecto e - Informe de avance del pryecto | AZ98: 5 | BA98: Se ha realizado avance a los siguientes proyectos de I+D+i en metrología Física: 1. El día 2022-07-15 se llevó a cabo el seguimiento de la ejecución del proyecto titulado "IMejorar las Capacidades de Medición y Calibración (CMC) del Laboratorio de Masa en el Instituto Nacional de Metrología de Colombia – INM (CMC-L01)" Como soporte: Se remite Informe de avance del proyecto 2. El día 2022-08-17 se llevó a cabo el seguimiento de la ejecución del proyecto titulado “Hacia la calibración de bloques calibre usando técnicas de interferometria: fase II" Como soporte: Se remite - formato de seguimiento y control del proyecto e - Informe de avance del proyecto 3. El día 2022-08-16 se llevó a cabo el seguimiento de la ejecución del proyecto titulado "Informe de avance Proyecto I+D+i: Desarrollo de las capacidades de medición y calibración (CMC) en la magnitud de dureza en el INM para la diseminaInforme de avance Proyecto I+D+i: Desarrollo de las capacidades de medición y calibración (CMC) en la magnitud de dureza en el INM para la diseminación de la trazabilidad metrológica de las unidades de dureza en Colombia. LABDRINM" Como soporte: Se remite Informe de avance del proyecto 4. El dia 07-06-2022 Se realizo informe de seguimiento a dos proyectos 1. Implementación de la escala Internacional de Temperatura de 1990 –ITS-90 y 2. Caracterización de patrones nacionales de medidas eléctricas. Como soporte: Se remite Informe de avance del proyecto -5. El dìa 17-08-2022 se realizo seguimiento a los proyectos de I+D+i en general hecho por el equipo de I+D+i | BF98: 0 | BG98: La actividad se cumplio en M8 | BK98: OK
E99: 95 | F99: Realizar un análisis de los resultados de la convocatoria 894 de Minciencias sobre reconocimiento y clasificación de grupos de I+D+i. | G99: Reporte de clasificasión de los grupos | M99: 1 | T99: =SUM(H99:S99) -> 1 | U99: Yolanda Briceño Bueno | V99: Subdirección de Servicios Metrológicos y Relación con el Ciudadano | W99: Funcionamiento | X99: =AL99 -> 0 | Y99: =AN99 -> 0 | Z99: =AP99 -> 0 | AA99: =AR99 -> 0 | AB99: =AT99 -> 0 | AC99: =AV99 -> 1 | AD99: =AX99 -> 0 | AE99: =AZ99 -> 0 | AF99: =BB99 -> 0 | AG99: =BD99 -> 0 | AH99: =BF99 -> 0 | AI99: =BH99 -> 0 | AJ99: =SUM(X99:AI99) -> 1 | AK99: =AJ99/T99 -> 1 | AV99: 1 | AW99: Se realiza entrega del Reporte de clasificasión de los grupos correspondiente a la convocatoria 894 de Minciencias sobre reconocimiento y clasificación de grupos de I+D+i. | BK99: OK
C100: D.1.2 Desarrollar proyectos I+D+i con institutos de metrología de otros países u organizaciones nacionales que respondan a necesidades de Colombia | D100: D 1.2-1 Proyectos I+D+i nuevos en desarrollo con otros institutos de metrología u otras organizaciones internacionales | E100: 96 | F100: Participar en proyectos de I+D+i en metrología Fisica con organizaciones internacionales | G100: Informes de avance | M100: 2 | R100: 1 | S100: 1 | T100: =SUM(H100:S100) -> 4 | U100: Subdirector de Metrología Física | V100: Subdirección de Metrología Física | W100: Funcionamiento | X100: =AL100 -> 0 | Y100: =AN100 -> 0 | Z100: =AP100 -> 0 | AA100: =AR100 -> 0 | AB100: =AT100 -> 0 | AC100: =AV100 -> 1 | AD100: =AX100 -> 0 | AE100: =AZ100 -> 0 | AF100: =BB100 -> 0 | AG100: =BD100 -> 0 | AH100: =BF100 -> 1 | AI100: =BH100 -> 0 | AJ100: =SUM(X100:AI100) -> 2 | AK100: =AJ100/T100 -> 0.5 | AV100: 1 | AW100: Se ha participado en un proyecto de I+D+i con organización internacional, correspondiente al proyecto CABUREK-SIM-M4DT en el cual participan integrantes del Laboratorio de Tiempo y Frecuencia y el Laboratorio de Corriente Continua Como soporte: Se tremite informe de avance y anexos de cumplimiento | BF100: 1 | BG100: Se remiten los siguiente informes de avance correspondientes a la participación en proyectos de I+D+i en metrología Física con organizaciones internacionales: - proyecto “Implementation of new National Metrology Institute services related to Digital Transformation” liderado por el Sistema Interamericano de Metrología - SIM, el Physikalisch-Technische Bundesanstalt - PTB y el Banco Interamericano de Desarrollo - BID denominado "CABUREK-SIM-M4DT" en el cual participan integrantes del Laboratorio de Tiempo y Frecuencia y el Laboratorio de Corriente Continua y Alterna | BK100: OK
...

Sheet PES 2022
F2: SEGUIMIENTO AL PLAN ESTRATÉGICO SECTORIAL - VIGENCIA 2022
P3: ENERO | R3: FEBRERO | U3: MARZO | X3: ABRIL | AA3: MAYO | AD3: JUNIO | AG3: JULIO | AJ3: AGOSTO | AM3: SEPTIEMBRE | AP3: OCTUBRE | AS3: NOVIEMBRE | AV3: DICIEMBRE
A4: Código indicador | B4: Eje estratégico | C4: Iniciativa | D4: Indicador | E4: Tipo Plan | F4: Tipo acumulación | G4: Unidad Medida | H4: Fórmula Cálculo | I4: Tipo Indicador | J4: Descrip. Evidencia | K4: Fuente Información | L4: Meta 2022 | M4: Avance acumulado | N4: % Avance | O4: Caracterización del reporte | P4: Avance cuantitativo | Q4: Avance cualitativo | R4: Avance cuantitativo | S4: Avance cualitativo | T4: Observaciones OAP Febrero | U4: Avance cuantitativo | V4: Avance cualitativo | W4: Observaciones OAP Marzo | X4: Avance cuantitativo | Y4: Avance cualitativo | Z4: Observaciones OAP Abril | AA4: Avance cuantitativo | AB4: Avance cualitativo | AC4: Observaciones OAP Mayo | AD4: Avance cuantitativo | AE4: Avance cualitativo | AF4: Observaciones OAP Junio | AG4: Avance cuantitativo | AH4: Avance cualitativo | AI4: Observaciones OAP Julio | AJ4: Avance cuantitativo | AK4: Avance cualitativo | AL4: Observaciones OAP Agosto | AM4: Avance cuantitativo | AN4: Avance cualitativo | AO4: Observaciones OAP Septiembre | AP4: Avance cuantitativo | AQ4: Avance cualitativo | AR4: Observaciones OAP Octubre | AS4: Avance cuantitativo | AT4: Avance cualitativo | AU4: Observaciones OAP Noviembre | AV4: Avance cuantitativo | AW4: Avance cualitativo | AX4: Observaciones OAP Diciembre | AY4: Soportes
A5: A.5.2 | B5: A. Entorno competitivo: Crear condiciones habilitantes para lograr crecimiento empresarial | C5: A5. Mejorar los servicios de la calidad | D5: Número de documentos técnicos del SICAL apoyados para su expedición | E5: Plan Estratégico Sectorial - PES | F5: Acumulado | G5: Número | H5: Sumatoria de Reglamentos Técnicos, Normas Técnicas, Guías, decretos, reglamentos de acreditación y/o otros documentos que vinculen temas de metrología que se expiden con la intervención de dos o más entidades del SICAL | I5: Gestión | J5: Reglamentos Técnicos, Normas Técnicas, Guías, decretos, reglamentos de acreditación y/o otros documentos que vinculen temas de metrología | K5: SSMRC SMF SMQB | L5: 5 | M5: =P5+R5+U5+X5+AA5+AD5+AG5+AJ5+AM5+AP5+AS5+AV5 -> 5 | N5: =M5/L5 -> 1 | P5: 0 | Q5: SSMRC Avance en cuantitativo: 0 Para este mes se reporta(n): Para este mes se reportas 0 documentos normativos desde la USN Avance en gestión: Se realizó la contratación de profesionales que llevarán a cabo el liderazgo de los GTN de la USN Observaciones: N/A Soportes: SMF Avance en cuantitativo: 0 Para este mes se reporta(n) (número): Para este mes se reportas 0 documentos normativos y guias de calibración Avance en gestión: Se contratos servicios profesionales que apoyan en la generación de documentos normativos y guias de calibración Observaciones: Ninguna Soportes: SMQB Avance en cuantitativo: xxx Para este mes se reporta(n) (número): (Ejemplo: Para este mes se reportas dos guías de calibración) Avance en gestión: (Describir brevemente los avances y logros de la gestión del mes, independientemente del avance en magnitud) Observaciones: (Describir brevemente las observaciones del reporte) Soportes: Se relacionan a continuación los soportes de los avances para este mes: (Enumerar los soportes que se relacionan en el link Drive) 1) xxxxxxxx 2) xxxxxxx 3) xxxxxxx | R5: 0 | S5: SSMRC Avance en cuantitativo: 0 Para este mes se reporta(n) (0): 0 documentos publicados Avance en gestión: Durante el mes de febrero se asignaron los contratistas que liderarán la gestión de los Grupos de Trabajo en Normalización para continuar con los documentos y se programaron reuniones para el mes de marzo. Observaciones: No aplica Soportes: No aplica SMF Avance en cuantitativo: 0 Para este mes se reporta(n) (número): 0 Documentos elaborados o publicados Avance en gestión: Aún no se han llevado a cabo actividades del grupo de normalización y se está iniciando con la planificación de las guías de calibración a elaborar en la vigencia Observaciones: N/A Soportes: N/A SMQB Avance en cuantitativo: xxx Para este mes se reporta(n) (número): (Ejemplo: Para este mes se reportas dos guías de calibración) Avance en gestión: (Describir brevemente los avances y logros de la gestión del mes, independientemente del avance en magnitud) Observaciones: (Describir brevemente las observaciones del reporte) Soportes: Se relacionan a continuación los soportes de los avances para este mes: (Enumerar los soportes que se relacionan en el link Drive) 1) xxxxxxxx 2) xxxxxxx 3) xxxxxxx | T5: OK | U5: 0 | V5: SSMRC Avance en cuantitativo: xxx Para este mes se reporta(n) (0):Desde la RCM Se reportan 0 documentos técnicos publicados. Avance en gestión: Desde la RCM para este mes no se reportan documentos normativos desde la RCM, sin embargo, se ha avanzado en las reuniones de los diferentes GTN para la elaboración de los documentos normativos. Adicionalmente, el 20 de abril habrá Consejo Directivo en ICONTEC para la aprobación de la publicación de tres Guías Técnicas Colombianas elaboradas en la Unidad Sectorial de Normalización en Metrología del INM. Observaciones: (Describir brevemente las observaciones del reporte) Soportes: Desde la RCM se relacionan a continuación los soportes de los avances para este mes: 1) Actas de reunión de los diferentes Grupos de Trabajo en Normalización donde se evidencia el avance en la elaboración de los documentos normativos (4 en total) SMF Avance en cuantitativo: Para este mes se reporta(n) (número): Desde la SMF Se reportan 0 documentos técnicos publicados Avance en gestión: El día 30 de Marzo se participó en el comité CTN 109 Ensayos mecánicos y análisis químico de productos metálicos del ICONTEC, que tuvo por objetivo la preparación del anteproyecto de Norma NTC Métodos de ensayo para dureza Rockwell de productos metálicos (ASTM E18-20). Observaciones: ninguna Soportes: 1. Correo con la invitación al evento | W5: OK | X5: 3 | Y5: SSMRC Avance en cuantitativo: 3 Para este mes se reportan (3 Guías Técnicas Colombianas): Se publicaron las siguientes GTC: 1- GTC 342 - Guía Técnica Colombiana para calibración de termómetros digitales con sensor tipo PRT, termistor y termopar en baños líquidos y hornos de bloque metálico. 2- GTC 341 - Guía Tecnica Colombiana para la calibración de multímetros. 3- GTC 336 - Guía Técnica Colombiana para la calibración de espectrofotómetros UV-Vis. Avance en gestión: Documentos públicados y disponibles en la plataforma de ICONTEC Observaciones: Soportes: Se relacionan a continuación los soportes de los documentos publicados este mes: 1- GTC 342 - Guía Técnica Colombiana para calibración de termómetros digitales con sensor tipo PRT, termistor y termopar en baños líquidos y hornos de bloque metálico. 2- GTC 341 - Guía Tecnica Colombiana para la calibración de multímetros. 3- GTC 336 - Guía Técnica SMF Avance en cuantitativo: 0 Para este mes se reporta(n) (número): Desde la SMF Se reportan 0 documentos técnicos publicados Avance en gestión: Debido a que se esta reestructurando el grupo de la Red Colombiana de Metrología desde la SMF no se ha realizando avances frenta a la expedición de documentos del SICAL o normas Observaciones:Ninguna Soportes: Se relacionan a continuación los soportes de los avances para este mes: No hay soportes en la vigencia SMQB Avance en cuantitativo: xxx Para este mes se reporta(n) (número): (Ejemplo: Para este mes se reportas dos guías de calibración) Avance en gestión: (Describir brevemente los avances y logros de la gestión del mes, independientemente del avance en magnitud) Observaciones: (Describir brevemente las observaciones del reporte) Soportes: Se relacionan a continuación los soportes de los avances para este mes: (Enumerar los soportes que se relacionan en el link Drive) 1) xxxxxxxx 2) xxxxxxx 3) xxxxxxx | Z5: OK | AA5: 0 | AB5: SSMRC Avance en cuantitativo: 0 Para este mes se reporta(n) (0): Avance en gestión: Durante el mes de mayo no se realizaron reuniones de comité ni se adelantaron documentos normativos desde la Unidad Sectorial de Normalización Observaciones: (Describir brevemente las observaciones del reporte) Soportes: Se relacionan a continuación los soportes de los avances para este mes: (Enumerar los soportes que se relacionan en el link Drive) 1) xxxxxxxx 2) xxxxxxx 3) xxxxxxx SMF Avance en cuantitativo: 0 Para este mes se reporta(n) (0): Avance en gestión: Durante el mes de mayo no se realizaron reuniones de comité ni se adelantaron documentos normativos desde la Unidad Sectorial de Normalización Observaciones: Ninguna (Describir brevemente las observaciones del reporte) Soportes: (Enumerar los soportes que se relacionan en el link Drive) 1) xxxxxxxx 2) xxxxxxx 3) xxxxxxx SMQB Avance en cuantitativo: xxx Para este mes se reporta(n) (número): (Ejemplo: Para este mes se reportas dos guías de calibración) Avance en gestión: (Describir brevemente los avances y logros de la gestión del mes, independientemente del avance en magnitud) Observaciones: (Describir brevemente las observaciones del reporte) Soportes: (Enumerar los soportes que se relacionan en el link Drive) 1) xxxxxxxx 2) xxxxxxx 3) xxxxxxx | AC5: OK | AD5: 0 | AE5: SSMRC Avance en cuantitativo:0 Para este mes se reporta(n) (0): Avance en gestión: Se programó la fecha de próxima reunión de comité sectorial de normalización para el 21 de julio de 2022 pero no se realizó ninguna reunión de GTN Observaciones: N/A Evidencias: N/A SMF Avance en cuantitativo: 0 Para este mes se reporta(n) (número): No se elaborarón documentos técnicos del SICAL Avance en gestión: Se participó en una reunión del grupo técnico por Magnitud de Temperatura donde se establecio los temas a tartar (segun solicitud de la industria) en las proximas guias de calibración a elaborar en temperatura y Humedad Observaciones: Ninguna Soportes: (Enumerar los soportes que se relacionan en el link Drive) 1) Acta de participación del Grupo de trabajo por magnitud SMQB Avance en cuantitativo: xxx Para este mes se reporta(n) (número): (Ejemplo: Para este mes se reportas dos guías de calibración) Avance en gestión: (Describir brevemente los avances y logros de la gestión del mes, independientemente del avance en magnitud) Observaciones: (Describir brevemente las observaciones del reporte) Soportes: (Enumerar los soportes que se relacionan en el link Drive) 1) xxxxxxxx 2) xxxxxxx 3) xxxxxxx | AF5: OK | AG5: 0 | AH5: SSMRC Avance en cuantitativo: 0 Para este mes se reportan 0: Para este mes se reportan 0 documentos normativos publicados Avance en gestión: Durante el mes de julio se realizó una reunión de CTS en donde se aprobaron 3 documentos para su publicación, previa revisión por parte de ICONTEC y 2 para entrar en etapa de Consulta Pública. Observaciones: Soportes: Se relacionan a continuación los soportes de los avances para este mes: 1) Acta de reunión del CTS del 21 de julio de 2022 donde se relaciona lo mencionado Observación: El acta será cargada en el drive, en cuanto se cuente se reciban las firmas correspondientes por personal externo al INM se entregará. Nota: Se realizó el cargue del acta firmada. (Se cargo el acta firmada en el drive el 09 de agosto de 2022) SMF Avance en cuantitativo: 0 Para este mes se reporta(n) (número): Para este mes se reportan 0 documentos normativos publicados Avance en gestión: La SMF no adelando esta actividad en el mes de Julio Observaciones: NInguna Soportes: (Enumerar los soportes que se relacionan en el link Driue) 1) xxxxxxxx 2) xxxxxxx 3) xxxxxxx SMQB Avance en cuantitativo: xxx Para este mes se reporta(n) (número): (Ejemplo: Para este mes se reportas dos guías de calibración) Avance en gestión: (Describir brevemente los avances y logros de la gestión del mes, independientemente del avance en magnitud) Observaciones: (Describir brevemente las observaciones del reporte) Soportes: (Enumerar los soportes que se relacionan en el link Drive) 1) xxxxxxxx 2) xxxxxxx 3) xxxxxxx | AI5: OK | AJ5: 0 | AK5: SSMRC Avance en cuantitativo: 0 Para este mes se reporta(n) (cero): Para este mes se reportan 0 documentos normativos publicados Avance en gestión: Durante el mes de agosto se programó la próxima reunión para el Comité de Normalización que será el 22 de septiembre. Observaciones: No hay observaciones. | AL5: Observación: Pendiente incluir soporte. Estado: pendiente | AM5: 0 | AN5: SSMRC Avance en cuantitativo: 0 Para este mes se reporta(n) (número): 0 documentos normativos publicados. Avance en gestión:Se realizó comité de normalización donde se presentaron los avances en la elaboración de documentos normativos. Observaciones: Se relaciona Acta de reunión de comité como evidencia del avance en la gestión. SMF Avance en cuantitativo: 0 Para este mes se reporta(n) (número): 0 documentos normativos publicados o Guias de calibración Avance en gestión: El laboratorio de flujo de gas y el laboratorio de viscosidad apoyaron la revisión de la norma de verificación posterior de medidores de gas liderada por Vanti. Observaciones: Ninguna Soportes: (Enumerar los soportes que se relacionan en el link Drive) 1) soporte de las comunicaciones que se mantuvieron con los líderes del proceso y 2) comentarios que se enviaron sobre el borrador de la norma. SMQB Avance en cuantitativo: xxx Para este mes se reporta(n) (número): (Ejemplo: Para este mes se reportas dos guías de calibración) Avance en gestión: (Describir brevemente los avances y logros de la gestión del mes, independientemente del avance en magnitud) Observaciones: (Describir brevemente las observaciones del reporte) Soportes: (Enumerar los soportes que se relacionan en el link Drive) 1) xxxxxxxx 2) xxxxxxx 3) xxxxxxx | AO5: OK | AP5: 0 | AQ5: SSMRC Avance en cuantitativo: 0 Para este mes se reporta(n) (cero):Se reportan 0 documentos normativos Avance en gestión:Se realizaron reuniones del GTN de magnitudes eléctricas para terminar una GTN Observaciones: Soportes: Se relacionan a continuación los soportes de los avances para este mes: 1) Ayudas de memoria de las reuniones realizadas SMF Avance en cuantitativo: 0 Para este mes se reporta(n) (número): Se reportan 0 Documentos del SICAL o guias de calibración Avance en gestión: Las guias de calibración estan siendo elaboradas y revisadas con servicios metrológicos Observaciones: Ninguna Soportes: (Enumerar los soportes que se relacionan en el link Drive) 1) Ninguno | AR5: OK | AS5: 0 | AT5: SSMRC Avance en cuantitativo: 0 Para este mes se reporta(n) (número): Cero documentos técnicos del SICAL Avance en gestión: Se realizaron algunas reuniones de Grupos de Trabajo en Normalización Observaciones: SMF Avance en cuantitativo: 0 Para este mes se reporta(n) (número): 0 Documentos del SICAL apoyados para su expedición Avance en gestión:Entre los meses de septiembre y noviembre desde el laboratorio de flujo de gas (Jhon Alfonso / Daniel Melo) coEntre los meses de septiembre y noviembre desde el laboratorio de flujo de gas (Jhon Alfonso / Daniel Melo) con apoyo de Hugo González (laboratorio de viscosidad) se apoyó la revisión de la norma de verificación posterior de medidores de gas liderada por Vanti para el Comité 124 de ICONTEC. A finales de noviembre recibimos la tercera versión del borrador que será presentada para aprobación a ICONTEC, a partir de los comentarios generados por los organismos participantes, incluido el INM. Observaciones: Ninguna Soportes: (Enumerar los soportes que se relacionan en el link Drive) 1) comunicación recibida por parte de los líderes del proceso 2) Borrados del proceso revisado 3) xxxxxxx SMQB Avance en cuantitativo: xxx Para este mes se reporta(n) (número): (Ejemplo: Para este mes se reportas dos guías de calibración) Avance en gestión: (Describir brevemente los avances y logros de la gestión del mes, independientemente del avance en magnitud) Observaciones: (Describir brevemente las observaciones del reporte) Soportes: (Enumerar los soportes que se relacionan en el link Drive) 1) xxxxxxxx 2) xxxxxxx 3) xxxxxxx | AU5: OK | AV5: 2 | AW5: SSMRC Avance en cuantitativo: 0 Para este mes se reporta(n) (número): Cero documentos normativos publicados Avance en gestión:Se hizo cierre de año en todos los GTN y se planificó continuar actividades desde la 3ra semana de enero de 2023 Observaciones: SMF Avance en cuantitativo: xxx Para este mes se reporta(n) (número): (Ejemplo: Para este mes se reportas dos guías de calibración) Avance en gestión: (Describir brevemente los avances y logros de la gestión del mes, independientemente del avance en magnitud) Observaciones: (Describir brevemente las observaciones del reporte) Soportes: (Enumerar los soportes que se relacionan en el link Drive) 1) xxxxxxxx 2) xxxxxxx 3) xxxxxxx SMQB Avance en cuantitativo: 2 Para este mes se reportan 2 guias de validacion Avance en gestión: se elaboraron dos guias de validacion de metodos de medicion para analisis cuantitativo y Incertidumbre por muestreo Observaciones: Proceso en gestion de un CIGD para publicacion final Soportes: 1) 39.2.2 Guia para la estimación de la contribucion de incertidumbre del muestreo 2) 39.1.2 Guia Validacion Metodos Analisis Quimico Cuantitativo | AX5: Pendiente reportar Diciembre SMQB listo | AY5: https://drive.google.com/drive/folders/16hFX8xft4CqLNkDtvhcTBg-lVCXAQblc?usp=sharing
A6: A.5.3 | B6: A. Entorno competitivo: Crear condiciones habilitantes para lograr crecimiento empresarial | C6: A5. Mejorar los servicios de la calidad | D6: Laboratorios asistidos para el mejoramiento de sus capacidades empresariales | E6: Plan Nacional de Desarrollo - PND Cuadernillo Regional - MinCIT | F6: Acumulado | G6: Número | H6: Sumatoria de laboratorios asistidos para el mejoramiento de sus capacidades empresariales | I6: Resultado | J6: Reporte de la Subdirección de Innovación y Servicios Tecnológicos (SIST) con los laboratorios asistidos | K6: SSMRC | L6: 40 | M6: =P6+R6+U6+X6+AA6+AD6+AG6+AJ6+AM6+AP6+AS6+AV6 -> 75 | N6: =M6/L6 -> 1.875 | P6: 0 | Q6: SSMRC (RCM) Avance en cuantitativo: 0 Para este mes se reporta(n): Desde la RCM no se reporta ningún laboratorio asistido para el mejoramiento de sus capacidades Avance en gestión: Durante el mes de enero se realizó la contratación de profesionales que van a dedicar su trabajo a la reestructuración de la Red Colombiana de Metrología. De manera que las actividades de la vigencia 2022 aún están en etapa de planeación. Por otro lado, en el Plan de Acción se programaron dos eventos para los meses de abril y septiembre, desde la Subdirección de Servicios Metrológicos y Relación con el Ciudadano (SMRC), y se está a la espera de la confirmación desde la Subdirección de Metrología Física (SMF) y Subdirección de Metrología Química y Biología (SMQB), para los eventos y talleres que se programen desde allí. Observaciones: N/A Soportes: | R6: 5 | S6: SSMRC Avance en cuantitativo: cinco (5) Para este mes se reporta(n) (número): Ensayos de Aptitud: Para este mes se cerraron tres (3) Ensayo de Aptitud, donde participaron cinco (5) laboratorios acreditados. Ver Excel adjunto. 1. 21-INM-EA-07 ENSAYO DE APTITUD CALIBRACIÓN DE BLOQUES PATRÓN. 2. 21-INM-EA-12 ENSAYO DE APTITUD BILATERAL CALIBRACIÓN BLOQUES SECO. 3. 21-INM-EA-01 ENSAYO DE APTITUD DETERMINACIÓN DE ELEMENTOS EN AGUA POTABLE. Desde la Red Colombiana de Metrología no se realizaron talleres que asistieran laboratorios. Avance en gestión: Red Colombiana de Metrología: Para este mes no se han realizado talleres que puedan impactar laboratorios acreditados. Sin embargo, se definió el cronograma de eventos y talleres de la RCM en 2022. Observaciones: Ninguna Soportes: Se relacionan a continuación los soportes de los avances para este mes: EA: 1.21-INM-EA-12 Informe final EA Bloque Seco 2.21-INM-EA-07 Informe final EA Bloques Patrón 3.21-INM-EA-01 Informe final EA Determinación de Elementos en Agua Potable 4. Metas Indicador Sinergia y Cuadernillo febrero (Excel) RCM: 1. Cronograma de actividades de divulgación de la RCM 2022 | T6: Pendiente alcance | U6: 0 | V6: SSMRC Avance en cuantitativo: No se relaciona avance en el presente mes Para este mes se reporta(n) (número): N/A Avance en gestión: Durante este mes (marzo) no se realizó ningún taller en el marco de la RCM. Sin embargo, se hará uno en abril y como evidencia de gestión se adjunta la solicitud a comunicaciones para la divulgación del taller y el formato de requisitos para los participantes que es diligenciado por los expertos técnicos que imparten el taller. Observaciones: N/A Soportes: Se relacionan a continuación los soportes de los avances de gestión para este mes: 1) Solicitud de comunicación – INM 2) Requisitos para el taller de Metrología de Dureza - RCM | W6: OK | X6: 34 | Y6: SSMRC Avance en cuantitativo: 34 Para este mes se reportan 34 laboratorios acreditados correspondiente a los dos (2) talleres realizados en el marco de la para la Red Colombiana de Metrología así: 1- Taller en Metrología de Dureza (20 de abril de 2022) que fue en modalidad presencial 2- Taller sobre implementación de la ISO 17034:2016 (Del 26 al 29 de abril de 2022) que fue en modalidad virtual De estos dos (2) talleres se atendieron un total de 47 Laboratorios, de los cuales 34 son Acreditados que se contabilizan para el indicador sinergia y 13 No acreditados que suman al cuadernillo territorial. Soportes: Se relacionan a continuación los soportes de los avances para este mes: (Enumerar los soportes que se relacionan en el link Drive) 1. Lista de asistencia al Taller _Implementación de la ISO 17034 2022-04-26 2. Lista de asistencia al Taller _Implementación de la ISO 17034 2022-04-27 3. Lista de asistencia al Taller _Implementación de la ISO 17034 2022-04-28 4. Lista de asistencia al Taller _Implementación de la ISO 17034 2022-04-29 5. Listado de asistencia Taller en Metrología de Dureza 20 abril 2022 6. Metas Indicador Sinergia Abril 2022 | Z6: OK | AA6: 0 | AB6: SSMRC Avance en cuantitativo: N/A Para el presente mes no se reportan laboratorios acreditados, dado que no se realizaron talleres en el marco de la Red Colombiana de Metrología, no se prestaron servicios de Asistencia Técnica y no se cerraron Ensayos de Aptitud, sin embargo se relaciona el presente avance de gestión: Red Colombiana de Metrología: Se realizó la solicitud a Comunicaciones para el taller a realizar en Automatización: "Generalidades para adquisición de datos en instrumentos de medición" a través de comunicación serial RS-232 con fecha de inscripción hasta el próximo 13 de junio. Asistencia Técnica: A la fecha asistencia técnica está ejecutado el servicio de asesoría Metrológica contratado por ONUDI para cuatro laboratorios y su realización se da acorde con la disponibilidad del laboratorio y los expertos técnicos del INM Ensayos de Aptitud: Se envió el informe preliminar a los participantes inscritos del EA 21-INM-EA-10 "Determinación de Plomo en Pinturas". De igual manera se informa que para el CUADERNILLO TERRITORIAL no se reportan laboratorios no acreditados. Desde la Red Colombiana de Metrología no se realizó ningún taller dode se hayan atendido laboratorios acreditados ni no acreditados. | AC6: OK | AD6: 10 | AE6: SSMRC Avance en cuantitativo: 10 Para este mes se reporta diez (10) laboratorios acreditados así: Ensayos de Aptitud junio: Para este mes se culminó el Ensayo de Aptitud para la Determinación de Plomo en Pinturas. Donde participaron 5 Laboratorios de los cuales 1 es acreditados y 4 no acreditados. Evidencia: - Informe Final Pb en Pintura 2022-06-23 firmado LG - Metas Indicador Sinergia y Cuadernillo-junio Red Colombiana de Metrología (RCM) junio: De parte de la RCM reportamos que se elaboró el taller "Generalidades para Adquisición de datos en instrumentos de medición a través de comunicación serial RS-232" que fue en modalidad virtual el cual tuvo un alcance de: 11 laboratorios impactados 9 Acreditados 2 No Acreditados 3 de Bogotá, Cundinamarca 3 de Cartagena, Bolívar 1 de Bucaramanga, Santander 1 de Piedecuesta, Santander 2 de Medellín, Antioquia 1 de Sabaneta, Antioquia Evidencias: - Lista de asistencia al taller - Evaluación de satisfacción del servicio de actividades de divulgación de la RCM -Metas Indicador Sinergia y Cuadernillo-junio Avance de gestión: Asistencia Técnica: A la fecha del reporte asistencia técnica continúa prestando el servicio de asesoría metrológica-SAM- con los cuatro laboratorios objeto de este servicio con base en el plan de trabajo concertado, los avances ejecutados por cada laboratorio y la disponibilidad para la realización de actividades, los laboratorios serán reportados una vez se concluya la prestación del SAM. Por otro lado, para el cuadernillo territorial se reportan seis (6) laboratorios No acreditados. | AF6: OK | AG6: 9 | AH6: SSMRC Avance en cuantitativo: 9 Para este mes se reportan 9 laboratorios acreditados para el Indicador Sinergia y 1 laboratorio no acreditado para el cuadernillo terrriotorial. Para este mes se culminó el Ensayo de aptitud para la Calibración de termómetro Digital. Donde participaron 10 Laboratorios de los cuales 9 son acreditados y 1 no acreditado. Soportes: -Invitación reunión de cierre INM-EA-09 -Lista de Asistencia - Reunión de cierre EA 21-INM-EA-09 -Presentación de cierre-EA calibración termómetro digital 2022-07-29 -Metas Indicador Sinergia y Cuadernillo-julio-EA Avances de gestión: Asistencia Técnica: A la fecha del reporte asistencia técnica continúa prestando el servicio de asesoría metrológica-SAM- con cuatro laboratorios con los cuales se han ejecutado horas de acuerdo al plan de trabajo individual concertado, los laboratorios serán reportados una vez se concluya la prestación del SAM. Red Colombiana de Metrología: En el cronograma de eventos y talleres de la RCM no hay programado ningún otro taller en lo que queda de la vigencia, sólo quedan pendientes eventos los cuales no se contabilizan para el reporte del indicador de sinergia y cuadernillo territorial; es decir que a partir del presente mes (julio) no se realizaran más reportes en talleres realizados en el marco de la RCM. Sin embargo, es posible que pueda llegar a salir un taller que no esté programado, pero eso dependerá de las actividades de las áreas misionales del INM por lo que no existe ninguna gestión por realizar, por ahora, con relación a este indicador. De realizarse se informará y se entregará el reporte y soportes correspondientes. | AI6: OK | AJ6: 1 | AK6: SSMRC Avance en cuantitativo: 1 Para este mes se reporta 1 laboratorio acreditado para el Indicador Sinergia y no hay reporte para el cuadernillo territorial (laboratorios no acreditados). Donde se culminó el Ensayo de Aptitud para la calibración de bloques patrón, donde participó un (1) laboratorio acreditado. Soportes: - Informe final EA Bloques Patrón 22-INM-EA-09 Firmado - Metas Indicador Sinergia y Cuadernillo agosto(Excel) Avances de gestión: Asistencia Técnica: A la fecha del reporte asistencia técnica continúa prestando el servicio de asesoría metrológica-SAM- con cuatro laboratorios, para el momento de este reporte la ejecución del servicio está sobre el 70 % de las horas asignadas, se continúan con reuniones y acompañamientos de acuerdo con lo planificado en el servicio y se está planificando con cada laboratorio la verificación final de la implementación de cada hoja de ruta o plan de trabajo. Red Colombiana de Metrología: En el cronograma de eventos y talleres de la RCM no hay programado ningún otro taller en lo que queda de la vigencia. | AL6: OK | AM6: 0 | AN6: SSMRC Avance en cuantitativo: 0 Se relacionan avances de gestión para el indicador sinergia: Ensayos de Aptitud: septiembre: Para este mes se culminó el Ensayo de Aptitud 22-INM-EA-08 Calibración de una balanza - Magnitud Masa, sin embargo, el informe será reportado para el próximo mes dado que aun el cliente no ha pagado y no es posible hasta que esto no ocurra la entrega del documento y el cierre del ensayo. En donde participó un (1) laboratorio acreditado, sin embargo, este no se contabiliza dado que es un laboratorio acreditado fuera del País. Evidencia: - Presentación de reunión de cierre EA 2022-09-27 - Listado de asistencia reunión de cierre EA Bilateral Calibración de IPFNA (2022-09-27) -Metas Indicador Sinergia y Cuadernillo-septiembre-EA Asistencia Técnica: A la fecha del reporte asistencia técnica continúa prestando el servicio de asesoría metrológica-SAM- con cuatro laboratorios: -Para el momento de este reporte la ejecución del servicio está sobre el 80 % de las horas asignadas. -Se continúan con reuniones y acompañamientos en el componente técnico tanto en lo documental como en lo práctico. -Se planificó y validó con cada laboratorio la disponibilidad en cuanto a la verificación final de la implementación de cada hoja de ruta o plan de trabajo. Red Colombiana de Metrología: De parte de la RCM no se han realizado talleres que aporten a este indicador. | AO6: OK | AP6: 8 | AQ6: SSMRC Avance en cuantitativo: 8 Para este mes se reportan ocho (8) laboratorios aacreditados para el indicador sinergía, desagregados de la siguiente manera: Ensayos de Aptitud: Para este mes se culminaron dos (2) Ensayo de Aptitud: 1. Ensayo de aptitud para la calibración de un recipiente volumétrico de 20 litros con código 22-INM-EA-01, con 3 laboratorios acreditados 2. Ensayo de Aptitud para la calibración de una Regla Graduada 22-INM-EA-02, con 2 laboratorios acreditados Para un total de cinco (5) laboratorios acreditados. Evidencia: -Informe final EA Reglas Graduadas 22-INM-EA-02 Firmado -Informe final EA Volumen 22-INM-EA-01 2022-10-14 firmado - Metas Indicador Sinergia y Cuadernillo-octubre 2022 Nota: En el mes anterior se culminó el Ensayo de aptitud bilateral para la calibración de Instrumento de Pesaje de Funcionamiento No Automático (IPFNA) con código 22-INM-EA-08, y en este reporte se adjunta el informe final . Evidencia: -Informe final_EA Bilateral Masa 22-INM-EA-08_2022-10-18 Firmado Red Colombiana de Metrología: Durante el mes de octubre se realizó el taller para proveedores de ensayos de aptitud: socialización de herramientas estadísticas robustas para la determinación de valor asignado en el cual participaron 9 laboratorios (3 acreditados y 6 no acreditados): Evidencias: - Listado de asistencia taller EA - Metas Indicador Sinergia y Cuadernillo-octubre 2022 Avance en gestión: Desde Asistencia Tecnica se relaciona el siguiente avance: a la fecha del reporte asistencia técnica continúa prestando el servicio de asesoría metrológica-SAM- con cuatro laboratorios: -La ejecución del servicio está sobre el 90 % de las horas asignadas, -Se continúan con reuniones y acompañamientos en el componente técnico tanto en lo documental como en lo práctico -Se realizó a uno de los cuatro laboratorios la verificación final de la hoja de ruta o plan de trabajo. Por otro lado, para el cuadernillo territorial (Laboratorios no acreditados) se reporta un total de 11 Laboratorios, seis (6) pertenecientes al taller de la RCM y cinco (5) a Ensayos de Aptitud, como se pueden identificar en el excel adjunto. | AR6: OK | AS6: 4 | AT6: SSMRC Para este mes se reportan cuatro (4) laboratorios aacreditados para el indicador sinergía, desagregados de la siguiente manera: Ensayos de Aptitud: Para este mes se culminó el Ensayo de Aptitud de torcómetro de indicación digital 22-INM-EA-05, donde participaron dos (2) laboratorios acreditados. Evidencia: - Informe Final 22-INM-EA-05 Firmado - Metas Indicador Sinergia y Cuadernillo-noviembre 2022 Asistencia Técnica: Se reportan dos (2) laboratorios acreditados en el registro de Excel con quienes se concluyó el servicio de asesoría metrológica que se ha estado reportando. Evidencia: - Metas Indicador Sinergia y Cuadernillo-noviembre 2022 Red Colombiana de Metrología: No se realizó ningún taller durante el mes de noviembre. Así mismo, no se tiene programado ya ninguno durante lo que queda de vigencia. Avance en gestión: Desde Asistencia Tecnica se relaciona el siguiente avance: La ejecución del servicio está sobre el 90 % de las horas asignadas -Se continúan con reuniones y acompañamientos en el componente técnico tanto en lo documental como en lo práctico -Se está a la espera de la verificación final de la hoja de ruta o plan de trabajo. Por otro lado, para el cuadernillo territorial (Laboratorios no acreditados) se reporta un total de un (1) Laboratorio, (1) Ensayos de Aptitud, como se pueden identificar en el excel adjunto. | AU6: OK | AV6: 4 | AW6: SSMRC Avance en cuantitativo: 4 Para este mes se reportan 4 Laboratorios acreditados de 2 cierres de Ensayos de Aptitud los cuales conntabilizan para el indicador sinergia y se relacionan de la siguiente manera: 1.22-INM-EA-06 Ensayo de aptitud para la calibración de Espectrofotómetro UV-Vis. Con cuatro (4) laboratorios acreditados Evidencia: - Informe Final Espectrofotometro 2022-12-21 Firmado - 22-INM-EA-04 Informe Final SARS-CoV-2 2022-12-23_firmado - Metas Indicador Sinergia y Cuadernillo-diciembre 2022 Por otro lado, se realiza el reporte de los laboratorios no acreditados los cuales contabilizan para el cuadernillo territorial así: Asistencia Técnica: Se realizo el cierre del servicio de asesoría con los laboratorios ICA, sin embargo, los dos (2) laboratorios del servicios no son acreditados. Evidencias: - Correo INM - Informe de verificación AT ONUDI ICA-reunión - Correo INM - Informe de verificación AT ONUDI ICA - Acta de reunión de cierre-ICA -Metas Indicador Sinergia y Cuadernillo-diciembre 2022 Ensayos de Aptitud: 1.22-INM-EA-06 Ensayo de aptitud para la calibración de Espectrofotómetro UV-Vis. Con dos (2) no acreditados. 2.22-INM-EA-04 ENSAYO DE APTITUD PARA LA DETECCIÓN DE SARS-CoV-2 POR RT-Qpcr. Con ciento diez (110) Lab. No acreditados. Evidencia: - Informe Final Espectrofotometro 2022-12-21 Firmado - 22-INM-EA-04 Informe Final SARS-CoV-2 2022-12-23_firmado - Metas Indicador Sinergia y Cuadernillo-diciembre 2022 Total de reporte para cuadernillo territorial: 114 | AX6: OK | AY6: https://drive.google.com/drive/folders/16isBrJhATjDBf7hOH90mL0ZG_CQHdvg1?usp=sharing
